Workbook

Sheet FINANCE
B1: ='2020 2021 ADJU BUDGET SUMMARY'!J24 -> -58996.246 | C1: ='2020 2021 ADJU BUDGET SUMMARY'!J24 -> -58996.246
A2: 2020/2021 APPROVED ADJUSTED BUDGET (BUDGET AND TREASURY OFFICE)
A3: ACCOUNT NUMBER | B3: ACCOUNT DESCRIPTION | C3: 2020/2021 Draft Budget | D3: Consultation Changes | E3: 2020/2021 Final Budget | F3: Adjustments | G3: 2020/2021 First Adjusted Budget | H3: Adjustments | I3: 2020/2021 Second Adjusted Budget | J3: 2021/2022 Outer Year One | K3: 2022/2023 Outer Year Two | L3: Total Expenditure as at 31 January 2021 | M3: Pending Amount | N3: Available budget After Adjustment
A5: FINANCE
A6: REVENUE
A7: Interest, Dividend and Rent on Land
A8: D0001/IR01061/F2495/X049/R0105/001/FIN | B8: Interest Earned on Short Term Investments | C8: -11000000 | E8: =C8+D8 -> -11000000 | G8: =E8+F8 -> -11000000 | H8: 5000000 | I8: =G8+H8 -> -6000000 | J8: =C8*104.6% -> -11506000 | K8: =J8*104.6% -> -12035276 | L8: -3082182.2 | N8: =I8-L8-M8 -> -2917817.8
A9: D0001/IR01068/F2494/X049/R0106/001/FIN | B9: Interest on Outstanding Debtors | C9: -800000 | E9: =C9+D9 -> -800000 | G9: =E9+F9 -> -800000 | H9: -70926.24 | I9: =G9+H9 -> -870926.24 | J9: =C9*104.6% -> -836800 | K9: =J9*104.6% -> -875292.8 | L9: -517655.79 | N9: =I9-L9-M9 -> -353270.45
A10: Total | C10: =SUM(C8:C9) -> -11800000 | D10: =SUM(D8:D9) -> 0 | E10: =SUM(E8:E9) -> -11800000 | F10: =SUM(F8:F9) -> 0 | G10: =SUM(G8:G9) -> -11800000 | H10: =SUM(H8:H9) -> 4929073.8 | I10: =SUM(I8:I9) -> -6870926.2 | J10: =SUM(J8:J9) -> -12342800 | ... N10: =SUM(N8:N9) -> -3271088.3
A12: Licences or Permits
A13: D0001/IR01410/F0044/X049/R0106/001/FIN | B13: Business Licensing | C13: -1000 | E13: =C13+D13 -> -1000 | G13: =E13+F13 -> -1000 | H13: -500 | I13: =G13+H13 -> -1500 | J13: =C13*104.6% -> -1046 | K13: =J13*104.6% -> -1094.116 | L13: -1370 | N13: =I13-L13-M13 -> -130
A14: Total | C14: =SUM(C13) -> -1000 | D14: =SUM(D13) -> 0 | E14: =SUM(E13) -> -1000 | F14: =SUM(F13) -> 0 | G14: =SUM(G13) -> -1000 | H14: =SUM(H13) -> -500 | I14: =SUM(I13) -> -1500 | J14: =SUM(J13) -> -1046 | ... N14: =SUM(N13) -> -130
A16: Operational Revenue | E16: =C16+D16 -> 0
A17: D0001/IR01411/F0045/X049/R0105/001/FIN | B17: Administrative Handling | C17: -300000 | E17: =C17+D17 -> -300000 | G17: =E17+F17 -> -300000 | H17: 100000 | I17: =G17+H17 -> -200000 | J17: =C17*104.6% -> -313800 | K17: =J17*104.6% -> -328234.8 | N17: =I17-L17-M17 -> -200000
A18: D0001/IR01420/F0045/X049/R0105/001/FIN | B18: Insurance Refund | C18: -50000 | E18: =C18+D18 -> -50000 | G18: =E18+F18 -> -50000 | H18: -300000 | I18: =G18+H18 -> -350000 | J18: =C18*104.6% -> -52300 | K18: =J18*104.6% -> -54705.8 | L18: -321844.17 | N18: =I18-L18-M18 -> -28155.83
A19: D0001/IR01424/F0045/X049/R0105/001/FIN | B19: Skills Development Levy Refund | C19: -100000 | E19: =C19+D19 -> -100000 | G19: =E19+F19 -> -100000 | I19: =G19+H19 -> -100000 | J19: =C19*104.6% -> -104600 | K19: =J19*104.6% -> -109411.6 | N19: =I19-L19-M19 -> -100000
A20: Total | C20: =SUM(C17:C19) -> -450000 | D20: =SUM(D17:D19) -> 0 | E20: =SUM(E17:E19) -> -450000 | F20: =SUM(F17:F19) -> 0 | G20: =SUM(G17:G19) -> -450000 | H20: =SUM(H17:H19) -> -200000 | I20: =SUM(I17:I19) -> -650000 | J20: =SUM(J17:J19) -> -470700 | ... N20: =SUM(N17:N19) -> -328155.83
E21: =C21+D21 -> 0
A22: Rental from Fixed Assets | E22: =C22+D22 -> 0
A23: D0001/IR01221/F0045/X049/R0106/001/FIN | B23: HALL HIRE | C23: -5000 | E23: =C23+D23 -> -5000 | G23: =E23+F23 -> -5000 | I23: =G23+H23 -> -5000 | J23: =C23*104.6% -> -5230 | K23: =J23*104.6% -> -5470.58 | L23: -3000 | N23: =I23-L23-M23 -> -2000
A24: D0001/IR01265/F0046/X049/R0105/001/FIN | B24: Rental Income | C24: -600000 | E24: =C24+D24 -> -600000 | G24: =E24+F24 -> -600000 | H24: 92045.48 | I24: =G24+H24 -> -507954.52 | J24: =C24*104.6% -> -627600 | K24: =J24*104.6% -> -656469.6 | L24: -296096.8 | N24: =I24-L24-M24 -> -211857.72
A25: Total | C25: =SUM(C23:C24) -> -605000 | D25: =SUM(D23:D24) -> 0 | E25: =SUM(E23:E24) -> -605000 | F25: =SUM(F23:F24) -> 0 | G25: =SUM(G23:G24) -> -605000 | H25: =SUM(H23:H24) -> 92045.48 | I25: =SUM(I23:I24) -> -512954.52 | J25: =SUM(J23:J24) -> -632830 | ... N25: =SUM(N23:N24) -> -213857.72
E26: =C26+D26 -> 0
A27: Sales of Goods and Rendering of Services | E27: =C27+D27 -> 0
A28: D0001/IR01113/F0047/X049/R0106/001/FIN | B28: Sale of Tender Documents | C28: -100000 | E28: =C28+D28 -> -100000 | G28: =E28+F28 -> -100000 | H28: -400000 | I28: =G28+H28 -> -500000 | J28: =C28*104.6% -> -104600 | K28: =J28*104.6% -> -109411.6 | L28: -404782.19 | N28: =I28-L28-M28 -> -95217.81
A29: D0001/IR01429/F0047/X049/R0106/001/FIN | B29: Building Plan Approval | C29: -2000 | E29: =C29+D29 -> -2000 | G29: =E29+F29 -> -2000 | H29: 1000 | I29: =G29+H29 -> -1000 | J29: =C29*104.6% -> -2092 | K29: =J29*104.6% -> -2188.232 | L29: 0 | N29: =I29-L29-M29 -> -1000
A30: D0001/IR01435/F0045/X049/R0105/001/FIN | B30: Clearance Certificates | C30: -1000 | E30: =C30+D30 -> -1000 | G30: =E30+F30 -> -1000 | H30: -4000 | I30: =G30+H30 -> -5000 | J30: =C30*104.6% -> -1046 | K30: =J30*104.6% -> -1094.116 | L30: -3000 | N30: =I30-L30-M30 -> -2000
A31: D0001/IR01451/F0001/X049/R0105/001/FIN | B31: Hiring of plant and Equipment | C31: -5000 | E31: =C31+D31 -> -5000 | G31: =E31+F31 -> -5000 | H31: 3000 | I31: =G31+H31 -> -2000 | J31: =C31*104.6% -> -5230 | K31: =J31*104.6% -> -5470.58 | N31: =I31-L31-M31 -> -2000
A32: D0001/IR05707/F4441/X049/R0106/001/FIN | B32: Grant from Ilembe | C32: 0 | E32: =C32+D32 -> 0 | G32: =E32+F32 -> 0 | I32: =G32+H32 -> 0 | J32: =C32*104.6% -> 0 | K32: =J32*104.6% -> 0 | N32: =I32-L32 -> 0
A33: Total | C33: =SUM(C28:C32) -> -108000 | D33: =SUM(D28:D32) -> 0 | E33: =SUM(E28:E32) -> -108000 | F33: =SUM(F28:F32) -> 0 | G33: =SUM(G28:G32) -> -108000 | H33: =SUM(H28:H32) -> -400000 | I33: =SUM(I28:I32) -> -508000 | J33: =SUM(J28:J32) -> -112968 | ... N33: =SUM(N28:N32) -> -100217.81
E34: =C34+D34 -> 0
A35: Property Rates | E35: =C35+D35 -> 0
A36: D0001/IR01038/F2496/X049/R0105/001/FIN | B36: Property Rates:Communal Land:Business and Commercial | C36: -2862112.5 | E36: =C36+D36 -> -2862112.5 | G36: =E36+F36 -> -2862112.5 | I36: =G36+H36 -> -2862112.5 | J36: =C36*104.6% -> -2993769.7 | K36: =J36*104.6% -> -3131483.1 | L36: -1183251.2 | N36: =I36-L36-M36 -> -1678861.3
A37: D0001/IR01040/F0001/X049/R0105/001/FIN | B37: Property Rates (Communal Land:Other) | C37: 0 | E37: =C37+D37 -> 0 | G37: =E37+F37 -> 0 | I37: =G37+H37 -> 0 | J37: =C37*104.6% -> 0 | K37: =J37*104.6% -> 0 | L37: 0 | N37: =I37-L37-M37 -> 0
A38: D0001/IR01043/F2496/X049/R0106/001/FIN | B38: Property Rates (Farm Properties:Agricultural Purposes) | C38: -1030727.7 | E38: =C38+D38 -> -1030727.7 | G38: =E38+F38 -> -1030727.7 | I38: =G38+H38 -> -1030727.7 | J38: =C38*104.6% -> -1078141.1 | K38: =J38*104.6% -> -1127735.6 | L38: -1259181 | N38: =I38-L38-M38 -> 228453.35
A39: D0001/IR01048/F2496/X049/R0106/001/FIN | B39: Property Rates (Farm Properties:Residential Properties) | C39: -274010.16 | E39: =C39+D39 -> -274010.16 | G39: =E39+F39 -> -274010.16 | I39: =G39+H39 -> -274010.16 | J39: =C39*104.6% -> -286614.63 | K39: =J39*104.6% -> -299798.9 | L39: -182279.2 | N39: =I39-L39-M39 -> -91730.96
A40: D0001/IR01481/F0001/X049/R0106/001/FIN | B40: Property Rates (Agricultural Property) | C40: -613.08 | E40: =C40+D40 -> -613.08 | G40: =E40+F40 -> -613.08 | I40: =G40+H40 -> -613.08 | J40: =C40*104.6% -> -641.28168 | K40: =J40*104.6% -> -670.78064 | L40: 0 | N40: =I40-L40-M40 -> -613.08
A41: D0001/IR01484/F2496/X049/R0106/001/FIN | B41: Property Rates (Industrial Properties) | C41: -39140 | E41: =C41+D41 -> -39140 | G41: =E41+F41 -> -39140 | I41: =G41+H41 -> -39140 | J41: =C41*104.6% -> -40940.44 | K41: =J41*104.6% -> -42823.7 | L41: -31497.71 | N41: =I41-L41-M41 -> -7642.29
A42: D0001/IR01487/F2496/X049/R0105/001/FIN | B42: Property Rates (Municipal Properties) | C42: -26537.02 | E42: =C42+D42 -> -26537.02 | G42: =E42+F42 -> -26537.02 | I42: =G42+H42 -> -26537.02 | J42: =C42*104.6% -> -27757.723 | K42: =J42*104.6% -> -29034.578 | L42: -1830.93 | N42: =I42-L42-M42 -> -24706.09
A43: D0001/IR01494/F0001/X049/R0106/001/FIN | B43: Property Rates (Special Rating Area) | C43: -7860 | E43: =C43+D43 -> -7860 | G43: =E43+F43 -> -7860 | I43: =G43+H43 -> -7860 | J43: =C43*104.6% -> -8221.56 | K43: =J43*104.6% -> -8599.7518 | L43: 0 | N43: =I43-L43-M43 -> -7860
A44: D0001/IR01496/F2496/X049/R0106/001/FIN | B44: Property Rates (State-owned Properties) | C44: -14747935 | E44: =C44+D44 -> -14747935 | G44: =E44+F44 -> -14747935 | I44: =G44+H44 -> -14747935 | J44: =C44*104.6% -> -15426340 | K44: =J44*104.6% -> -16135951 | L44: -14623856 | N44: =I44-L44-M44 -> -124078.35
A45: D0001/IR01493/F0001/X049/R0105/001/FIN | B45: Default Transactions/Public Service Infrastru/Non-funding Transactions/Finance/Administrative or Head O/Default/FINANCE | G45: 0 | L45: -125.44 | N45: =I45-L45-M45 -> 125.44
A46: O3612/IR01481/F0001/X049/R5253/001/FIN | B46: Property Rates (Rebate) | C46: 0 | E46: =C46+D46 -> 0 | G46: =E46+F46 -> 0 | I46: =G46+H46 -> 0 | J46: =C46*104.6% -> 0 | K46: =J46*104.6% -> 0 | L46: 691782.91 | N46: =I46-L46-M46 -> -691782.91
A47: Total | C47: =SUM(C36:C46) -> -18988935 | D47: =SUM(D36:D46) -> 0 | E47: =SUM(E36:E46) -> -18988935 | F47: =SUM(F36:F46) -> 0 | G47: =SUM(G36:G46) -> -18988935 | H47: =SUM(H36:H46) -> 0 | I47: =SUM(I36:I46) -> -18988935 | J47: =SUM(J36:J46) -> -19862426 | ... N47: =SUM(N36:N46) -> -2398696.2
E48: =C48+D48 -> 0
A49: Transfers and Subsidies | E49: =C49+D49 -> 0
A50: D0001/IR02318/F1177/X049/R0105/001/FIN | B50: FMG | C50: -2800000 | E50: =C50+D50 -> -2800000 | G50: =E50+F50 -> -2800000 | I50: =G50+H50 -> -2800000 | J50: -3100000 | K50: -3200000 | L50: -1773925.9 | N50: =I50-L50-M50 -> -1026074.1
A51: D0001/IR02344/F0041/X049/R0105/001/FIN | B51: National Revenue Fund (Equitable Share) | C51: -158224000 | E51: =C51+D51 -> -158224000 | G51: =E51+F51 -> -158224000 | I51: =G51+H51 -> -158224000 | J51: -169850000 | K51: -179768000 | L51: -148445000 | N51: =I51-L51-M51 -> -9779000
A52: Total | C52: =SUM(C50:C51) -> -161024000 | E52: =SUM(E50:E51) -> -161024000 | F52: =SUM(F50:F51) -> 0 | G52: =SUM(G50:G51) -> -161024000 | H52: =SUM(H50:H51) -> 0 | I52: =SUM(I50:I51) -> -161024000 | J52: =SUM(J50:J51) -> -172950000 | K52: =SUM(K50:K51) -> -182968000 | L52: =SUM(L50:L51) -> -1.5021893e+08 | ... N52: =SUM(N50:N51) -> -10805074
E53: =C53+D53 -> 0
A54: TOTAL REVENUE | C54: =C52+C47+C33+C25+C20+C14+C10 -> -1.9297694e+08 | D54: =D52+D47+D33+D25+D20+D14+D10 -> 0 | E54: =E52+E47+E33+E25+E20+E14+E10 -> -1.9297694e+08 | F54: =F52+F47+F33+F25+F20+F14+F10 -> 0 | G54: =G52+G47+G33+G25+G20+G14+G10 -> -1.9297694e+08 | H54: =H52+H47+H33+H25+H20+H14+H10 -> 4420619.2 | I54: =I52+I47+I33+I25+I20+I14+I10 -> -1.8855632e+08 | J54: =J52+J47+J33+J25+J20+J14+J10 -> -2.0637277e+08 | ... N54: =N52+N47+N33+N25+N20+N14+N10 -> -17117220
E55: =C55+D55 -> 0
E56: =C56+D56 -> 0
A57: EXPENDITURE | E57: =C57+D57 -> 0
A58: Depreciation and Amortisation | E58: =C58+D58 -> 0 | G58: =E58+F58 -> 0
A59: O0001/IE00030/F0001/X049/R0106/001/FIN | B59: Depreciation, Amortization & Impairment (Computer Software) | C59: 183153.18 | E59: =C59+D59 -> 183153.18 | G59: =E59+F59 -> 183153.18 | H59: -12750.867 | I59: =G59+H59 -> 170402.31 | J59: 55828.69 | K59: 0 | L59: 98929.78 | N59: =I59-L59-M59 -> 71472.533
A60: O0001/IE00709/F0001/X049/R0106/001/FIN | B60: Depreciation, Amortisation & Impairment (Computer) | C60: 1197648.2 | E60: =C60+D60 -> 1197648.2 | G60: =E60+F60 -> 1197648.2 | H60: -31996.113 | I60: =G60+H60 -> 1165652.1 | J60: =C60*104.6% -> 1252740 | K60: =J60*104.6% -> 1310366.1 | L60: 676737.92 | N60: =I60-L60-M60 -> 488914.19
A61: O0001/IE00711/F0001/X049/R0106/001/FIN | B61: Depreciation, Amortisation & Impairment (Furniture) | C61: 403628.19 | E61: =C61+D61 -> 403628.19 | G61: =E61+F61 -> 403628.19 | H61: 328455.67 | I61: =G61+H61 -> 732083.86 | J61: =C61*104.6% -> 422195.09 | K61: =J61*104.6% -> 441616.07 | L61: 425022.96 | N61: =I61-L61-M61 -> 307060.9
A62: O0001/IE00715/F0001/X049/R0106/001/FIN | B62: Depreciation, Amortisation & Impairment (Machinery) | C62: 1095118.6 | E62: =C62+D62 -> 1095118.6 | G62: =E62+F62 -> 1095118.6 | H62: -91180.28 | I62: =G62+H62 -> 1003938.3 | J62: =C62*104.6% -> 1145494 | K62: =J62*104.6% -> 1198186.8 | L62: 582852.39 | N62: =I62-L62-M62 -> 421085.91
A63: O0001/IE00723/F0001/X049/R0106/001/FIN | B63: Depreciation,Amortisation & Impairment (Transport) | C63: 1931092 | E63: =C63+D63 -> 1931092 | G63: =E63+F63 -> 1931092 | H63: 76072.823 | I63: =G63+H63 -> 2007164.8 | J63: =C63*104.6% -> 2019922.2 | K63: =J63*104.6% -> 2112838.6 | L63: 1165291.5 | N63: =I63-L63-M63 -> 841873.26
A64: O0001/IE07587/F0001/X049/R0106/001/FIN | B64: Depreciation, Amortization & Impairment (Road) | C64: 11518717 | E64: =C64+D64 -> 11518717 | G64: =E64+F64 -> 11518717 | H64: 565781.34 | I64: =G64+H64 -> 12084499 | J64: =C64*104.6% -> 12048578 | K64: =J64*104.6% -> 12602813 | L64: 7015848.4 | N64: =I64-L64-M64 -> 5068650.3
A65: O0001/IE07606/F0001/X049/R0106/001/FIN | B65: Depreciation, Amortization & Impairment (Community Assets) | C65: 5663533.3 | E65: =C65+D65 -> 5663533.3 | G65: =E65+F65 -> 5663533.3 | H65: -1191769.8 | I65: =G65+H65 -> 4471763.5 | J65: =C65*104.6% -> 5924055.8 | K65: =J65*104.6% -> 6196562.4 | L65: 2596153.6 | N65: =I65-L65-M65 -> 1875609.9
A66: O0001/IE07625/F0001/X049/R0106/001/FIN | B66: Municipal Running Cost/Municipal Offices/Non-funding Transactions/Property Services/Whole of the Municipalit/Default/FINANCE | G66: 0 | H66: 1073169 | I66: =G66+H66 -> 1073169 | L66: 623045.36 | N66: =I66-L66-M66 -> 450123.61
A67: O0001/IE07560/F0001/X049/R0106/001/FIN | B67: Depreciation, Amortisation & Impairment (Other Assets) | C67: 7109.1809 | E67: =C67+D67 -> 7109.1809 | G67: =E67+F67 -> 7109.1809 | H67: -7109.1809 | I67: =G67+H67 -> 0 | J67: =C67*104.6% -> 7436.2033 | K67: =J67*104.6% -> 7778.2686 | L67: 0 | N67: =I67-L67-M67 -> 0
A68: Total | C68: =SUM(C59:C67) -> 22000000 | D68: =SUM(D59:D67) -> 0 | E68: =SUM(E59:E67) -> 22000000 | F68: =SUM(F59:F67) -> 0 | G68: =SUM(G59:G67) -> 22000000 | H68: =SUM(H59:H67) -> 708672.54 | I68: =SUM(I59:I67) -> 22708673 | J68: =SUM(J59:J67) -> 22876250 | ... N68: =SUM(N59:N67) -> 9524790.6
E69: =C69+D69 -> 0
A70: General Expenditure | E70: =C70+D70 -> 0
B71: Subsistence and Travelling Allowance | E71: =C71+D71 -> 0
A72: O1232-7/IE00143/F0041/X049/R0106/001/FIN | B72: Subsistence, Travelling &Accommodation (Car hire- without operator) | C72: 35000 | E72: =C72+D72 -> 35000 | G72: =E72+F72 -> 35000 | H72: -20000 | I72: =G72+H72 -> 15000 | J72: =C72*104.6% -> 36610 | K72: =J72*104.6% -> 38294.06 | L72: 0 | N72: =I72-L72-M72 -> 15000
A73: O1232-7/IE01581/F1177/X049/R0106/001/FIN | B73: Subsistence,Travelling & Accommodation (Flights) | C73: 85000 | E73: =C73+D73 -> 85000 | G73: =E73+F73 -> 85000 | H73: =-50000-10000 -> -60000 | I73: =G73+H73 -> 25000 | J73: =C73*104.6% -> 88910 | K73: =J73*104.6% -> 92999.86 | L73: 0 | N73: =I73-L73-M73 -> 25000
A74: O0001/IE00144/F0041/X049/R0105/001/FIN | B74: Subsistence and Travelling Allowance (Own Transport) | C74: 70000 | E74: =C74+D74 -> 70000 | G74: =E74+F74 -> 70000 | I74: =G74+H74 -> 70000 | J74: =C74*104.6% -> 73220 | K74: =J74*104.6% -> 76588.12 | L74: 63532 | N74: =I74-L74-M74 -> 6468
A75: O0001/IE00060/F0041/X049/R0106/001/FIN | B75: Subsistence,Travelling & Accommodation (Travel and Subsistence:Domestic:Accommodation) | C75: 95000 | E75: =C75+D75 -> 95000 | G75: =E75+F75 -> 95000 | H75: 150000 | I75: =G75+H75 -> 245000 | J75: =C75*104.6% -> 99370 | K75: =J75*104.6% -> 103941.02 | L75: 234216.83 | N75: =I75-L75-M75 -> 10783.17
A76: O1232-10/IE00059/F1177/X049/R0105/001/FIN | B76: Conferences/Training (Registration Fees:Seminars, Conferences, Workshops and Events:National) | C76: 100000 | E76: =C76+D76 -> 100000 | G76: =E76+F76 -> 100000 | H76: =-50000-10000-9991 -> -69991 | I76: =G76+H76 -> 30009 | J76: =C76*104.6% -> 104600 | K76: =J76*104.6% -> 109411.6 | L76: 9 | N76: =I76-L76-M76 -> 30000
C77: 0 | E77: =C77+D77 -> 0 | G77: =E77+F77 -> 0 | I77: =G77+H77 -> 0 | J77: =C77*104.6% -> 0 | K77: =J77*104.6% -> 0 | L77: 0 | N77: =I77-L77-M77 -> 0
A78: O0001/IE00759/F0041/X049/R0106/001/FIN | B78: Bank Charges (Bank charges) | C78: 120000 | E78: =C78+D78 -> 120000 | G78: =E78+F78 -> 120000 | H78: =80000+10000+6120+10000+9991 -> 116111 | I78: =G78+H78 -> 236111 | J78: =C78*104.6% -> 125520 | K78: =J78*104.6% -> 131293.92 | L78: 131301.94 | N78: =I78-L78-M78 -> 104809.06
C79: 0 | E79: =C79+D79 -> 0 | G79: =E79+F79 -> 0 | I79: =G79+H79 -> 0 | J79: =C79*104.6% -> 0 | K79: =J79*104.6% -> 0 | N79: =I79-L79-M79 -> 0
B80: Computer Software, Programs and Licences | C80: 0 | E80: =C80+D80 -> 0 | G80: =E80+F80 -> 0 | I80: =G80+H80 -> 0 | J80: =C80*104.6% -> 0 | K80: =J80*104.6% -> 0 | N80: =I80-L80-M80 -> 0
A81: O1232-7/IE00060/F1177/X049/R0105/001/FIN | B81: Computer Software, Programs and Licences (Accommodation, travel - millage, flights) | C81: 90000 | E81: =C81+D81 -> 90000 | G81: =E81+F81 -> 90000 | H81: -90000 | I81: =G81+H81 -> 0 | J81: =C81*104.6% -> 94140 | K81: =J81*104.6% -> 98470.44 | N81: =I81-L81-M81 -> 0
A82: O0001/IE00792/F1177/X049/R0105/001/FIN | B82: Computer Software, Programs and Licences (Caseware, Asset Management System, Promis Support, Payday and Sage evolution) | C82: 850000 | E82: =C82+D82 -> 850000 | G82: =E82+F82 -> 850000 | H82: 50000 | I82: =G82+H82 -> 900000 | J82: =C82*104.6% -> 889100 | K82: =J82*104.6% -> 929998.6 | L82: 771993.04 | N82: =I82-L82-M82 -> 128006.96
A83: O0001/IE00835/F0041/X049/R0105/001/FIN | B83: Computer Software, Programs and Licences (Consultant fee - Support) | C83: 3200000 | E83: =C83+D83 -> 3200000 | G83: =E83+F83 -> 3200000 | H83: 120000 | I83: =G83+H83 -> 3320000 | J83: =C83*104.6% -> 3347200 | K83: =J83*104.6% -> 3501171.2 | L83: 2258856.6 | N83: =I83-L83-M83 -> 1061143.4
C84: 0 | E84: =C84+D84 -> 0 | G84: =E84+F84 -> 0 | I84: =G84+H84 -> 0 | J84: =C84*104.6% -> 0 | K84: =J84*104.6% -> 0 | L84: 0 | N84: =I84-L84-M84 -> 0
A85: O0001/IZ00041/F0001/X049/R0105/001/FIN | B85: Debt Impairment Provision | C85: 2500000 | E85: =C85+D85 -> 2500000 | G85: =E85+F85 -> 2500000 | I85: =G85+H85 -> 2500000 | J85: =C85*104.6% -> 2615000 | K85: =J85*104.6% -> 2735290 | L85: 1178914.9 | N85: =I85-L85-M85 -> 1321085.1
A86: O0001/IE00567/F0041/X049/R0106/001/FIN | B86: External Audit fees (Audit Fees - AG) | C86: 1500000 | E86: =C86+D86 -> 1500000 | G86: =E86+F86 -> 1500000 | I86: =G86+H86 -> 1500000 | J86: =C86*104.6% -> 1569000 | K86: =J86*104.6% -> 1641174 | L86: 311045.37 | N86: =I86-L86-M86 -> 1188954.6
A87: O0001/IE00804/F0041/X049/R0106/001/FIN | B87: Insurance (Insurance) | C87: 1300000 | E87: =C87+D87 -> 1300000 | G87: =E87+F87 -> 1300000 | H87: 100000 | I87: =G87+H87 -> 1400000 | J87: =C87*104.6% -> 1359800 | K87: =J87*104.6% -> 1422350.8 | L87: 1389716.5 | N87: =I87-L87-M87 -> 10283.51
A88: O0001/IE00685/F1177/X049/R0106/001/FIN | B88: Internal Audit Fees | C88: 500000 | E88: =C88+D88 -> 500000 | G88: =E88+F88 -> 500000 | H88: =-50000+190000 -> 140000 | I88: =G88+H88 -> 640000 | J88: =C88*104.6% -> 523000 | K88: =J88*104.6% -> 547058 | L88: 117674.09 | N88: =I88-L88-M88 -> 522325.91
A89: O0001/IE00584/F1177/X049/R0106/001/FIN | B89: Membership Fees (IMFO) | C89: 70000 | E89: =C89+D89 -> 70000 | G89: =E89+F89 -> 70000 | H89: -40000 | I89: =G89+H89 -> 30000 | J89: =C89*104.6% -> 73220 | K89: =J89*104.6% -> 76588.12 | L89: 8653.7 | N89: =I89-L89-M89 -> 21346.3
C90: 0 | E90: =C90+D90 -> 0 | G90: =E90+F90 -> 0 | I90: =G90+H90 -> 0 | J90: =C90*104.6% -> 0 | K90: =J90*104.6% -> 0 | N90: =I90-L90-M90 -> 0
B91: Professional Fees | C91: 0 | E91: =C91+D91 -> 0 | G91: =E91+F91 -> 0 | I91: =G91+H91 -> 0 | J91: =C91*104.6% -> 0 | K91: =J91*104.6% -> 0 | N91: =I91-L91-M91 -> 0
A92: O0022-1/IE00835/F1177/X049/R0106/001/FIN | B92: Professional Fees (Asset Verification Projects) | C92: 300000 | E92: =C92+D92 -> 300000 | G92: =E92+F92 -> 300000 | H92: =400000-200000 -> 200000 | I92: =G92+H92 -> 500000 | J92: =C92*104.6% -> 313800 | K92: =J92*104.6% -> 328234.8 | L92: 362569.46 | N92: =I92-L92-M92 -> 137430.54
A93: O0001/IE00672/F0041/X049/R0105/001/FIN | B93: Professional Fees (Professional Fees) | C93: 100000 | E93: =C93+D93 -> 100000 | G93: =E93+F93 -> 100000 | H93: =700000-100000+100000 -> 700000 | I93: =G93+H93 -> 800000 | J93: =C93*104.6% -> 104600 | K93: =J93*104.6% -> 109411.6 | L93: 558786.96 | N93: =I93-L93-M93 -> 241213.04
A94: O0022-1/IE00847/F0041/X049/R0106/001/FIN | B94: Professional Fees (Review of Revenue enhancement strategy) | C94: 200000 | E94: =C94+D94 -> 200000 | G94: =E94+F94 -> 200000 | H94: =-100000-100000 -> -200000 | I94: =G94+H94 -> 0 | J94: =C94*104.6% -> 209200 | K94: =J94*104.6% -> 218823.2 | L94: 0 | N94: =I94-L94-M94 -> 0
C95: 0 | E95: =C95+D95 -> 0 | G95: =E95+F95 -> 0 | I95: =G95+H95 -> 0 | J95: =C95*104.6% -> 0 | K95: =J95*104.6% -> 0 | L95: 0 | N95: =I95-L95-M95 -> 0
A96: O0001/IE00848/F0041/X049/R0105/001/FIN | B96: Property Rates (Valuation Roll) | C96: 250000 | E96: =C96+D96 -> 250000 | G96: =E96+F96 -> 250000 | H96: =-100000-6120 -> -106120 | I96: =G96+H96 -> 143880 | J96: =C96*104.6% -> 261500 | K96: =J96*104.6% -> 273529 | L96: 43880 | N96: =I96-L96-M96 -> 100000
A97: O0001/IE00604/F0041/X049/R0105/001/FIN | B97: Finance Uniforms | C97: 50000 | E97: =C97+D97 -> 50000 | G97: =E97+F97 -> 50000 | H97: 10000 | I97: =G97+H97 -> 60000 | J97: =C97*104.6% -> 52300 | K97: =J97*104.6% -> 54705.8 | L97: 37620 | N97: =I97-L97-M97 -> 22380
A98: O0001/IE00595/F1177/X049/R0105/001/FIN | B98: Skills Development Fund (Interns) | C98: 5000 | E98: =C98+D98 -> 5000 | G98: =E98+F98 -> 5000 | I98: =G98+H98 -> 5000 | J98: =C98*104.6% -> 5230 | K98: =J98*104.6% -> 5470.58 | L98: 1707.48 | N98: =I98-L98-M98 -> 3292.52
A99: O0001/IE00595/F0041/X049/R0105/001/FINA | B99: Skills Development Levies (Skills Development Levies) | C99: 92565.532 | E99: =C99+D99 -> 92565.532 | G99: =E99+F99 -> 92565.532 | I99: =G99+H99 -> 92565.532 | J99: =C99*104.6% -> 96823.547 | K99: =J99*104.6% -> 101277.43 | L99: 41695.74 | N99: =I99-L99-M99 -> 50869.792
A100: O1231-1/IE00672/F1177/X049/R0106/001/FIN | B100: Training and Seminars (Minimum Competency) | C100: 300000 | E100: =C100+D100 -> 300000 | G100: =E100+F100 -> 300000 | H100: 25000 | I100: =G100+H100 -> 325000 | J100: =C100*104.6% -> 313800 | K100: =J100*104.6% -> 328234.8 | L100: 325000 | N100: =I100-L100-M100 -> 0
A101: Total General Expenditure | C101: =SUM(C72:C100) -> 11812566 | D101: =SUM(D72:D100) -> 0 | E101: =SUM(E72:E100) -> 11812566 | F101: =SUM(F72:F100) -> 0 | G101: =SUM(G72:G100) -> 11812566 | H101: =SUM(H72:H100) -> 1025000 | I101: =SUM(I72:I100) -> 12837566 | J101: =SUM(J72:J100) -> 12355944 | ... N101: =SUM(N72:N100) -> 5000392
E102: =C102+D102 -> 0
A103: Employee Related Cost | E103: =C103+D103 -> 0
...

Sheet MUNICIPAL MANAGER
B1: ='2020 2021 ADJU BUDGET SUMMARY'!J24 -> -58996.246 | C1: ='2020 2021 ADJU BUDGET SUMMARY'!J24 -> -58996.246
A2: 2020/2021 APPROVED ADJUSTED BUDGET (MUNICIPAL MANAGER)
A3: ACCOUNT NUMBER | B3: ACCOUNT DESCRIPTION | C3: 2020/2021 Draft Budget | D3: Consultation Changes | E3: 2020/2021 Final Budget | F3: Adjustments | G3: 2020/2021 First Adjusted Budget | H3: Adjustments | I3: 2020/2021 Second Adjusted Budget | J3: 2021/2022 Outer Year One | K3: 2022/2023 Outer Year Two | L3: Total Expenditure as at 31 January 2021 | M3: Pending Amount | N3: Available budget After Adjustment
A5: IDP AND PMS X096)
A7: REVENUE
A8: Transfers and Subsidies
A9: D0001/IR006972/F13636/X096/R0105/001/MMO | B9: Ward Based Plan Grant | G9: =E9+F9 -> 0 | I9: =G9+H9 -> 0 | J9: -500000 | N9: =I9-L9-M9 -> 0
A10: Total Transfers and Subsidies | C10: =SUM(C9) -> 0 | D10: =SUM(D9) -> 0 | E10: =SUM(E9) -> 0 | F10: =SUM(F9) -> 0 | G10: =SUM(G9) -> 0 | H10: =SUM(H9) -> 0 | I10: =SUM(I9) -> 0 | J10: =SUM(J9) -> -500000 | ... N10: =SUM(N9) -> 0
A12: General Expenditure
B13: Budget and IDP Programme/ Mayoral Imbizo
A14: O1236-2/IE00677/F0041/X096/R0106/001/MMO | B14: IDP Programme (Catering) | C14: 765000 | E14: =C14+D14 -> 765000 | G14: =E14+F14 -> 765000 | H14: =-49490-190000-202607 -> -442097 | I14: =G14+H14 -> 322903 | J14: =C14*104.6% -> 800190 | K14: =J14*104.6% -> 836998.74 | L14: 315510 | M14: 7393 | N14: =I14-L14-M14 -> 0
A15: O1236-2/IE00626/F0041/X096/R0106/001/MMO | B15: IDP Programme (Entertainment) | C15: 80000 | E15: =C15+D15 -> 80000 | G15: =E15+F15 -> 80000 | H15: =33000+120000-120000 -> 33000 | I15: =G15+H15 -> 113000 | J15: =C15*104.6% -> 83680 | K15: =J15*104.6% -> 87529.28 | L15: 113000 | N15: =I15-L15-M15 -> 0
A16: O1236-2/IE00628/F0041/X096/R0106/001/MMO | B16: IDP Programme (Sound system) | C16: 340000 | E16: =C16+D16 -> 340000 | G16: =E16+F16 -> 340000 | H16: =152000-100000-122099.2 -> -70099.2 | I16: =G16+H16 -> 269900.8 | J16: =C16*104.6% -> 355640 | K16: =J16*104.6% -> 371999.44 | L16: 241000.8 | M16: 28900 | N16: =I16-L16-M16 -> 0
A17: O1236-2/IE00571/F0041/X096/R0106/001/MMO | B17: IDP Programme (Tent) | C17: 1300000 | E17: =C17+D17 -> 1300000 | G17: =E17+F17 -> 1300000 | H17: =-275500-100000-400000-200000 -> -975500 | I17: =G17+H17 -> 324500 | J17: =C17*104.6% -> 1359800 | K17: =J17*104.6% -> 1422350.8 | L17: 324500 | N17: =I17-L17-M17 -> 0
A18: O1236-2/IE00703/F0041/X096/R0106/001/MMO | B18: IDP Programme (Transport) | C18: 670000 | E18: =C18+D18 -> 670000 | G18: =E18+F18 -> 670000 | H18: =-250000-150000 -> -400000 | I18: =G18+H18 -> 270000 | J18: =C18*104.6% -> 700820 | K18: =J18*104.6% -> 733057.72 | L18: 270000 | N18: =I18-L18-M18 -> 0
G19: =E19+F19 -> 0 | I19: =G19+H19 -> 0 | N19: =I19-L19-M19 -> 0
A20: O0022-7/IE00847/F13636/X096/R0105/001/MMO | B20: Ward Based Plan Grant | G20: =E20+F20 -> 0 | I20: =G20+H20 -> 0 | J20: 500000 | N20: =I20-L20-M20 -> 0
C21: 0 | E21: =C21+D21 -> 0 | G21: =E21+F21 -> 0 | I21: =G21+H21 -> 0 | J21: =C21*104.6% -> 0 | K21: =J21*104.6% -> 0 | N21: =I21-L21-M21 -> 0
B22: Professional Fees | C22: 0 | E22: =C22+D22 -> 0 | G22: =E22+F22 -> 0 | I22: =G22+H22 -> 0 | J22: =C22*104.6% -> 0 | K22: =J22*104.6% -> 0 | N22: =I22-L22-M22 -> 0
A23: O0001/IE00584/F0041/X096/R0105/001/MMO | B23: Professional Fees (Epms) and Developing Technical Descriptive Indicators (TDI's) for PMS | C23: 1200000 | E23: =C23+D23 -> 1200000 | G23: =E23+F23 -> 1200000 | H23: -500000 | I23: =G23+H23 -> 700000 | J23: =C23*104.6% -> 1255200 | K23: =J23*104.6% -> 1312939.2 | L23: 950 | N23: =I23-L23-M23 -> 699050
A24: O0001/IE00583/F0041/X096/R0105/001/MMO | B24: Professional Fees ( Annual Report Printing ) | C24: 150000 | E24: =C24+D24 -> 150000 | G24: =E24+F24 -> 150000 | I24: =G24+H24 -> 150000 | J24: =C24*104.6% -> 156900 | K24: =J24*104.6% -> 164117.4 | L24: 74835 | M24: 74835 | N24: =I24-L24-M24 -> 330
A25: O0001/IE00583/F0041/X096/R0106/001/MMO | B25: Professional Fees (IDP Printing) | C25: 100000 | E25: =C25+D25 -> 100000 | G25: =E25+F25 -> 100000 | I25: =G25+H25 -> 100000 | J25: =C25*104.6% -> 104600 | K25: =J25*104.6% -> 109411.6 | L25: 0 | N25: =I25-L25-M25 -> 100000
A26: Total General Expenditure | C26: =SUM(C14:C25) -> 4605000 | D26: =SUM(D14:D25) -> 0 | E26: =SUM(E14:E25) -> 4605000 | F26: =SUM(F14:F25) -> 0 | G26: =SUM(G14:G25) -> 4605000 | H26: =SUM(H14:H25) -> -2354696.2 | I26: =SUM(I14:I25) -> 2250303.8 | J26: =SUM(J14:J25) -> 5316830 | ... N26: =SUM(N14:N25) -> 799380
E27: =C27+D27 -> 0 | J27: =C27*104.6% -> 0 | K27: =J27*104.6% -> 0
A28: Employee Related Cost | C28: 0 | E28: =C28+D28 -> 0 | I28: =G28+H28 -> 0 | J28: =C28*104.6% -> 0 | K28: =J28*104.6% -> 0
B29: Employee Related Cost (Salaries and Allowances) | C29: 0 | E29: =C29+D29 -> 0 | G29: =E29+F29 -> 0 | I29: =G29+H29 -> 0 | J29: =C29*104.6% -> 0 | K29: =J29*104.6% -> 0 | N29: =I29-L29-M29 -> 0
B30: Employee Related Cost (Bonus) | C30: 0 | E30: =C30+D30 -> 0 | G30: =E30+F30 -> 0 | I30: =G30+H30 -> 0 | J30: =C30*104.6% -> 0 | K30: =J30*104.6% -> 0 | N30: =I30-L30-M30 -> 0
B31: Employee Related Cost (Bargaining Council) | C31: 0 | E31: =C31+D31 -> 0 | G31: =E31+F31 -> 0 | I31: =G31+H31 -> 0 | J31: =C31*104.6% -> 0 | K31: =J31*104.6% -> 0 | N31: =I31-L31-M31 -> 0
B32: Employee Related Cost (Medical Aid) | C32: 0 | E32: =C32+D32 -> 0 | G32: =E32+F32 -> 0 | I32: =G32+H32 -> 0 | J32: =C32*104.6% -> 0 | K32: =J32*104.6% -> 0 | N32: =I32-L32-M32 -> 0
B33: Employee Related Cost (Provident Fund and Pension - RA) | C33: 0 | E33: =C33+D33 -> 0 | G33: =E33+F33 -> 0 | I33: =G33+H33 -> 0 | J33: =C33*104.6% -> 0 | K33: =J33*104.6% -> 0 | N33: =I33-L33-M33 -> 0
B34: Employee Related Cost (UIF) | C34: 0 | E34: =C34+D34 -> 0 | G34: =E34+F34 -> 0 | I34: =G34+H34 -> 0 | J34: =C34*104.6% -> 0 | K34: =J34*104.6% -> 0 | N34: =I34-L34-M34 -> 0
B35: Employee Related Cost (Long Term Service Awards) | C35: 0 | E35: =C35+D35 -> 0 | G35: =E35+F35 -> 0 | I35: =G35+H35 -> 0 | J35: =C35*104.6% -> 0 | K35: =J35*104.6% -> 0 | N35: =I35-L35-M35 -> 0
B36: Employee Related Cost (Vehicle Allowance) | C36: 0 | E36: =C36+D36 -> 0 | G36: =E36+F36 -> 0 | I36: =G36+H36 -> 0 | J36: =C36*104.6% -> 0 | K36: =J36*104.6% -> 0 | N36: =I36-L36-M36 -> 0
B37: Employee Related Cost (Housing Subsidy) | C37: 0 | E37: =C37+D37 -> 0 | G37: =E37+F37 -> 0 | I37: =G37+H37 -> 0 | J37: =C37*104.6% -> 0 | K37: =J37*104.6% -> 0 | N37: =I37-L37-M37 -> 0
B38: Employee related cost (Leave Pay) | C38: 0 | E38: =C38+D38 -> 0 | G38: =E38+F38 -> 0 | I38: =G38+H38 -> 0 | J38: =C38*104.6% -> 0 | K38: =J38*104.6% -> 0 | N38: =I38-L38-M38 -> 0
B39: Employee Related Cost (Overtime) | C39: 0 | E39: =C39+D39 -> 0 | G39: =E39+F39 -> 0 | I39: =G39+H39 -> 0 | J39: =C39*104.6% -> 0 | K39: =J39*104.6% -> 0 | N39: =I39-L39-M39 -> 0
A40: Total Employee Related Cost | E40: =SUM(E29:E39) -> 0 | F40: =SUM(F29:F39) -> 0 | G40: =SUM(G29:G39) -> 0 | H40: =SUM(H29:H39) -> 0 | I40: =SUM(I29:I39) -> 0 | J40: =SUM(J29:J39) -> 0 | K40: =SUM(K29:K39) -> 0 | L40: =SUM(L29:L39) -> 0 | ... N40: =SUM(N29:N39) -> 0
E41: =C41+D41 -> 0
A42: GRAND TOTAL EXPENDITURE (IPD/PMS) | C42: =C40+C26 -> 4605000 | D42: =D40+D26 -> 0 | E42: =E40+E26 -> 4605000 | F42: =F40+F26 -> 0 | G42: =G40+G26 -> 4605000 | H42: =H40+H26 -> -2354696.2 | I42: =I40+I26 -> 2250303.8 | J42: =J40+J26 -> 5316830 | ... N42: =N40+N26 -> 799380
C43: 0 | E43: =C43+D43 -> 0 | J43: =C43*104.6% -> 0 | K43: =J43*104.6% -> 0
A44: SPORT AND RECREATION (X125) | E44: =C44+D44 -> 0
E45: =C45+D45 -> 0
A46: General Expenditure | E46: =C46+D46 -> 0
B47: Ndwedwe Youth Run Series | E47: =C47+D47 -> 0
A48: O1333-4/IE00677/F0041/X125/R0106/001/MMO | B48: Ndwedwe Youth Run Series (Refreshment) | C48: 15000 | E48: =C48+D48 -> 15000 | G48: =E48+F48 -> 15000 | H48: -15000 | I48: =G48+H48 -> 0 | J48: =C48*104.6% -> 15690 | K48: =J48*104.6% -> 16411.74 | N48: =I48-L48-M48 -> 0
A49: O1333-4/IE00703/F0041/X125/R0106/001/MMO | B49: Ndwedwe Youth Run Series (Transport) | C49: 30000 | E49: =C49+D49 -> 30000 | G49: =E49+F49 -> 30000 | H49: -30000 | I49: =G49+H49 -> 0 | J49: =C49*104.6% -> 31380 | K49: =J49*104.6% -> 32823.48 | N49: =I49-L49-M49 -> 0
A50: O1333-4/IE00571/F0041/X125/R0106/001/MMO | B50: Ndwedwe Youth Run Series (Tent, Toilets and Sound) | C50: 20000 | E50: =C50+D50 -> 20000 | G50: =E50+F50 -> 20000 | H50: -20000 | I50: =G50+H50 -> 0 | J50: =C50*104.6% -> 20920 | K50: =J50*104.6% -> 21882.32 | N50: =I50-L50-M50 -> 0
E51: =C51+D51 -> 0 | G51: =E51+F51 -> 0 | H51: 0 | I51: =G51+H51 -> 0 | J51: =C51*104.6% -> 0 | K51: =J51*104.6% -> 0 | N51: =I51-L51-M51 -> 0
B52: Ndwedwe Indegenous Games Local Selections | E52: =C52+D52 -> 0 | G52: =E52+F52 -> 0 | H52: 0 | I52: =G52+H52 -> 0 | J52: =C52*104.6% -> 0 | K52: =J52*104.6% -> 0 | N52: =I52-L52-M52 -> 0
A53: O1333-5/IE00677/F0041/X125/R0106/001/MMO | B53: Ndwedwe IGs Local Selections (Refreshments) | C53: 25000 | E53: =C53+D53 -> 25000 | G53: =E53+F53 -> 25000 | H53: 2000 | I53: =G53+H53 -> 27000 | J53: =C53*104.6% -> 26150 | K53: =J53*104.6% -> 27352.9 | L53: 27000 | N53: =I53-L53-M53 -> 0
A54: O1333-7/IE00571/F0041/X125/R0106/001/MMO | B54: Ndwedwe IGs Local Selections (Tent, Chairs and Toilets) | C54: 20000 | E54: =C54+D54 -> 20000 | G54: =E54+F54 -> 20000 | H54: -15200 | I54: =G54+H54 -> 4800 | J54: =C54*104.6% -> 20920 | K54: =J54*104.6% -> 21882.32 | L54: 4800 | N54: =I54-L54-M54 -> 0
A55: O1333-5/IE00703/F0041/X125/R0106/001/MMO | B55: Ndwedwe IGs Local Selections (Transport) | C55: 40000 | E55: =C55+D55 -> 40000 | G55: =E55+F55 -> 40000 | H55: 6000 | I55: =G55+H55 -> 46000 | J55: =C55*104.6% -> 41840 | K55: =J55*104.6% -> 43764.64 | L55: 46000 | N55: =I55-L55-M55 -> 0
A56: O1333-5/IE00667/F0041/X125/R0106/001/MMO | B56: Ndwedwe IGs Local Selections (Sound System) | C56: 10000 | E56: =C56+D56 -> 10000 | G56: =E56+F56 -> 10000 | H56: -500 | I56: =G56+H56 -> 9500 | J56: =C56*104.6% -> 10460 | K56: =J56*104.6% -> 10941.16 | L56: 9500 | N56: =I56-L56-M56 -> 0
A57: O1333-5/IE00653/F0041/X125/R0106/001/MMO | B57: Ndwedwe IGs Local Selections (Mobile Ambulance) | C57: 5000 | E57: =C57+D57 -> 5000 | G57: =E57+F57 -> 5000 | H57: -2000 | I57: =G57+H57 -> 3000 | J57: =C57*104.6% -> 5230 | K57: =J57*104.6% -> 5470.58 | M57: 3000 | N57: =I57-L57-M57 -> 0
E58: =C58+D58 -> 0 | G58: =E58+F58 -> 0 | H58: 0 | I58: =G58+H58 -> 0 | J58: =C58*104.6% -> 0 | K58: =J58*104.6% -> 0 | N58: =I58-L58-M58 -> 0
B59: Ilembe District Indegenous Games Competition | E59: =C59+D59 -> 0 | G59: =E59+F59 -> 0 | H59: 0 | I59: =G59+H59 -> 0 | J59: =C59*104.6% -> 0 | K59: =J59*104.6% -> 0 | N59: =I59-L59-M59 -> 0
A60: O1333-6/IE00703/F0041/X125/R0106/001/MMO | B60: Ilember District IGs (Transport) | C60: 30000 | E60: =C60+D60 -> 30000 | G60: =E60+F60 -> 30000 | H60: -30000 | I60: =G60+H60 -> 0 | J60: =C60*104.6% -> 31380 | K60: =J60*104.6% -> 32823.48 | N60: =I60-L60-M60 -> 0
A61: O1333-6/IE00754/F0041/X125/R0106/001/MMO | B61: Ilembe District IGs (Apparel) | C61: 30000 | E61: =C61+D61 -> 30000 | G61: =E61+F61 -> 30000 | H61: -30000 | I61: =G61+H61 -> 0 | J61: =C61*104.6% -> 31380 | K61: =J61*104.6% -> 32823.48 | N61: =I61-L61-M61 -> 0
E62: =C62+D62 -> 0 | G62: =E62+F62 -> 0 | H62: 0 | I62: =G62+H62 -> 0 | J62: =C62*104.6% -> 0 | K62: =J62*104.6% -> 0 | N62: =I62-L62-M62 -> 0
B63: Provincial Indegenous Games Competition | E63: =C63+D63 -> 0 | G63: =E63+F63 -> 0 | H63: 0 | I63: =G63+H63 -> 0 | J63: =C63*104.6% -> 0 | K63: =J63*104.6% -> 0 | N63: =I63-L63-M63 -> 0
A64: O1333-7/IE00703/F0041/X125/R0106/001/MMO | B64: Provincial IGs Competition (Transport) | C64: 15000 | E64: =C64+D64 -> 15000 | G64: =E64+F64 -> 15000 | H64: -15000 | I64: =G64+H64 -> 0 | J64: =C64*104.6% -> 15690 | K64: =J64*104.6% -> 16411.74 | N64: =I64-L64-M64 -> 0
A65: O1333-7/IE00060/F0041/X125/R0106/001/MMO | B65: Provincial IGs Competition (Accommodation) | C65: 50000 | E65: =C65+D65 -> 50000 | G65: =E65+F65 -> 50000 | H65: -50000 | I65: =G65+H65 -> 0 | J65: =C65*104.6% -> 52300 | K65: =J65*104.6% -> 54705.8 | N65: =I65-L65-M65 -> 0
E66: =C66+D66 -> 0 | G66: =E66+F66 -> 0 | H66: 0 | I66: =G66+H66 -> 0 | J66: =C66*104.6% -> 0 | K66: =J66*104.6% -> 0 | N66: =I66-L66-M66 -> 0
B67: National Indegenous Games Competition | E67: =C67+D67 -> 0 | G67: =E67+F67 -> 0 | H67: 0 | I67: =G67+H67 -> 0 | J67: =C67*104.6% -> 0 | K67: =J67*104.6% -> 0 | N67: =I67-L67-M67 -> 0
A68: O1333-8/IE00060/F0041/X125/R0106/001/MMO | B68: National IGs Competition Accommodation | C68: 80000 | E68: =C68+D68 -> 80000 | G68: =E68+F68 -> 80000 | H68: -80000 | I68: =G68+H68 -> 0 | J68: =C68*104.6% -> 83680 | K68: =J68*104.6% -> 87529.28 | N68: =I68-L68-M68 -> 0
A69: O1333-8/IE01581/F0041/X125/R0106/001/MMO | B69: National IGs Competition Flights and Car hire | C69: 50000 | E69: =C69+D69 -> 50000 | G69: =E69+F69 -> 50000 | H69: -50000 | I69: =G69+H69 -> 0 | J69: =C69*104.6% -> 52300 | K69: =J69*104.6% -> 54705.8 | N69: =I69-L69-M69 -> 0
A70: O1333-8/IE00677/F0041/X125/R0106/001/MMO | B70: National IGs Competition Petty Cash for Refreshments | C70: 15000 | E70: =C70+D70 -> 15000 | G70: =E70+F70 -> 15000 | H70: -15000 | I70: =G70+H70 -> 0 | J70: =C70*104.6% -> 15690 | K70: =J70*104.6% -> 16411.74 | N70: =I70-L70-M70 -> 0
E71: =C71+D71 -> 0 | G71: =E71+F71 -> 0 | H71: 0 | I71: =G71+H71 -> 0 | J71: =C71*104.6% -> 0 | K71: =J71*104.6% -> 0 | N71: =I71-L71-M71 -> 0
B72: Dundee July 2020 | E72: =C72+D72 -> 0 | G72: =E72+F72 -> 0 | H72: 0 | I72: =G72+H72 -> 0 | J72: =C72*104.6% -> 0 | K72: =J72*104.6% -> 0 | N72: =I72-L72-M72 -> 0
A73: O1333-9/IE00703/F0041/X125/R0106/001/MMO | B73: Dundee July Horses Transportation from Wards to NDW Central | C73: 30000 | E73: =C73+D73 -> 30000 | G73: =E73+F73 -> 30000 | H73: -30000 | I73: =G73+H73 -> 0 | J73: =C73*104.6% -> 31380 | K73: =J73*104.6% -> 32823.48 | N73: =I73-L73-M73 -> 0
A74: O1333-9/IE00060/F0041/X125/R0106/001/MMO | B74: Dundee July Accomodation | C74: 30000 | E74: =C74+D74 -> 30000 | G74: =E74+F74 -> 30000 | H74: -30000 | I74: =G74+H74 -> 0 | J74: =C74*104.6% -> 31380 | K74: =J74*104.6% -> 32823.48 | N74: =I74-L74-M74 -> 0
E75: =C75+D75 -> 0 | G75: =E75+F75 -> 0 | H75: 0 | I75: =G75+H75 -> 0 | J75: =C75*104.6% -> 0 | K75: =J75*104.6% -> 0 | N75: =I75-L75-M75 -> 0
B76: Nkandla May | E76: =C76+D76 -> 0 | G76: =E76+F76 -> 0 | H76: 0 | I76: =G76+H76 -> 0 | J76: =C76*104.6% -> 0 | K76: =J76*104.6% -> 0 | N76: =I76-L76-M76 -> 0
A77: O1333-10/IE00060/F0041/X125/R0106/001/MMO | B77: Nkandla May Accommodation | C77: 30000 | E77: =C77+D77 -> 30000 | G77: =E77+F77 -> 30000 | H77: -30000 | I77: =G77+H77 -> 0 | J77: =C77*104.6% -> 31380 | K77: =J77*104.6% -> 32823.48 | N77: =I77-L77-M77 -> 0
E78: =C78+D78 -> 0 | G78: =E78+F78 -> 0 | H78: 0 | I78: =G78+H78 -> 0 | J78: =C78*104.6% -> 0 | K78: =J78*104.6% -> 0 | N78: =I78-L78-M78 -> 0
B79: Harry Gwala Summer Cup Horse Racing | E79: =C79+D79 -> 0 | G79: =E79+F79 -> 0 | H79: 0 | I79: =G79+H79 -> 0 | J79: =C79*104.6% -> 0 | K79: =J79*104.6% -> 0 | N79: =I79-L79-M79 -> 0
A80: O1333-11/IE00060/F0041/X125/R0106/001/MMO | B80: Harry Gwala Summer Cup Horses Racing Accommodation | C80: 30000 | E80: =C80+D80 -> 30000 | G80: =E80+F80 -> 30000 | H80: -30000 | I80: =G80+H80 -> 0 | J80: =C80*104.6% -> 31380 | K80: =J80*104.6% -> 32823.48 | N80: =I80-L80-M80 -> 0
E81: =C81+D81 -> 0 | G81: =E81+F81 -> 0 | H81: 0 | I81: =G81+H81 -> 0 | J81: =C81*104.6% -> 0 | K81: =J81*104.6% -> 0 | N81: =I81-L81-M81 -> 0
B82: Ndwedwe Golden Games / Senior Citezens Local Selections | E82: =C82+D82 -> 0 | G82: =E82+F82 -> 0 | H82: 0 | I82: =G82+H82 -> 0 | J82: =C82*104.6% -> 0 | K82: =J82*104.6% -> 0 | N82: =I82-L82-M82 -> 0
A83: O1333-12/IE00677/F0041/X125/R0106/001/MMO | B83: Ndwedwe GG / SC Local Selections (Catering) | C83: 60000 | E83: =C83+D83 -> 60000 | G83: =E83+F83 -> 60000 | H83: -15250 | I83: =G83+H83 -> 44750 | J83: =C83*104.6% -> 62760 | K83: =J83*104.6% -> 65646.96 | L83: 44750 | N83: =I83-L83-M83 -> 0
A84: O1333-12/IE00667/F0041/X125/R0106/001/MMO | B84: Ndwedwe GG / SC Local Selections (Sound) | C84: 15000 | E84: =C84+D84 -> 15000 | G84: =E84+F84 -> 15000 | H84: -10 | I84: =G84+H84 -> 14990 | J84: =C84*104.6% -> 15690 | K84: =J84*104.6% -> 16411.74 | L84: 14990 | N84: =I84-L84-M84 -> 0
A85: O1333-12/IE00703/F0041/X125/R0106/001/MMO | B85: Ndwedwe GG / SC Local Selections (Transport) | C85: 80000 | E85: =C85+D85 -> 80000 | G85: =E85+F85 -> 80000 | H85: 11500 | I85: =G85+H85 -> 91500 | J85: =C85*104.6% -> 83680 | K85: =J85*104.6% -> 87529.28 | L85: 91500 | N85: =I85-L85-M85 -> 0
A86: O1333-12/IE00653/F0041/X125/R0106/001/MMO | B86: Ndwedwe GG / SC Local Selections (Mobile Ambulance) | C86: 5000 | E86: =C86+D86 -> 5000 | G86: =E86+F86 -> 5000 | H86: -5000 | I86: =G86+H86 -> 0 | J86: =C86*104.6% -> 5230 | K86: =J86*104.6% -> 5470.58 | L86: 0 | N86: =I86-L86-M86 -> 0
A87: O1333-12/IE00571/F0041/X125/R0106/001/MMO | B87: Ndwedwe GG / SC Local Selections (Tent and Toilets) | C87: 20000 | E87: =C87+D87 -> 20000 | G87: =E87+F87 -> 20000 | H87: -250 | I87: =G87+H87 -> 19750 | J87: =C87*104.6% -> 20920 | K87: =J87*104.6% -> 21882.32 | L87: 19750 | N87: =I87-L87-M87 -> 0
E88: =C88+D88 -> 0 | G88: =E88+F88 -> 0 | H88: 0 | I88: =G88+H88 -> 0 | J88: =C88*104.6% -> 0 | K88: =J88*104.6% -> 0 | N88: =I88-L88-M88 -> 0
B89: Ilembe District Golden Games Selections | E89: =C89+D89 -> 0 | G89: =E89+F89 -> 0 | H89: 0 | I89: =G89+H89 -> 0 | J89: =C89*104.6% -> 0 | K89: =J89*104.6% -> 0 | N89: =I89-L89-M89 -> 0
A90: O1333-13/IE00703/F0041/X125/R0106/001/MMO | B90: Ilembe Dis GG Selection (Transport) | C90: 30000 | E90: =C90+D90 -> 30000 | G90: =E90+F90 -> 30000 | H90: -30000 | I90: =G90+H90 -> 0 | J90: =C90*104.6% -> 31380 | K90: =J90*104.6% -> 32823.48 | N90: =I90-L90-M90 -> 0
A91: O1333-13/IE00754/F0041/X125/R0106/001/MMO | B91: Ilembe Dis GG Selection (Apparel / Attire) | C91: 150000 | E91: =C91+D91 -> 150000 | G91: =E91+F91 -> 150000 | I91: =G91+H91 -> 150000 | J91: =C91*104.6% -> 156900 | K91: =J91*104.6% -> 164117.4 | N91: =I91-L91-M91 -> 150000
E92: =C92+D92 -> 0 | G92: =E92+F92 -> 0 | I92: =G92+H92 -> 0 | J92: =C92*104.6% -> 0 | K92: =J92*104.6% -> 0 | N92: =I92-L92-M92 -> 0
B93: Provincial Golden Games Competitions | E93: =C93+D93 -> 0 | G93: =E93+F93 -> 0 | I93: =G93+H93 -> 0 | J93: =C93*104.6% -> 0 | K93: =J93*104.6% -> 0 | N93: =I93-L93-M93 -> 0
A94: O1333-14/IE00703/F0041/X125/R0106/001/MMO | B94: Provincial GG Selection (Transport) | C94: 20000 | E94: =C94+D94 -> 20000 | G94: =E94+F94 -> 20000 | H94: -20000 | I94: =G94+H94 -> 0 | J94: =C94*104.6% -> 20920 | K94: =J94*104.6% -> 21882.32 | N94: =I94-L94-M94 -> 0
A95: O1333-14/IE00060/F0041/X125/R0106/001/MMO | B95: Provincial GG Selection (Accomodation) | C95: 50000 | E95: =C95+D95 -> 50000 | G95: =E95+F95 -> 50000 | H95: -50000 | I95: =G95+H95 -> 0 | J95: =C95*104.6% -> 52300 | K95: =J95*104.6% -> 54705.8 | N95: =I95-L95-M95 -> 0
E96: =C96+D96 -> 0 | G96: =E96+F96 -> 0 | I96: =G96+H96 -> 0 | J96: =C96*104.6% -> 0 | K96: =J96*104.6% -> 0 | N96: =I96-L96-M96 -> 0
B97: National Golden Games Competitions | E97: =C97+D97 -> 0 | G97: =E97+F97 -> 0 | I97: =G97+H97 -> 0 | J97: =C97*104.6% -> 0 | K97: =J97*104.6% -> 0 | N97: =I97-L97-M97 -> 0
A98: O1333-15/IE00060/F0041/X125/R0106/001/MMO | B98: National GG (Accomodation) | C98: 80000 | E98: =C98+D98 -> 80000 | G98: =E98+F98 -> 80000 | H98: -80000 | I98: =G98+H98 -> 0 | J98: =C98*104.6% -> 83680 | K98: =J98*104.6% -> 87529.28 | N98: =I98-L98-M98 -> 0
A99: O1333-15/IE01581/F0041/X125/R0106/001/MMO | B99: National GG Flights and Car Hire | C99: 50000 | E99: =C99+D99 -> 50000 | G99: =E99+F99 -> 50000 | H99: -50000 | I99: =G99+H99 -> 0 | J99: =C99*104.6% -> 52300 | K99: =J99*104.6% -> 54705.8 | N99: =I99-L99-M99 -> 0
A100: O1333-15/IE00677/F0041/X125/R0106/001/MMO | B100: National GG (Petty Cash for Refreshments) | C100: 15000 | E100: =C100+D100 -> 15000 | G100: =E100+F100 -> 15000 | H100: -15000 | I100: =G100+H100 -> 0 | J100: =C100*104.6% -> 15690 | K100: =J100*104.6% -> 16411.74 | N100: =I100-L100-M100 -> 0
E101: =C101+D101 -> 0 | G101: =E101+F101 -> 0 | I101: =G101+H101 -> 0 | J101: =C101*104.6% -> 0 | K101: =J101*104.6% -> 0 | N101: =I101-L101-M101 -> 0
B102: Ndwedwe Disability Games Local Competition | E102: =C102+D102 -> 0 | G102: =E102+F102 -> 0 | I102: =G102+H102 -> 0 | J102: =C102*104.6% -> 0 | K102: =J102*104.6% -> 0 | N102: =I102-L102-M102 -> 0
A103: O1333-16/IE00677/F0041/X125/R0106/001/MMO | B103: NDW Dis Games (Catering) | C103: 15000 | E103: =C103+D103 -> 15000 | G103: =E103+F103 -> 15000 | H103: -15000 | I103: =G103+H103 -> 0 | J103: =C103*104.6% -> 15690 | K103: =J103*104.6% -> 16411.74 | N103: =I103-L103-M103 -> 0
...

Sheet COMMUNITY SERVICES
B1: ='2020 2021 ADJU BUDGET SUMMARY'!J24 -> -58996.246 | C1: ='2020 2021 ADJU BUDGET SUMMARY'!J24 -> -58996.246
A2: 2020/2021 APPROVED ADJUSTED BUDGET (COMMUNITY SERVICES)
A3: ACCOUNT NUMBER | B3: ACCOUNT DESCRIPTION | C3: 2020/2021 Draft Budget | D3: Consultation Changes | E3: 2020/2021 Final Budget | F3: Adjustments | G3: 2020/2021 First Adjusted Budget | H3: Adjustments | I3: 2020/2021 Second Adjusted Budget | J3: 2021/2022 Outer Year One | K3: 2022/2023 Outer Year Two | L3: Total Expenditure as at 31 January 2021 | M3: Pending Amount | N3: Available budget After Adjustment
A5: LIBRARY
A7: REVENUE
A8: Transfers and Subsidies
A9: D0001/IR006985/F13636/X024/R0106/001/COMM | B9: Provincial Library Grant | C9: -924000 | D9: 19000 | E9: =C9+D9 -> -905000 | G9: =E9+F9 -> -905000 | I9: =G9+H9 -> -905000 | J9: -935000 | K9: -981000 | L9: -905000 | N9: =I9-L9-M9 -> 0
A10: D0001/IR006972/F13636/X024/R0105/001/COMM | B10: Community Library Services Grant | C10: -893000 | D10: -18000 | E10: =C10+D10 -> -911000 | G10: =E10+F10 -> -911000 | I10: =G10+H10 -> -911000 | J10: -975000 | K10: -1023000 | L10: -671274.31 | N10: =I10-L10-M10 -> -239725.69
A11: Total Transfers and Subsidies | C11: =SUM(C9:C10) -> -1817000 | D11: =SUM(D9:D10) -> 1000 | E11: =SUM(E9:E10) -> -1816000 | F11: =SUM(F9:F10) -> 0 | G11: =SUM(G9:G10) -> -1816000 | H11: =SUM(H9:H10) -> 0 | I11: =SUM(I9:I10) -> -1816000 | J11: =SUM(J9:J10) -> -1910000 | ... N11: =SUM(N9:N10) -> -239725.69
E12: =C12+D12 -> 0
A13: TOTAL REVENUE | C13: =C11 -> -1817000 | D13: =D11 -> 1000 | E13: =E11 -> -1816000 | F13: =F11 -> 0 | G13: =G11 -> -1816000 | H13: =H11 -> 0 | I13: =I11 -> -1816000 | J13: =J11 -> -1910000 | ... N13: =N11 -> -239725.69
E14: =C14+D14 -> 0
A15: EXPENDITURE | E15: =C15+D15 -> 0
A16: General Expenditure | E16: =C16+D16 -> 0
E17: =C17+D17 -> 0
B18: Reading Programme | E18: =C18+D18 -> 0
A19: O1255-1/IE00677/F0041/X024/R0106/001/COMM | B19: Catering (Catering for Reading) | C19: 10000 | E19: =C19+D19 -> 10000 | G19: =E19+F19 -> 10000 | H19: -10000 | I19: =G19+H19 -> 0 | J19: =C19*104.6% -> 10460 | K19: =J19*104.6% -> 10941.16 | N19: =I19-L19-M19 -> 0
A20: O0001/IE00583/F0041/X024/R0105/001/COMM | B20: Library Books | C20: 100000 | E20: =C20+D20 -> 100000 | G20: =E20+F20 -> 100000 | I20: =G20+H20 -> 100000 | J20: =C20*104.6% -> 104600 | K20: =J20*104.6% -> 109411.6 | N20: =I20-L20-M20 -> 100000
A21: O0001/IE00595/F13636/X024/R0105/001/COMM | B21: Skills Development Fund (Library Grant) | C21: 17106.36 | E21: =C21+D21 -> 17106.36 | G21: =E21+F21 -> 17106.36 | I21: =G21+H21 -> 17106.36 | J21: =C21*105.4% -> 18030.103 | K21: =J21*105.4% -> 19003.729 | L21: 9977.37 | N21: =I21-L21-M21 -> 7128.99
A22: Total General Expenditure | C22: =SUM(C19:C21) -> 127106.36 | D22: =SUM(D19:D21) -> 0 | E22: =SUM(E19:E21) -> 127106.36 | F22: =SUM(F19:F21) -> 0 | G22: =SUM(G19:G21) -> 127106.36 | H22: =SUM(H19:H21) -> -10000 | I22: =SUM(I19:I21) -> 117106.36 | J22: =SUM(J19:J21) -> 133090.1 | ... N22: =SUM(N19:N21) -> 107128.99
E23: =C23+D23 -> 0 | J23: =C23*105.4% -> 0 | K23: =J23*105.4% -> 0
A24: Employee Related Cost | E24: =C24+D24 -> 0 | J24: =C24*105.4% -> 0 | K24: =J24*105.4% -> 0
A25: O0001/IE00040/F13636/X024/R0105/001/COMM | B25: Employee Related Cost (Bargaining Council (Library Grant) | C25: 782.88 | E25: =C25+D25 -> 782.88 | G25: =E25+F25 -> 782.88 | H25: 0.0071187499 | I25: =G25+H25 -> 782.88712 | J25: =C25*104.6% -> 818.89248 | K25: =J25*104.6% -> 856.56153 | L25: 554.4 | N25: =I25-L25-M25 -> 228.48712
A26: O0001/IE01530/F13636/X024/R0105/001/COMM | B26: Employee Related Cost (Leave Pay Library) | E26: =C26+D26 -> 0 | G26: =E26+F26 -> 0 | H26: 113177.43 | I26: =G26+H26 -> 113177.43 | J26: =C26*104.6% -> 0 | K26: =J26*104.6% -> 0 | L26: 113177.43 | N26: =I26-L26-M26 -> 0
A27: O0001/IE00045/F13636/X024/R0105/001/COMM | B27: Employee Related Cost Cyber Cadet Library Grant ( UIF ) | C27: 12492.48 | E27: =C27+D27 -> 12492.48 | G27: =E27+F27 -> 12492.48 | H27: 0 | I27: =G27+H27 -> 12492.48 | J27: =C27*104.6% -> 13067.134 | K27: =J27*104.6% -> 13668.222 | L27: 6938.18 | N27: =I27-L27-M27 -> 5554.3
A28: O0001/IE00038/F13636/X024/R0105/001/COMM | B28: Employee Related Cost Cyber Cadet Library Grant (Bonus ) | C28: 107559.98 | E28: =C28+D28 -> 107559.98 | G28: =E28+F28 -> 107559.98 | H28: 12658.223 | I28: =G28+H28 -> 120218.2 | J28: =C28*104.6% -> 112507.74 | K28: =J28*104.6% -> 117683.09 | L28: 120218.2 | N28: =I28-L28-M28 -> 0
A29: O0001/IE01521/F9283/X024/R0105/001/COMM | B29: Employee Related Cost Cyber Cadet Library Grant (Housing Subsidy) | E29: =C29+D29 -> 0 | G29: =E29+F29 -> 0 | H29: 0 | I29: =G29+H29 -> 0 | J29: =C29*104.6% -> 0 | K29: =J29*104.6% -> 0 | L29: 0 | N29: =I29-L29-M29 -> 0
A30: O0001/IE00043/F13636/X024/R0105/001/COMM | B30: Employee Related Cost Cyber Cadet Library Grant (Medical Aid ) | C30: 155880 | E30: =C30+D30 -> 155880 | G30: =E30+F30 -> 155880 | H30: 44172 | I30: =G30+H30 -> 200052 | J30: =C30*104.6% -> 163050.48 | K30: =J30*104.6% -> 170550.8 | L30: 104092.8 | N30: =I30-L30-M30 -> 95959.2
A31: O0001/IE03969/F13636/X024/R0105/001/COMM | B31: Employee Related Cost Cyber Cadet Library Grant (Overtime) | E31: =C31+D31 -> 0 | G31: =E31+F31 -> 0 | H31: 20000 | I31: =G31+H31 -> 20000 | J31: =C31*104.6% -> 0 | K31: =J31*104.6% -> 0 | L31: 9345.76 | N31: =I31-L31-M31 -> 10654.24
A32: O0001/IE00044/F13636/X024/R0105/001/COMM | B32: Employee Related Cost Cyber Cadet Library Grant (Provident Fund and Pension) | C32: 268011.22 | E32: =C32+D32 -> 268011.22 | G32: =E32+F32 -> 268011.22 | H32: 99306.695 | I32: =G32+H32 -> 367317.91 | J32: =C32*104.6% -> 280339.73 | K32: =J32*104.6% -> 293235.36 | L32: 195011.17 | N32: =I32-L32-M32 -> 172306.74
A33: O0001/IE00036/F13636/X024/R0105/001/COMM | B33: Employee Related Cost Cyber Cadet Library Grant (Salaries and Allowances) | C33: 1255167.1 | D33: -1000 | E33: =C33+D33 -> 1254167.1 | G33: =E33+F33 -> 1254167.1 | H33: -289314.35 | I33: =G33+H33 -> 964852.73 | J33: =C33*104.6% -> 1312904.8 | K33: =J33*104.6% -> 1373298.4 | L33: 1023747.1 | N33: =I33-L33-M33 -> -58894.4
A34: O0001/IE00036/F0041/X024/R0105/001/COMM | B34: Employee Related Cost Cyber Cadet Library Grant (Salaries and Allowances) internal Funded Portion | C34: 483927.56 | D34: 1000 | E34: =C34+D34 -> 484927.56 | G34: =E34+F34 -> 484927.56 | H34: 300367.52 | I34: =G34+H34 -> 785295.08 | J34: =C34*105.4% -> 510059.65 | K34: =J34*105.4% -> 537602.87 | L34: 0 | N34: =I34-L34-M34 -> 785295.08
A35: Total Employee Related Cost | C35: =SUM(C25:C34) -> 2283821.2 | D35: =SUM(D25:D34) -> 0 | E35: =SUM(E25:E34) -> 2283821.2 | F35: =SUM(F25:F34) -> 0 | G35: =SUM(G25:G34) -> 2283821.2 | H35: =SUM(H25:H34) -> 300367.52 | I35: =SUM(I25:I34) -> 2584188.7 | J35: =SUM(J25:J34) -> 2392748.4 | ... N35: =SUM(N25:N34) -> 1011103.7
E36: =C36+D36 -> 0 | J36: =C36*105.4% -> 0 | K36: =J36*105.4% -> 0
A37: GRAND TOTAL EXPENDITURE (LIBRARY) | C37: =C35+C22 -> 2410927.6 | D37: =D35+D22 -> 0 | E37: =E35+E22 -> 2410927.6 | F37: =F35+F22 -> 0 | G37: =G35+G22 -> 2410927.6 | H37: =H35+H22 -> 290367.52 | I37: =I35+I22 -> 2701295.1 | J37: =J35+J22 -> 2525838.5 | ... N37: =N35+N22 -> 1118232.6
E38: =C38+D38 -> 0 | J38: =C38*105.4% -> 0 | K38: =J38*105.4% -> 0
A39: SOCIAL COHESION | E39: =C39+D39 -> 0
E40: =C40+D40 -> 0 | J40: =C40*105.4% -> 0 | K40: =J40*105.4% -> 0
A41: General Expenditure | E41: =C41+D41 -> 0
B42: Social Cohesion /Gender | C42: 0 | E42: =C42+D42 -> 0 | J42: =C42*105.4% -> 0
A43: O1252-3/IE00677/F0041/X008/R0106/001/COMM | B43: Social Cohesion /Gender(Catering) | C43: 150000 | E43: =C43+D43 -> 150000 | G43: =E43+F43 -> 150000 | H43: -125500 | I43: =G43+H43 -> 24500 | J43: =C43*104.6% -> 156900 | K43: =J43*104.6% -> 164117.4 | L43: 24500 | N43: =I43-L43-M43 -> 0
A44: O1252-3/IE00754/F0041/X008/R0106/001/COMM | B44: Social Cohesion /Gender (Gift / promotional material) | C44: 50000 | E44: =C44+D44 -> 50000 | G44: =E44+F44 -> 50000 | H44: =(50000+100000)-144442 -> 5558 | I44: =G44+H44 -> 55558 | J44: =C44*104.6% -> 52300 | K44: =J44*104.6% -> 54705.8 | L44: 55558 | N44: =I44-L44-M44 -> 0
A45: O1252-3/IE00667/F0041/X008/R0106/001/COMM | B45: Social Cohesion /Gender (Sound System and Stag) | C45: 50000 | E45: =C45+D45 -> 50000 | G45: =E45+F45 -> 50000 | H45: -24380 | I45: =G45+H45 -> 25620 | J45: =C45*104.6% -> 52300 | K45: =J45*104.6% -> 54705.8 | L45: 25620 | N45: =I45-L45-M45 -> 0
A46: O1252-3/IE00571/F0041/X008/R0106/001/COMM | B46: Social Cohesion /Gender (Tent ) | C46: 90000 | E46: =C46+D46 -> 90000 | G46: =E46+F46 -> 90000 | H46: -83500 | I46: =G46+H46 -> 6500 | J46: =C46*104.6% -> 94140 | K46: =J46*104.6% -> 98470.44 | L46: 6500 | N46: =I46-L46-M46 -> 0
A47: O1252-3/IE00703/F0041/X008/R0106/001/COMM | B47: Social Cohesion /Gender (Transport) | C47: 120000 | E47: =C47+D47 -> 120000 | G47: =E47+F47 -> 120000 | H47: =(-20000-30000)-51000 -> -101000 | I47: =G47+H47 -> 19000 | J47: =C47*104.6% -> 125520 | K47: =J47*104.6% -> 131293.92 | L47: 19000 | N47: =I47-L47-M47 -> 0
B48: Social Cohesion/ Disability Programme | C48: 0 | E48: =C48+D48 -> 0 | G48: =E48+F48 -> 0 | H48: 0 | I48: =G48+H48 -> 0 | J48: =C48*104.6% -> 0 | K48: =J48*104.6% -> 0 | N48: =I48-L48-M48 -> 0
A49: O1245-3/IE00754/F0041/X008/R0106/001/COMM | B49: Social Cohesion/ Disability (Gift and Promotional Items) | C49: 90000 | E49: =C49+D49 -> 90000 | G49: =E49+F49 -> 90000 | H49: -37500 | I49: =G49+H49 -> 52500 | J49: =C49*104.6% -> 94140 | K49: =J49*104.6% -> 98470.44 | L49: 52500 | N49: =I49-L49-M49 -> 0
A50: O1245-3/IE00677/F0041/X008/R0106/001/COMM | B50: Social Cohesion/Disability (Catering,) | C50: 90000 | E50: =C50+D50 -> 90000 | G50: =E50+F50 -> 90000 | H50: -61950 | I50: =G50+H50 -> 28050 | J50: =C50*104.6% -> 94140 | K50: =J50*104.6% -> 98470.44 | L50: 28050 | N50: =I50-L50-M50 -> 0
A51: O1245-3/IE00847/F0041/X008/R0106/001/COMM | B51: Social Cohesion/Disability (facilitator) | C51: 30000 | E51: =C51+D51 -> 30000 | G51: =E51+F51 -> 30000 | H51: -30000 | I51: =G51+H51 -> 0 | J51: =C51*104.6% -> 31380 | K51: =J51*104.6% -> 32823.48 | L51: 0 | N51: =I51-L51-M51 -> 0
A52: O1245-3/IE00667/F0041/X008/R0106/001/COMM | B52: Social Cohesion/Disability (Sound System and Stage) | C52: 30000 | E52: =C52+D52 -> 30000 | G52: =E52+F52 -> 30000 | H52: -5910 | I52: =G52+H52 -> 24090 | J52: =C52*104.6% -> 31380 | K52: =J52*104.6% -> 32823.48 | L52: 24090 | N52: =I52-L52-M52 -> 0
A53: O1245-3/IE00703/F0041/X008/R0106/001/COMM | B53: Social Cohesion/Disability(Transport) | C53: 60000 | E53: =C53+D53 -> 60000 | G53: =E53+F53 -> 60000 | H53: -38000 | I53: =G53+H53 -> 22000 | J53: =C53*104.6% -> 62760 | K53: =J53*104.6% -> 65646.96 | L53: 22000 | N53: =I53-L53-M53 -> 0
B54: Social Cohesion/Dress a Child | C54: 0 | E54: =C54+D54 -> 0 | G54: =E54+F54 -> 0 | H54: 0 | I54: =G54+H54 -> 0 | J54: =C54*104.6% -> 0 | K54: =J54*104.6% -> 0 | N54: =I54-L54-M54 -> 0
A55: O1242-4/IE00677/F0041/X008/R0106/001/COMM | B55: Social Cohesion/Dress a Child (Catering,) | C55: 60000 | E55: =C55+D55 -> 60000 | G55: =E55+F55 -> 60000 | H55: -60000 | I55: =G55+H55 -> 0 | J55: =C55*104.6% -> 62760 | K55: =J55*104.6% -> 65646.96 | N55: =I55-L55-M55 -> 0
A56: O1242-4/IE00604/F0041/X008/R0106/001/COMM | B56: Social Cohesion/Dress a Child (School Uniform) | C56: 350000 | E56: =C56+D56 -> 350000 | G56: =E56+F56 -> 350000 | H56: -150000 | I56: =G56+H56 -> 200000 | J56: =C56*104.6% -> 366100 | K56: =J56*104.6% -> 382940.6 | N56: =I56-L56-M56 -> 200000
A57: O1242-4/IE00667/F0041/X008/R0106/001/COMM | B57: Social Cohesion/Dress a Child (Sound System and Stage) | C57: 20000 | E57: =C57+D57 -> 20000 | G57: =E57+F57 -> 20000 | H57: -20000 | I57: =G57+H57 -> 0 | J57: =C57*104.6% -> 20920 | K57: =J57*104.6% -> 21882.32 | N57: =I57-L57-M57 -> 0
A58: O1242-4/IE00571/F0041/X008/R0106/001/COMM | B58: Social Cohesion/Dress a Child (Tent ) | C58: 80000 | E58: =C58+D58 -> 80000 | G58: =E58+F58 -> 80000 | H58: -80000 | I58: =G58+H58 -> 0 | J58: =C58*104.6% -> 83680 | K58: =J58*104.6% -> 87529.28 | N58: =I58-L58-M58 -> 0
A59: O1242-4/IE00703/F0041/X008/R0106/001/COMM | B59: Social Cohesion/Dress a Child (Transport) | C59: 20000 | E59: =C59+D59 -> 20000 | G59: =E59+F59 -> 20000 | H59: -20000 | I59: =G59+H59 -> 0 | J59: =C59*104.6% -> 20920 | K59: =J59*104.6% -> 21882.32 | N59: =I59-L59-M59 -> 0
A60: O1264-23/IE01312/F0041/X008/R0106/001/COMM | B60: Dress a Child Covid 19 Respond | F60: 1500000 | G60: =E60+F60 -> 1500000 | I60: =G60+H60 -> 1500000 | N60: =I60-L60-M60 -> 1500000
B61: Social Cohesion/Ingoma | C61: 0 | E61: =C61+D61 -> 0 | G61: =E61+F61 -> 0 | I61: =G61+H61 -> 0 | J61: =C61*104.6% -> 0 | K61: =J61*104.6% -> 0 | N61: =I61-L61-M61 -> 0
A62: O1308-3/IE00677/F0041/X008/R0106/001/COMM | B62: Social Cohesion/Ingoma (Catering,) | C62: 60000 | E62: =C62+D62 -> 60000 | G62: =E62+F62 -> 60000 | H62: -60000 | I62: =G62+H62 -> 0 | J62: =C62*104.6% -> 62760 | K62: =J62*104.6% -> 65646.96 | N62: =I62-L62-M62 -> 0
A63: O1308-3/IE00667/F0041/X008/R0106/001/COMM | B63: Social Cohesion/Ingoma (Sound System and Stage) | C63: 30000 | E63: =C63+D63 -> 30000 | G63: =E63+F63 -> 30000 | H63: -30000 | I63: =G63+H63 -> 0 | J63: =C63*104.6% -> 31380 | K63: =J63*104.6% -> 32823.48 | N63: =I63-L63-M63 -> 0
A64: O1308-3/IE00754/F0041/X008/R0106/001/COMM | B64: Social Cohesion/ Ingoma (Gift and Promotional Items) | C64: 20000 | E64: =C64+D64 -> 20000 | G64: =E64+F64 -> 20000 | H64: -20000 | I64: =G64+H64 -> 0 | J64: =C64*104.6% -> 20920 | K64: =J64*104.6% -> 21882.32 | N64: =I64-L64-M64 -> 0
A65: O1308-3/IE00571/F0041/X008/R0106/001/COMM | B65: Social Cohesion/Ingoma (Tent ) | C65: 60000 | E65: =C65+D65 -> 60000 | G65: =E65+F65 -> 60000 | H65: -60000 | I65: =G65+H65 -> 0 | J65: =C65*104.6% -> 62760 | K65: =J65*104.6% -> 65646.96 | N65: =I65-L65-M65 -> 0
A66: O1308-3/IE00703/F0041/X008/R0106/001/COMM | B66: Social Cohesion/Ingoma (Transport) | C66: 20000 | E66: =C66+D66 -> 20000 | G66: =E66+F66 -> 20000 | H66: -20000 | I66: =G66+H66 -> 0 | J66: =C66*104.6% -> 20920 | K66: =J66*104.6% -> 21882.32 | N66: =I66-L66-M66 -> 0
B67: Social Cohesion/Orphans and Farmworkers | C67: 0 | E67: =C67+D67 -> 0 | G67: =E67+F67 -> 0 | H67: 0 | I67: =G67+H67 -> 0 | J67: =C67*104.6% -> 0 | K67: =J67*104.6% -> 0 | N67: =I67-L67-M67 -> 0
A68: O1217-6/IE00677/F0041/X008/R0106/001/COMM | B68: Social Cohesion/Orphans and Farm workers (Catering) | C68: 40000 | E68: =C68+D68 -> 40000 | G68: =E68+F68 -> 40000 | H68: -40000 | I68: =G68+H68 -> 0 | J68: =C68*104.6% -> 41840 | K68: =J68*104.6% -> 43764.64 | N68: =I68-L68-M68 -> 0
A69: O1217-6/IE00754/F0041/X008/R0106/001/COMM | B69: Social Cohesion/Orphans and Farm workers (Gift and Promotional material) | C69: 30000 | E69: =C69+D69 -> 30000 | G69: =E69+F69 -> 30000 | H69: -30000 | I69: =G69+H69 -> 0 | J69: =C69*104.6% -> 31380 | K69: =J69*104.6% -> 32823.48 | N69: =I69-L69-M69 -> 0
A70: O1217-6/IE00703/F0041/X008/R0106/001/COMM | B70: Social Cohesion/Orphans and Farm workers (Transport) | C70: 40000 | E70: =C70+D70 -> 40000 | G70: =E70+F70 -> 40000 | H70: -40000 | I70: =G70+H70 -> 0 | J70: =C70*104.6% -> 41840 | K70: =J70*104.6% -> 43764.64 | N70: =I70-L70-M70 -> 0
A71: O1217-6/IE00667/F0041/X008/R0106/001/COMM | B71: Social Cohesion/Orphans and Farm workers (Sound System and Stage) | C71: 20000 | E71: =C71+D71 -> 20000 | G71: =E71+F71 -> 20000 | H71: -20000 | I71: =G71+H71 -> 0 | J71: =C71*104.6% -> 20920 | K71: =J71*104.6% -> 21882.32 | N71: =I71-L71-M71 -> 0
A72: O1217-6/IE00571/F0041/X008/R0106/001/COMM | B72: Social Cohesion/Orphans and Farmworkers (Tent ) | C72: 50000 | E72: =C72+D72 -> 50000 | G72: =E72+F72 -> 50000 | H72: -50000 | I72: =G72+H72 -> 0 | J72: =C72*104.6% -> 52300 | K72: =J72*104.6% -> 54705.8 | N72: =I72-L72-M72 -> 0
B73: Social Cohesion/Senior Citizen Program | E73: =C73+D73 -> 0 | G73: =E73+F73 -> 0 | H73: 0 | I73: =G73+H73 -> 0 | N73: =I73-L73-M73 -> 0
A74: O1248-1/IE00677/F0041/X008/R0106/001/COMM | B74: Social Cohesion/Senior Citizen (Catering,) | C74: 100000 | E74: =C74+D74 -> 100000 | G74: =E74+F74 -> 100000 | H74: -86400 | I74: =G74+H74 -> 13600 | J74: =C74*104.6% -> 104600 | K74: =J74*104.6% -> 109411.6 | L74: 13600 | N74: =I74-L74-M74 -> 0
A75: O1248-1/IE00754/F0041/X008/R0106/001/COMM | B75: Social Cohesion/Senior Citizens(Gifts and Promotional Items) | C75: 80000 | E75: =C75+D75 -> 80000 | G75: =E75+F75 -> 80000 | H75: -350 | I75: =G75+H75 -> 79650 | J75: =C75*104.6% -> 83680 | K75: =J75*104.6% -> 87529.28 | L75: 79650 | N75: =I75-L75-M75 -> 0
A76: O1248-1/IE00667/F0041/X008/R0106/001/COMM | B76: Social Cohesion/Senior citizens (Sound System and Stage) | C76: 35000 | E76: =C76+D76 -> 35000 | G76: =E76+F76 -> 35000 | H76: -29000 | I76: =G76+H76 -> 6000 | J76: =C76*104.6% -> 36610 | K76: =J76*104.6% -> 38294.06 | L76: 6000 | N76: =I76-L76-M76 -> 0
A77: O1248-1/IE00571/F0041/X008/R0106/001/COMM | B77: Social Cohesion/ Senior Citizens (Tent ) | C77: 30000 | E77: =C77+D77 -> 30000 | G77: =E77+F77 -> 30000 | H77: -30000 | I77: =G77+H77 -> 0 | J77: =C77*104.6% -> 31380 | K77: =J77*104.6% -> 32823.48 | L77: 0 | N77: =I77-L77-M77 -> 0
A78: O1248-1/IE00703/F0041/X008/R0106/001/COMM | B78: Social Cohesion/Senior Citizens (Transport) | C78: 12000 | E78: =C78+D78 -> 12000 | G78: =E78+F78 -> 12000 | H78: 22000 | I78: =G78+H78 -> 34000 | J78: =C78*104.6% -> 12552 | K78: =J78*104.6% -> 13129.392 | L78: 34000 | N78: =I78-L78-M78 -> 0
B79: Social Cohesion/Umkhosi Wesintu | C79: 0 | E79: =C79+D79 -> 0 | G79: =E79+F79 -> 0 | H79: 0 | I79: =G79+H79 -> 0 | J79: =C79*104.6% -> 0 | K79: =J79*104.6% -> 0 | N79: =I79-L79-M79 -> 0
A80: O1308-4/IE00677/F0041/X008/R0106/001/COMM | B80: Social Cohesion/Umkhosi Wesintu (Catering,) | C80: 200000 | E80: =C80+D80 -> 200000 | G80: =E80+F80 -> 200000 | H80: -200000 | I80: =G80+H80 -> 0 | J80: =C80*104.6% -> 209200 | K80: =J80*104.6% -> 218823.2 | N80: =I80-L80-M80 -> 0
A81: O1308-4/IE00847/F0041/X008/R0106/001/COMM | B81: Social Cohesion/Umkhosi Wesintu (facilitator) | C81: 30000 | E81: =C81+D81 -> 30000 | G81: =E81+F81 -> 30000 | H81: -30000 | I81: =G81+H81 -> 0 | J81: =C81*104.6% -> 31380 | K81: =J81*104.6% -> 32823.48 | N81: =I81-L81-M81 -> 0
A82: O1308-4/IE00754/F0041/X008/R0106/001/COMM | B82: Social Cohesion/Umkhosi Wesintu (Gifts and Promotional Items) | C82: 20000 | E82: =C82+D82 -> 20000 | G82: =E82+F82 -> 20000 | H82: -20000 | I82: =G82+H82 -> 0 | J82: =C82*104.6% -> 20920 | K82: =J82*104.6% -> 21882.32 | N82: =I82-L82-M82 -> 0
A83: O1308-4/IE00667/F0041/X008/R0106/001/COMM | B83: Social Cohesion/Umkhosi Wesintu (Sound System and Stage) | C83: 60000 | E83: =C83+D83 -> 60000 | G83: =E83+F83 -> 60000 | H83: -60000 | I83: =G83+H83 -> 0 | J83: =C83*104.6% -> 62760 | K83: =J83*104.6% -> 65646.96 | N83: =I83-L83-M83 -> 0
A84: O1308-4/IE00571/F0041/X008/R0106/001/COMM | B84: Social Cohesion/Umkhosi Wesintu (Tent ) | C84: 120000 | E84: =C84+D84 -> 120000 | G84: =E84+F84 -> 120000 | H84: =(-20000-50000)-50000 -> -120000 | I84: =G84+H84 -> 0 | J84: =C84*104.6% -> 125520 | K84: =J84*104.6% -> 131293.92 | N84: =I84-L84-M84 -> 0
A85: O1308-4/IE00703/F0041/X008/R0106/001/COMM | B85: Social Cohesion/Umkhosi Wesintu (Transport) | C85: 100000 | E85: =C85+D85 -> 100000 | G85: =E85+F85 -> 100000 | H85: -100000 | I85: =G85+H85 -> 0 | J85: =C85*104.6% -> 104600 | K85: =J85*104.6% -> 109411.6 | N85: =I85-L85-M85 -> 0
B86: Moral Regeneration Program | E86: =C86+D86 -> 0 | G86: =E86+F86 -> 0 | H86: 0 | I86: =G86+H86 -> 0 | N86: =I86-L86-M86 -> 0
A87: O1243-5/IE00677/F0041/X008/R0106/001/COMM | B87: Moral Regeneration (Catering) | C87: 70000 | E87: =C87+D87 -> 70000 | G87: =E87+F87 -> 70000 | H87: -70000 | I87: =G87+H87 -> 0 | J87: =C87*104.6% -> 73220 | K87: =J87*104.6% -> 76588.12 | N87: =I87-L87-M87 -> 0
A88: O1243-5/IE00703/F0041/X008/R0106/001/COMM | B88: Moral Regeneration (Transportation) | C88: 40000 | E88: =C88+D88 -> 40000 | G88: =E88+F88 -> 40000 | H88: -40000 | I88: =G88+H88 -> 0 | J88: =C88*104.6% -> 41840 | K88: =J88*104.6% -> 43764.64 | N88: =I88-L88-M88 -> 0
A89: O1243-5/IE00571/F0041/X008/R0106/001/COMM | B89: Moral Regenaration (Tent, Chairs and Tables) | C89: 30000 | E89: =C89+D89 -> 30000 | G89: =E89+F89 -> 30000 | H89: -30000 | I89: =G89+H89 -> 0 | J89: =C89*104.6% -> 31380 | K89: =J89*104.6% -> 32823.48 | N89: =I89-L89-M89 -> 0
A90: O1243-5/IE00667/F0041/X008/R0106/001/COMM | B90: Moral Regeneration (Sound and Stage Hire) | C90: 20000 | E90: =C90+D90 -> 20000 | G90: =E90+F90 -> 20000 | H90: -20000 | I90: =G90+H90 -> 0 | J90: =C90*104.6% -> 20920 | K90: =J90*104.6% -> 21882.32 | N90: =I90-L90-M90 -> 0
B91: HIV and AIDS Programmes | C91: 0 | E91: =C91+D91 -> 0 | G91: =E91+F91 -> 0 | H91: 0 | I91: =G91+H91 -> 0 | J91: =C91*104.6% -> 0 | K91: =J91*104.6% -> 0 | N91: =I91-L91-M91 -> 0
A92: O1220-4/IE00677/F0041/X008/R0106/001/COMM | B92: HIV and AIDS Programmes (Catering) | C92: 120000 | E92: =C92+D92 -> 120000 | G92: =E92+F92 -> 120000 | H92: -89400 | I92: =G92+H92 -> 30600 | J92: =C92*104.6% -> 125520 | K92: =J92*104.6% -> 131293.92 | L92: 30600 | N92: =I92-L92-M92 -> 0
A93: O1220-4/IE00571/F0041/X008/R0106/001/COMM | B93: HIV and AIDS Programmes (Hire Charges Tent) | C93: 80000 | E93: =C93+D93 -> 80000 | G93: =E93+F93 -> 80000 | H93: -50130 | I93: =G93+H93 -> 29870 | J93: =C93*104.6% -> 83680 | K93: =J93*104.6% -> 87529.28 | L93: 29870 | N93: =I93-L93-M93 -> 0
A94: O1220-4/IE00667/F0041/X008/R0106/001/COMM | B94: HIV and AIDS Programmes (Sound system) | C94: 30000 | E94: =C94+D94 -> 30000 | G94: =E94+F94 -> 30000 | H94: -23000 | I94: =G94+H94 -> 7000 | J94: =C94*104.6% -> 31380 | K94: =J94*104.6% -> 32823.48 | L94: 7000 | N94: =I94-L94-M94 -> 0
A95: O1220-4/IE00703/F0041/X008/R0106/001/COMM | B95: HIV and AIDS Programmes (Transport) | C95: 80000 | E95: =C95+D95 -> 80000 | G95: =E95+F95 -> 80000 | H95: -51000 | I95: =G95+H95 -> 29000 | J95: =C95*104.6% -> 83680 | K95: =J95*104.6% -> 87529.28 | L95: 29000 | N95: =I95-L95-M95 -> 0
B96: Civil Society Forums Advisory meeting | E96: =C96+D96 -> 0 | G96: =E96+F96 -> 0 | H96: 0 | I96: =G96+H96 -> 0 | N96: =I96-L96-M96 -> 0
A97: O1247-1/IE00677/F0041/X008/R0106/001/COMM | B97: Civil Society Forums Advisory meeting (Catering) | C97: 30000 | E97: =C97+D97 -> 30000 | G97: =E97+F97 -> 30000 | H97: -28200 | I97: =G97+H97 -> 1800 | J97: =C97*104.6% -> 31380 | K97: =J97*104.6% -> 32823.48 | L97: 1800 | N97: =I97-L97-M97 -> 0
A98: O1247-1/IE00754/F0041/X008/R0106/001/COMM | B98: Civil Society Forums Advisory meeting (Gifts and Promotional Items) | C98: 10000 | E98: =C98+D98 -> 10000 | G98: =E98+F98 -> 10000 | H98: -10000 | I98: =G98+H98 -> 0 | J98: =C98*104.6% -> 10460 | K98: =J98*104.6% -> 10941.16 | N98: =I98-L98-M98 -> 0
B99: 16 Days of Activisim Program | E99: =C99+D99 -> 0 | G99: =E99+F99 -> 0 | H99: 0 | I99: =G99+H99 -> 0 | J99: =C99*104.6% -> 0 | K99: =J99*104.6% -> 0 | N99: =I99-L99-M99 -> 0
A100: O1235-6/IE00677/F0041/X008/R0106/001/COMM | B100: 16 Days of Activism Programme (Catering) | C100: 50000 | E100: =C100+D100 -> 50000 | G100: =E100+F100 -> 50000 | H100: =(5000-580)-0 -> 4420 | I100: =G100+H100 -> 54420 | J100: =C100*104.6% -> 52300 | K100: =J100*104.6% -> 54705.8 | L100: 54420 | N100: =I100-L100-M100 -> 0
A101: O1235-6/IE00571/F0041/X008/R0106/001/COMM | B101: 16 Days of Activism Programme (Tent ) | C101: 30000 | E101: =C101+D101 -> 30000 | G101: =E101+F101 -> 30000 | H101: -100 | I101: =G101+H101 -> 29900 | J101: =C101*104.6% -> 31380 | K101: =J101*104.6% -> 32823.48 | L101: 29900 | N101: =I101-L101-M101 -> 0
A102: O1235-6/IE00667/F0041/X008/R0106/001/COMM | B102: 16 Days of Activism Programme (Sound and stage) | C102: 20000 | E102: =C102+D102 -> 20000 | G102: =E102+F102 -> 20000 | H102: =(-5000-8000)-0 -> -13000 | I102: =G102+H102 -> 7000 | J102: =C102*104.6% -> 20920 | K102: =J102*104.6% -> 21882.32 | L102: 7000 | N102: =I102-L102-M102 -> 0
...

Sheet OPEX WHOLE M
A1: ACCOUNT NUMBER | B1: ACCOUNT DESCRIPTION | C1: 2018/2019 ORIGINAL BUDGET | D1: YTD EXPENDITURE | E1: ADJUSTMENTS | F1: 2018/2019 ADJUSTED BUDGET | G1: 2019/2020 OUTER YEAR ONE | H1: 2020/2021 OUTER YEAR TWO

Sheet CORPORATE SERVICES
B1: ='2020 2021 ADJU BUDGET SUMMARY'!J24 -> -58996.246 | C1: ='2020 2021 ADJU BUDGET SUMMARY'!J24 -> -58996.246
A2: 2020/2021 APPROVED ADJUSTED BUDGET (CORPORATE SERVICES)
A3: ACCOUNT NUMBER | B3: ACCOUNT DESCRIPTION | C3: 2020/2021 Draft Budget | D3: Consultation Changes | E3: 2020/2021 Final Budget | F3: Adjustments | G3: 2020/2021 First Adjusted Budget | H3: Adjustments | I3: 2020/2021 Second Adjusted Budget | J3: 2021/2022 Outer Year One | K3: 2022/2023 Outer Year Two | L3: Total Expenditure as at 31 January 2021 | M3: Pending Amount | N3: Available budget After Adjustment
A5: HUMAN RESOURCES
A6: General Expenditure
B7: Recruitment | J7: 0
A8: O0001/IE00692/F0041/X062/R0105/001/CORP | B8: Recruitme (Vetting) | C8: 65000 | E8: =C8+D8 -> 65000 | G8: =E8+F8 -> 65000 | I8: =G8+H8 -> 65000 | J8: =C8*104.6% -> 67990 | K8: =J8*104.6% -> 71117.54 | L8: 17499.74 | N8: =I8-L8-M8 -> 47500.26
A9: O0001/IE00677/F0041/X062/R0105/001/CORP | B9: Recruitment (Catering) | C9: 45000 | E9: =C9+D9 -> 45000 | G9: =E9+F9 -> 45000 | H9: -30000 | I9: =G9+H9 -> 15000 | J9: =C9*104.6% -> 47070 | K9: =J9*104.6% -> 49235.22 | N9: =I9-L9-M9 -> 15000
A10: O0001/IE00841/F0041/X062/R0105/001/CORP | B10: Recruitment (Medical Examination) | C10: 25000 | E10: =C10+D10 -> 25000 | G10: =E10+F10 -> 25000 | I10: =G10+H10 -> 25000 | J10: =C10*104.6% -> 26150 | K10: =J10*104.6% -> 27352.9 | N10: =I10-L10-M10 -> 25000
A11: O0001/IE00142/F0041/X062/R0105/001/CORP | B11: Recruitment (Relocation ) | C11: 60000 | E11: =C11+D11 -> 60000 | G11: =E11+F11 -> 60000 | H11: -19000 | I11: =G11+H11 -> 41000 | J11: =C11*104.6% -> 62760 | K11: =J11*104.6% -> 65646.96 | N11: =I11-L11-M11 -> 41000
A12: O0001/IE00063/F0041/X062/R0105/001/CORP | B12: Recruitment (S & T) | C12: 35000 | E12: =C12+D12 -> 35000 | G12: =E12+F12 -> 35000 | I12: =G12+H12 -> 35000 | J12: =C12*104.6% -> 36610 | K12: =J12*104.6% -> 38294.06 | L12: 4261.08 | N12: =I12-L12-M12 -> 30738.92
C13: 0 | E13: =C13+D13 -> 0 | G13: =E13+F13 -> 0 | I13: =G13+H13 -> 0 | J13: =C13*104.6% -> 0 | K13: =J13*104.6% -> 0 | N13: =I13-L13-M13 -> 0
A14: O0001/IE00751/F0041/X062/R0105/001/CORP | B14: General Advertisement | C14: 550000 | E14: =C14+D14 -> 550000 | G14: =E14+F14 -> 550000 | H14: 150000 | I14: =G14+H14 -> 700000 | J14: =C14*104.6% -> 575300 | K14: =J14*104.6% -> 601763.8 | L14: 457239.98 | M14: 14431.1 | N14: =I14-L14-M14 -> 228328.92
B15: Employee wellness | C15: 0 | E15: =C15+D15 -> 0 | G15: =E15+F15 -> 0 | I15: =G15+H15 -> 0 | J15: =C15*104.6% -> 0 | K15: =J15*104.6% -> 0 | N15: =I15-L15-M15 -> 0
A16: O1299-4/IE00677/F0041/X051/R0105/001/CORP | B16: Employee wellness (Catering Services) | C16: 150000 | E16: =C16+D16 -> 150000 | G16: =E16+F16 -> 150000 | H16: -109000 | I16: =G16+H16 -> 41000 | J16: =C16*104.6% -> 156900 | K16: =J16*104.6% -> 164117.4 | L16: 10800 | N16: =I16-L16-M16 -> 30200
A17: O1299-4/IE00754/F0041/X051/R0105/001/CORP | B17: Employee wellness (Promotional Items) | C17: 60000 | E17: =C17+D17 -> 60000 | G17: =E17+F17 -> 60000 | H17: -10000 | I17: =G17+H17 -> 50000 | J17: =C17*104.6% -> 62760 | K17: =J17*104.6% -> 65646.96 | L17: 0 | N17: =I17-L17-M17 -> 50000
A18: O1299-4/IE00847/F0041/X051/R0105/001/CORP | B18: Employee wellness (Training and Awareness Campaigns ) | C18: 150000 | E18: =C18+D18 -> 150000 | G18: =E18+F18 -> 150000 | H18: 45120 | I18: =G18+H18 -> 195120 | J18: =C18*104.6% -> 156900 | K18: =J18*104.6% -> 164117.4 | L18: 104880 | N18: =I18-L18-M18 -> 90240
A19: O1299-4/IE00703/F0041/X051/R0105/001/CORP | B19: Employee wellness (Transport) | C19: 50000 | E19: =C19+D19 -> 50000 | G19: =E19+F19 -> 50000 | H19: -50000 | I19: =G19+H19 -> 0 | J19: =C19*104.6% -> 52300 | K19: =J19*104.6% -> 54705.8 | N19: =I19-L19-M19 -> 0
B20: OHS | C20: 0 | E20: =C20+D20 -> 0 | G20: =E20+F20 -> 0 | I20: =G20+H20 -> 0 | J20: =C20*104.6% -> 0 | K20: =J20*104.6% -> 0 | N20: =I20-L20-M20 -> 0
A21: O0016-3/IE00060/F0041/X062/R0105/001/CORP | B21: OHS (Accommodation) | C21: 35000 | E21: =C21+D21 -> 35000 | G21: =E21+F21 -> 35000 | H21: -10000 | I21: =G21+H21 -> 25000 | J21: =C21*104.6% -> 36610 | K21: =J21*104.6% -> 38294.06 | N21: =I21-L21-M21 -> 25000
A22: O0016-3/IE00677/F0041/X062/R0105/001/CORP | B22: OHS (Catering) | C22: 25000 | E22: =C22+D22 -> 25000 | G22: =E22+F22 -> 25000 | H22: -10000 | I22: =G22+H22 -> 15000 | J22: =C22*104.6% -> 26150 | K22: =J22*104.6% -> 27352.9 | L22: 3036 | N22: =I22-L22-M22 -> 11964
A23: O0016-3/IE00754/F0041/X062/R0105/001/CORP | B23: OHS (Promotional material) | C23: 65000 | D23: 100000 | E23: =C23+D23 -> 165000 | G23: =E23+F23 -> 165000 | H23: 198000 | I23: =G23+H23 -> 363000 | J23: =C23*104.6% -> 67990 | K23: =J23*104.6% -> 71117.54 | L23: 372666 | M23: 84866 | N23: =I23-L23-M23 -> -94532
B24: Professional Fees | C24: 0 | E24: =C24+D24 -> 0 | G24: =E24+F24 -> 0 | I24: =G24+H24 -> 0 | J24: =C24*104.6% -> 0 | K24: =J24*104.6% -> 0 | N24: =I24-L24-M24 -> 0
A25: O0018-1/IE00835/F0041/X062/R0105/001/CORP | B25: Professional Fees (E-Leave management) | C25: 250000 | E25: =C25+D25 -> 250000 | G25: =E25+F25 -> 250000 | H25: -250000 | I25: =G25+H25 -> 0 | J25: =C25*104.6% -> 261500 | K25: =J25*104.6% -> 273529 | N25: =I25-L25-M25 -> 0
A26: O0018-1/IE00635/F0041/X062/R0105/001/CORP | B26: Professional Fees (Employee Wellness) | C26: 350000 | E26: =C26+D26 -> 350000 | G26: =E26+F26 -> 350000 | H26: =-100000-100000 -> -200000 | I26: =G26+H26 -> 150000 | J26: =C26*104.6% -> 366100 | K26: =J26*104.6% -> 382940.6 | N26: =I26-L26-M26 -> 150000
A27: O1300-3/IE00840/F0041/X051/R0105/001/CORP | B27: Professional Fees PMS /Job Evaluation | H27: 37000 | I27: =G27+H27 -> 37000 | N27: =I27-L27-M27 -> 37000
E28: =C28+D28 -> 0 | G28: =E28+F28 -> 0 | I28: =G28+H28 -> 0 | N28: =I28-L28-M28 -> 0
A29: O0001/IE00595/F0041/X051/R0105/001/CORP | B29: Skills Development Levies (Skills Development Levies) | C29: 102124.41 | E29: =C29+D29 -> 102124.41 | G29: =E29+F29 -> 102124.41 | I29: =G29+H29 -> 102124.41 | J29: =C29*104.6% -> 106822.14 | K29: =J29*104.6% -> 111735.96 | L29: 51472.84 | N29: =I29-L29-M29 -> 50651.574
B30: Subsistence & Travelling Allowance | C30: 0 | E30: =C30+D30 -> 0 | G30: =E30+F30 -> 0 | I30: =G30+H30 -> 0 | J30: =C30*104.6% -> 0 | K30: =J30*104.6% -> 0 | N30: =I30-L30-M30 -> 0
A31: O1300-2/IE00061/F0041/X062/R0105/001/CORP | B31: Subsistence & Travelling Allowance (Daily Allowance) | C31: 2100 | E31: =C31+D31 -> 2100 | G31: =E31+F31 -> 2100 | I31: =G31+H31 -> 2100 | J31: =C31*104.6% -> 2196.6 | K31: =J31*104.6% -> 2297.6436 | N31: =I31-L31-M31 -> 2100
A32: O1300-2/IE01581/F0041/X062/R0105/001/CORP | B32: Subsistence,Travelling & Accommodation (Flights) | C32: 30000 | E32: =C32+D32 -> 30000 | G32: =E32+F32 -> 30000 | I32: =G32+H32 -> 30000 | J32: =C32*104.6% -> 31380 | K32: =J32*104.6% -> 32823.48 | N32: =I32-L32-M32 -> 30000
A33: O1300-2/IE00060/F0041/X062/R0105/001/CORP | B33: Subsistence,Travelling & Accommodation (Travel and Subsistence:Domestic:Accommodation) | C33: 52700 | E33: =C33+D33 -> 52700 | G33: =E33+F33 -> 52700 | I33: =G33+H33 -> 52700 | J33: =C33*104.6% -> 55124.2 | K33: =J33*104.6% -> 57659.913 | L33: 29186.31 | N33: =I33-L33-M33 -> 23513.69
A34: O1300-2/IE00810/F0041/X062/R0105/001/CORP | B34: Conferences/Training (Registration Fees:Seminars, Conferences, Workshops and Events:National) | C34: 70000 | E34: =C34+D34 -> 70000 | G34: =E34+F34 -> 70000 | H34: -40000 | I34: =G34+H34 -> 30000 | J34: =C34*104.6% -> 73220 | K34: =J34*104.6% -> 76588.12 | N34: =I34-L34-M34 -> 30000
A35: O1300-2/IE00144/F0041/X062/R0105/001/CORP | B35: Subsistence and Travelling Allowance (Own Transport) | C35: 25000 | E35: =C35+D35 -> 25000 | G35: =E35+F35 -> 25000 | I35: =G35+H35 -> 25000 | J35: =C35*104.6% -> 26150 | K35: =J35*104.6% -> 27352.9 | L35: 4151 | N35: =I35-L35-M35 -> 20849
A36: O1300-2/IE01583/F0041/X062/R0105/001/CORP | B36: Subsistence,Travelling & Accommodation (Car hire- with operator (shuttle) | C36: 3000 | E36: =C36+D36 -> 3000 | G36: =E36+F36 -> 3000 | I36: =G36+H36 -> 3000 | J36: =C36*104.6% -> 3138 | K36: =J36*104.6% -> 3282.348 | N36: =I36-L36-M36 -> 3000
A37: O1300-2/IE00143/F0041/X062/R0105/001/CORP | B37: Subsistence,Travelling & Accommodation (Car hire- without operator) | C37: 12000 | E37: =C37+D37 -> 12000 | G37: =E37+F37 -> 12000 | I37: =G37+H37 -> 12000 | J37: =C37*104.6% -> 12552 | K37: =J37*104.6% -> 13129.392 | N37: =I37-L37-M37 -> 12000
A38: O1300-2/IE00063/F0041/X062/R0105/001/CORP | B38: Subsistence,Travelling & Accommodation (Incidental costs) | C38: 2108 | E38: =C38+D38 -> 2108 | G38: =E38+F38 -> 2108 | I38: =G38+H38 -> 2108 | J38: =C38*104.6% -> 2204.968 | K38: =J38*104.6% -> 2306.3965 | N38: =I38-L38-M38 -> 2108
B39: Training and Seminars | C39: 0 | E39: =C39+D39 -> 0 | G39: =E39+F39 -> 0 | I39: =G39+H39 -> 0 | J39: =C39*104.6% -> 0 | K39: =J39*104.6% -> 0 | N39: =I39-L39-M39 -> 0
A40: O1232-8/IE00703/F0041/X062/R0105/001/CORP | B40: Training and Seminars (Transport) | C40: 0 | E40: =C40+D40 -> 0 | G40: =E40+F40 -> 0 | I40: =G40+H40 -> 0 | J40: =C40*104.6% -> 0 | K40: =J40*104.6% -> 0 | N40: =I40-L40-M40 -> 0
A41: O1232-8/IE00060/F0041/X062/R0105/001/CORP | B41: Training and Seminars (Accommodation) | C41: 150000 | E41: =C41+D41 -> 150000 | G41: =E41+F41 -> 150000 | H41: -80000 | I41: =G41+H41 -> 70000 | J41: =C41*104.6% -> 156900 | K41: =J41*104.6% -> 164117.4 | N41: =I41-L41-M41 -> 70000
A42: O1232-8/IE00677/F0041/X062/R0105/001/CORP | B42: Training and Seminars (Catering ) | C42: 40000 | E42: =C42+D42 -> 40000 | G42: =E42+F42 -> 40000 | I42: =G42+H42 -> 40000 | J42: =C42*104.6% -> 41840 | K42: =J42*104.6% -> 43764.64 | L42: 5876 | N42: =I42-L42-M42 -> 34124
A43: O1232-8/IE00019/F0041/X062/R0105/001/CORP | B43: Training and Seminars (Service Provider) | C43: 800000 | E43: =C43+D43 -> 800000 | G43: =E43+F43 -> 800000 | H43: =240880-100000 -> 140880 | I43: =G43+H43 -> 940880 | J43: =C43*104.6% -> 836800 | K43: =J43*104.6% -> 875292.8 | L43: 702500 | N43: =I43-L43-M43 -> 238380
E44: =C44+D44 -> 0 | G44: =E44+F44 -> 0 | I44: =G44+H44 -> 0 | N44: =I44-L44-M44 -> 0
A45: O0001/IE00584/F0041/X062/R0105/001/CORP | B45: Membership Fees (Membership Fees) SALGA | C45: ='2020 2021 ADJU BUDGET SUMMARY'!J16*1% -> 636666.22 | E45: =C45+D45 -> 636666.22 | G45: =E45+F45 -> 636666.22 | H45: 157000 | I45: =G45+H45 -> 793666.22 | J45: =C45*104.6% -> 665952.87 | K45: =J45*104.6% -> 696586.7 | L45: 818280 | N45: =I45-L45-M45 -> -24613.78
A46: O0001/IE00609/F0041/X062/R0105/001/CORP | B46: Insurance WCA (Insurance WCA) | C46: 458886.38 | E46: =C46+D46 -> 458886.38 | G46: =E46+F46 -> 458886.38 | I46: =G46+H46 -> 458886.38 | J46: =C46*104.6% -> 479995.16 | K46: =J46*104.6% -> 502074.93 | L46: 238758.2 | N46: =I46-L46-M46 -> 220128.18
A47: O0001/IE00555/F0041/X051/R0105/001/CORP | B47: Study Assistant (Internal ) | C47: 580000 | E47: =C47+D47 -> 580000 | G47: =E47+F47 -> 580000 | I47: =G47+H47 -> 580000 | J47: =C47*104.6% -> 606680 | K47: =J47*104.6% -> 634587.28 | L47: 186848 | N47: =I47-L47-M47 -> 393152
A48: Total General Expenditure | C48: =SUM(C8:C47) -> 4879585 | D48: =SUM(D8:D47) -> 100000 | E48: =SUM(E8:E47) -> 4979585 | F48: =SUM(F8:F47) -> 0 | G48: =SUM(G8:G47) -> 4979585 | H48: =SUM(H8:H47) -> -80000 | I48: =SUM(I8:I47) -> 4899585 | J48: =SUM(J8:J47) -> 5104045.9 | ... N48: =SUM(N8:N47) -> 1792832.8
E49: =C49+D49 -> 0
A50: Employee Related Cost | E50: =C50+D50 -> 0 | G50: =E50+F50 -> 0
A51: O0001/IE00036/F0041/X051/R0105/001/CORP | B51: Employee Related Costs (Salaries and Allowances) | C51: 9212529.7 | E51: =C51+D51 -> 9212529.7 | G51: =E51+F51 -> 9212529.7 | H51: -206256.86 | I51: =G51+H51 -> 9006272.9 | J51: =C51*104.6% -> 9636306.1 | K51: =J51*104.6% -> 10079576 | L51: 5041592.7 | N51: =I51-L51-M51 -> 3964680.1
A52: O0001/IE00038/F0041/X051/R0105/001/CORP | B52: Employee Related Cost (Bonus) | C52: 757710.81 | E52: =C52+D52 -> 757710.81 | G52: =E52+F52 -> 757710.81 | H52: -84905.019 | I52: =G52+H52 -> 672805.79 | J52: =C52*104.6% -> 792565.51 | K52: =J52*104.6% -> 829023.52 | L52: 672805.79 | N52: =I52-L52-M52 -> 0 | P52: =O52-L52 -> -672805.79
A53: O0001/IE00040/F0041/X051/R0105/001/CORP | B53: Employee Related Cost (Bargaining Council) | C53: 4138.08 | E53: =C53+D53 -> 4138.08 | G53: =E53+F53 -> 4138.08 | H53: 111.84 | I53: =G53+H53 -> 4249.92 | J53: =C53*104.6% -> 4328.4317 | K53: =J53*104.6% -> 4527.5395 | L53: 2148.3 | N53: =I53-L53-M53 -> 2101.62
A54: O0001/IE00043/F0041/X051/R0105/001/CORP | B54: Employee Related Cost- Medical Aid | C54: 729972.2 | E54: =C54+D54 -> 729972.2 | G54: =E54+F54 -> 729972.2 | H54: -11237.96 | I54: =G54+H54 -> 718734.24 | J54: =C54*104.6% -> 763550.92 | K54: =J54*104.6% -> 798674.26 | L54: 394975.92 | N54: =I54-L54-M54 -> 323758.32
A55: O0001/IE00044/F0041/X051/R0105/001/CORP | B55: Employee Related Cost (Provident Fund and Pension - RA) | C55: 1892010.5 | E55: =C55+D55 -> 1892010.5 | G55: =E55+F55 -> 1892010.5 | H55: 58420.448 | I55: =G55+H55 -> 1950431 | J55: =C55*104.6% -> 1979043 | K55: =J55*104.6% -> 2070079 | L55: 1057538.2 | N55: =I55-L55-M55 -> 892892.77
A56: O0001/IE00045/F0041/X051/R0105/001/CORP | B56: Employee Related Cost (UIF) | C56: 58126.279 | E56: =C56+D56 -> 58126.279 | G56: =E56+F56 -> 58126.279 | H56: 394.34741 | I56: =G56+H56 -> 58520.626 | J56: =C56*104.6% -> 60800.088 | K56: =J56*104.6% -> 63596.892 | L56: 30979.76 | N56: =I56-L56-M56 -> 27540.866
A57: O0001/IE00110/F0041/X051/R0105/001/CORP | B57: Employee Related Cost (Long Term Service Awards) | C57: 125000 | E57: =C57+D57 -> 125000 | G57: =E57+F57 -> 125000 | H57: -69000 | I57: =G57+H57 -> 56000 | J57: =C57*104.6% -> 130750 | K57: =J57*104.6% -> 136764.5 | L57: 0 | N57: =I57-L57-M57 -> 56000
A58: O0001/IE00126/F0041/X051/R0105/001/CORP | B58: Employee Related Cost (Vehicle Allowance) | C58: 396493.25 | E58: =C58+D58 -> 396493.25 | G58: =E58+F58 -> 396493.25 | H58: 0 | I58: =G58+H58 -> 396493.25 | J58: =C58*104.6% -> 414731.94 | K58: =J58*104.6% -> 433809.61 | L58: 191683.03 | N58: =I58-L58-M58 -> 204810.22
A59: O0001/IE01521/F0041/X051/R0105/001/CORP | B59: Employee Related Cost (Housing Subsidy) | C59: 74305.44 | E59: =C59+D59 -> 74305.44 | G59: =E59+F59 -> 74305.44 | H59: 4085.28 | I59: =G59+H59 -> 78390.72 | J59: =C59*104.6% -> 77723.49 | K59: =J59*104.6% -> 81298.771 | L59: 47260.99 | N59: =I59-L59-M59 -> 31129.73
A60: O0001/IE01530/F0041/X051/R0105/001/CORP | B60: Employee related cost (Leave Pay) | C60: 150000 | E60: =C60+D60 -> 150000 | G60: =E60+F60 -> 150000 | H60: 59768.85 | I60: =G60+H60 -> 209768.85 | J60: =C60*104.6% -> 156900 | K60: =J60*104.6% -> 164117.4 | L60: 209768.85 | N60: =I60-L60-M60 -> 0
A61: O0001/IE03969/F0041/X051/R0105/001/CORP | B61: Employee Related Cost (Overtime) | C61: 100000 | E61: =C61+D61 -> 100000 | G61: =E61+F61 -> 100000 | H61: 100000 | I61: =G61+H61 -> 200000 | J61: =C61*104.6% -> 104600 | K61: =J61*104.6% -> 109411.6 | L61: 152180.23 | N61: =I61-L61-M61 -> 47819.77
A62: O0001/IE06075/F0041/X051/R0105/001/CORP | B62: Employee related cost Director Corporate Services (Salaries and Allowances) | C62: 558964.85 | E62: =C62+D62 -> 558964.85 | G62: =E62+F62 -> 558964.85 | H62: 1522.032 | I62: =G62+H62 -> 560486.88 | J62: =C62*104.6% -> 584677.23 | K62: =J62*104.6% -> 611572.38 | L62: 328041.48 | N62: =I62-L62-M62 -> 232445.4
A63: O0001/IE06196/F0041/X051/R0105/001/CORP | B63: Employee related cost Director Corporate Services (Medical Aid) | C63: 48628.8 | E63: =C63+D63 -> 48628.8 | G63: =E63+F63 -> 48628.8 | H63: 2181.6 | I63: =G63+H63 -> 50810.4 | J63: =C63*104.6% -> 50865.725 | K63: =J63*104.6% -> 53205.548 | L63: 28548.6 | N63: =I63-L63-M63 -> 22261.8
A64: O0001/IE06117/F0041/X051/R0105/001/CORP | B64: Employee related cost Director Corporate Services (Performance Bonus) | C64: 100000 | E64: =C64+D64 -> 100000 | G64: =E64+F64 -> 100000 | H64: -100000 | I64: =G64+H64 -> 0 | J64: =C64*104.6% -> 104600 | K64: =J64*104.6% -> 109411.6 | L64: 0 | N64: =I64-L64-M64 -> 0
... A66: O0001/IE06919/F0041/X051/R0105/001/CORP | B66: Employee related cost Director Corporate Services (Vehicle Allowance) | C66: 195365.04 | E66: =C66+D66 -> 195365.04 | G66: =E66+F66 -> 195365.04 | H66: 8400.72 | I66: =G66+H66 -> 203765.76 | J66: =C66*104.6% -> 204351.83 | K66: =J66*104.6% -> 213752.02 | L66: 118863.36 | N66: =I66-L66-M66 -> 84902.4
A67: Total Employee Related Cost | C67: =SUM(C51:C66) -> 14405030 | D67: =SUM(D51:D66) -> 0 | E67: =SUM(E51:E66) -> 14405030 | F67: =SUM(F51:F66) -> 0 | G67: =SUM(G51:G66) -> 14405030 | H67: =SUM(H51:H66) -> -236514.72 | I67: =SUM(I51:I66) -> 14168515 | J67: =SUM(J51:J66) -> 15067661 | ... L67: =SUM(L51:L66) -> 8277428.3 | N67: =SUM(N51:N66) -> 5891086.6
E68: =C68+D68 -> 0 | G68: =E68+F68 -> 0
A69: Transfers and Subsidies | E69: =C69+D69 -> 0 | G69: =E69+F69 -> 0
A70: O1246-1/IE01321/F0041/X051/R0106/001/CORP | B70: Study Assistants (External) | C70: 650000 | E70: =C70+D70 -> 650000 | G70: =E70+F70 -> 650000 | H70: =250000+100000 -> 350000 | I70: =G70+H70 -> 1000000 | J70: =C70*104.6% -> 679900 | K70: =J70*104.6% -> 711175.4 | L70: 275369.82 | N70: =I70-L70-M70 -> 724630.18
A71: Total Transfer and Subsidies | C71: =SUM(C70:C70) -> 650000 | D71: =SUM(D70:D70) -> 0 | E71: =SUM(E70:E70) -> 650000 | F71: =SUM(F70:F70) -> 0 | G71: =SUM(G70:G70) -> 650000 | H71: =SUM(H70:H70) -> 350000 | I71: =SUM(I70:I70) -> 1000000 | J71: =SUM(J70:J70) -> 679900 | ... N71: =SUM(N70:N70) -> 724630.18
E72: =C72+D72 -> 0 | G72: =E72+F72 -> 0
A73: GRAND TOTAL EXPENDITURE (HUMAN RESOURCES) | C73: =C71+C67+C48 -> 19934615 | D73: =D71+D67+D48 -> 100000 | E73: =E71+E67+E48 -> 20034615 | F73: =F71+F67+F48 -> 0 | G73: =G71+G67+G48 -> 20034615 | H73: =H71+H67+H48 -> 33485.283 | I73: =I71+I67+I48 -> 20068100 | J73: =J71+J67+J48 -> 20851607 | ... N73: =N71+N67+N48 -> 8408549.6
E74: =C74+D74 -> 0 | G74: =E74+F74 -> 0
A75: INFORMATION TECHNOLOGY | E75: =C75+D75 -> 0 | G75: =E75+F75 -> 0
E76: =C76+D76 -> 0 | G76: =E76+F76 -> 0
A77: General Expenditure | E77: =C77+D77 -> 0 | G77: =E77+F77 -> 0
E78: =C78+D78 -> 0 | G78: =E78+F78 -> 0
A79: O0001/IE00792/F0041/X063/R0105/001/CORP | B79: Computer Software, Programme and Licencing | C79: 700000 | E79: =C79+D79 -> 700000 | G79: =E79+F79 -> 700000 | H79: 566072.83 | I79: =G79+H79 -> 1266072.8 | J79: =C79*104.6% -> 732200 | K79: =J79*104.6% -> 765881.2 | L79: 1166072.8 | N79: =I79-L79-M79 -> 100000
A80: O0001/IE00784/F0041/X063/R0105/001/CORP | B80: Internet Access (Internet Access ) | C80: 380000 | E80: =C80+D80 -> 380000 | G80: =E80+F80 -> 380000 | H80: -200000 | I80: =G80+H80 -> 180000 | J80: =C80*104.6% -> 397480 | K80: =J80*104.6% -> 415764.08 | L80: 114497.99 | N80: =I80-L80-M80 -> 65502.01
E81: =C81+D81 -> 0 | G81: =E81+F81 -> 0 | I81: =G81+H81 -> 0 | J81: =C81*104.6% -> 0 | K81: =J81*104.6% -> 0 | N81: =I81-L81-M81 -> 0
B82: Professional Fees | E82: =C82+D82 -> 0 | G82: =E82+F82 -> 0 | I82: =G82+H82 -> 0 | J82: =C82*104.6% -> 0 | K82: =J82*104.6% -> 0 | N82: =I82-L82-M82 -> 0
A83: O0018-1/IE00016/F0041/X063/R0105/001/CORP | B83: Professional Fees (Professional Fees) | C83: 100000 | E83: =C83+D83 -> 100000 | G83: =E83+F83 -> 100000 | H83: -30000 | I83: =G83+H83 -> 70000 | J83: =C83*104.6% -> 104600 | K83: =J83*104.6% -> 109411.6 | L83: 32000 | N83: =I83-L83-M83 -> 38000
A84: O0018-2/IE00844/F0041/X063/R0105/001/CORP | B84: Professional Fees (ICT Maintenance) | C84: 650000 | E84: =C84+D84 -> 650000 | G84: =E84+F84 -> 650000 | H84: -276970.64 | I84: =G84+H84 -> 373029.36 | J84: =C84*104.6% -> 679900 | K84: =J84*104.6% -> 711175.4 | L84: 70196.08 | N84: =I84-L84-M84 -> 302833.28
A85: O0029-3/IE00016/F0041/X063/R0105/001/CORP | B85: Professional Fees (Website Hosting) | C85: 120000 | E85: =C85+D85 -> 120000 | G85: =E85+F85 -> 120000 | H85: -24435 | I85: =G85+H85 -> 95565 | J85: =C85*104.6% -> 125520 | K85: =J85*104.6% -> 131293.92 | L85: 49852.5 | N85: =I85-L85-M85 -> 45712.5
B86: Repairs and Maintenance: | E86: =C86+D86 -> 0 | G86: =E86+F86 -> 0 | I86: =G86+H86 -> 0 | J86: =C86*104.6% -> 0 | K86: =J86*104.6% -> 0 | L86: 0 | N86: =I86-L86-M86 -> 0
A87: O1561-3/IE00793/F0041/X063/R0105/001/CORP | B87: Repairs and Maintenance: (Computers) | C87: 100000 | E87: =C87+D87 -> 100000 | G87: =E87+F87 -> 100000 | H87: -50000 | I87: =G87+H87 -> 50000 | J87: =C87*104.6% -> 104600 | K87: =J87*104.6% -> 109411.6 | L87: 10586.25 | M87: 9650 | N87: =I87-L87-M87 -> 29763.75
A88: O2774-1/IE00649/F0041/X063/R0105/001/CORP | B88: Repairs and Maintenance: (Buildings) | C88: 350000 | E88: =C88+D88 -> 350000 | G88: =E88+F88 -> 350000 | H88: -154667.19 | I88: =G88+H88 -> 195332.81 | J88: =C88*104.6% -> 366100 | K88: =J88*104.6% -> 382940.6 | L88: 172200 | N88: =I88-L88-M88 -> 23132.81
A89: O1562-4/IE00650/F0041/X052/R0105/001/CORP | B89: Maintenance of Office Equipment (Small Tools) | C89: 100000 | E89: =C89+D89 -> 100000 | G89: =E89+F89 -> 100000 | I89: =G89+H89 -> 100000 | J89: =C89*104.6% -> 104600 | K89: =J89*104.6% -> 109411.6 | L89: 57466 | M89: 25100 | N89: =I89-L89-M89 -> 17434
E90: =C90+D90 -> 0 | G90: =E90+F90 -> 0 | I90: =G90+H90 -> 0 | J90: =C90*104.6% -> 0 | K90: =J90*104.6% -> 0 | N90: =I90-L90-M90 -> 0
A91: Total General Expenditure | C91: =SUM(C79:C90) -> 2500000 | D91: =SUM(D79:D90) -> 0 | E91: =SUM(E79:E90) -> 2500000 | F91: =SUM(F79:F90) -> 0 | G91: =SUM(G79:G90) -> 2500000 | H91: =SUM(H79:H90) -> -170000 | I91: =SUM(I79:I90) -> 2330000 | J91: =SUM(J79:J90) -> 2615000 | ... N91: =SUM(N79:N90) -> 622378.35
E92: =C92+D92 -> 0 | G92: =E92+F92 -> 0 | J92: =C92*104.6% -> 0 | K92: =J92*104.6% -> 0
A93: Employee Related Cost | E93: =C93+D93 -> 0 | G93: =E93+F93 -> 0 | J93: =C93*104.6% -> 0 | K93: =J93*104.6% -> 0
B94: Employee Related Cost ( Housing Subsidy ) | C94: 0 | E94: =C94+D94 -> 0 | G94: =E94+F94 -> 0 | I94: =G94+H94 -> 0 | J94: =C94*104.6% -> 0 | K94: =J94*104.6% -> 0 | N94: =I94-L94-M94 -> 0
B95: Employee Related Cost ( Provident Fund and Pension - RA ) | C95: 0 | E95: =C95+D95 -> 0 | G95: =E95+F95 -> 0 | I95: =G95+H95 -> 0 | J95: =C95*104.6% -> 0 | K95: =J95*104.6% -> 0 | N95: =I95-L95-M95 -> 0
B96: Employee Related Cost ( Vehicle Allowance ) | C96: 0 | E96: =C96+D96 -> 0 | G96: =E96+F96 -> 0 | I96: =G96+H96 -> 0 | J96: =C96*104.6% -> 0 | K96: =J96*104.6% -> 0 | N96: =I96-L96-M96 -> 0
B97: Employee Related Cost (Bargaining Council) | E97: =C97+D97 -> 0 | G97: =E97+F97 -> 0 | I97: =G97+H97 -> 0 | J97: =C97*104.6% -> 0 | K97: =J97*104.6% -> 0 | N97: =I97-L97-M97 -> 0
B98: Employee Related Cost (BONUS ) | C98: 0 | E98: =C98+D98 -> 0 | G98: =E98+F98 -> 0 | I98: =G98+H98 -> 0 | J98: =C98*104.6% -> 0 | K98: =J98*104.6% -> 0 | N98: =I98-L98-M98 -> 0
B99: Employee Related Cost (Medical Aid ) | C99: 0 | E99: =C99+D99 -> 0 | G99: =E99+F99 -> 0 | I99: =G99+H99 -> 0 | J99: =C99*104.6% -> 0 | K99: =J99*104.6% -> 0 | N99: =I99-L99-M99 -> 0
B100: Employee Related Cost (Overtime ) | C100: 0 | E100: =C100+D100 -> 0 | G100: =E100+F100 -> 0 | I100: =G100+H100 -> 0 | J100: =C100*104.6% -> 0 | K100: =J100*104.6% -> 0 | N100: =I100-L100-M100 -> 0
B101: Employee Related Cost (Salaries and Allowances) | C101: 0 | E101: =C101+D101 -> 0 | G101: =E101+F101 -> 0 | I101: =G101+H101 -> 0 | J101: =C101*104.6% -> 0 | K101: =J101*104.6% -> 0 | N101: =I101-L101-M101 -> 0
B102: Employee Related Cost (UIF ) | C102: 0 | E102: =C102+D102 -> 0 | G102: =E102+F102 -> 0 | I102: =G102+H102 -> 0 | J102: =C102*104.6% -> 0 | K102: =J102*104.6% -> 0 | N102: =I102-L102-M102 -> 0
...

Sheet EXECUTIVE COUNCIL
B1: ='2020 2021 ADJU BUDGET SUMMARY'!J24 -> -58996.246 | C1: ='2020 2021 ADJU BUDGET SUMMARY'!J24 -> -58996.246
A2: 2020/2021 APPROVED ADJUSTED BUDGET (EXECUTIVE COUNCIL)
A3: ACCOUNT NUMBER | B3: ACCOUNT DESCRIPTION | C3: 2020/2021 Draft Budget | D3: Consultation Changes | E3: 2020/2021 Final Budget | F3: Adjustments | G3: 2020/2021 First Adjusted Budget | H3: Adjustments | I3: 2020/2021 Second Adjusted Budget | J3: 2021/2022 Outer Year One | K3: 2022/2023 Outer Year Two | L3: Total Expenditure as at 31 January 2021 | M3: Pending Amount | N3: Available budget After Adjustment
A5: EXPENDITURE
A6: Operational Cost
A7: O0001/IE00059/F0041/X044/R0105/001/EXEC | B7: Conferences/Training (Registration Fees:Seminars, Conferences, Workshops and Events:National) | C7: 80000 | E7: =C7+D7 -> 80000 | G7: =E7+F7 -> 80000 | H7: -40000 | I7: =G7+H7 -> 40000 | J7: =C7*104.6% -> 83680 | K7: =J7*104.6% -> 87529.28 | L7: 0 | N7: =I7-L7-M7 -> 40000 | Q7: =E9-P9 -> 37952.606
A8: O1486-1/IE00636/F0041/X044/R0105/001/EXEC | B8: Strategic Planning | C8: 500000 | E8: =C8+D8 -> 500000 | G8: =E8+F8 -> 500000 | H8: -500000 | I8: =G8+H8 -> 0 | J8: =C8*104.6% -> 523000 | K8: =J8*104.6% -> 547058 | L8: 0 | N8: =I8-L8-M8 -> 0
A9: O0001/IE00595/F0041/X044/R0105/001/EXEC | B9: Skills Development Levies | C9: 0 | D9: 150000 | E9: =C9+D9 -> 150000 | G9: =E9+F9 -> 150000 | H9: -37952.606 | I9: =G9+H9 -> 112047.39 | J9: =C9*104.6% -> 0 | K9: =J9*104.6% -> 0 | L9: 65360.98 | N9: =I9-L9-M9 -> 46686.414 | P9: =L9/7*12 -> 112047.39 | R9: =P9-I9 -> 0
B10: Subsistence and Travelling Allowance | C10: 0 | E10: =C10+D10 -> 0 | G10: =E10+F10 -> 0 | I10: =G10+H10 -> 0 | J10: =C10*104.6% -> 0 | K10: =J10*104.6% -> 0 | L10: 0 | N10: =I10-L10-M10 -> 0
A11: O0001/IE00144/F0041/X044/R0105/001/EXEC | B11: Subsistence and Travelling Allowance (Own Transport) | C11: 1300000 | D11: -150000 | E11: =C11+D11 -> 1150000 | G11: =E11+F11 -> 1150000 | H11: -100000 | I11: =G11+H11 -> 1050000 | J11: =C11*104.6% -> 1359800 | K11: =J11*104.6% -> 1422350.8 | L11: 617319.48 | N11: =I11-L11-M11 -> 432680.52
A12: O0001/IE00060/F0041/X044/R0105/001/EXEC | B12: Subsistence,Travelling & Accommodation (Travel and Subsistence:Domestic:Accommodation) | C12: 700000 | E12: =C12+D12 -> 700000 | G12: =E12+F12 -> 700000 | H12: -100000 | I12: =G12+H12 -> 600000 | J12: =C12*104.6% -> 732200 | K12: =J12*104.6% -> 765881.2 | L12: 482272.59 | N12: =I12-L12-M12 -> 117727.41
A13: O0001/IE01581/F0041/X044/R0105/001/EXEC | B13: Subsistence,Travelling & Accomodation (Travel and Subsistence:Domestic:Transport with Operator:Public Transport:Air Transport) | C13: 200000 | E13: =C13+D13 -> 200000 | G13: =E13+F13 -> 200000 | H13: -100000 | I13: =G13+H13 -> 100000 | J13: =C13*104.6% -> 209200 | K13: =J13*104.6% -> 218823.2 | L13: 0 | N13: =I13-L13-M13 -> 100000
A14: O0001/IE01583/F0041/X044/R0105/001/EXEC | B14: Subsistence,Travelling & Accomodation (Travel and Subsistence:Domestic:Transport with Operator:Public Transport:Road Transport) | C14: 50000 | E14: =C14+D14 -> 50000 | G14: =E14+F14 -> 50000 | I14: =G14+H14 -> 50000 | J14: =C14*104.6% -> 52300 | K14: =J14*104.6% -> 54705.8 | L14: 0 | N14: =I14-L14-M14 -> 50000
A15: O0001/IE00143/F0041/X044/R0105/001/EXEC | B15: Subsistence,Travelling & Accomodation (Travel and Subsistence:Domestic:Transport without Operator:Car Rental) | C15: 200000 | E15: =C15+D15 -> 200000 | G15: =E15+F15 -> 200000 | I15: =G15+H15 -> 200000 | J15: =C15*104.6% -> 209200 | K15: =J15*104.6% -> 218823.2 | L15: 33595.39 | N15: =I15-L15-M15 -> 166404.61
C16: 0 | E16: =C16+D16 -> 0 | G16: =E16+F16 -> 0 | I16: =G16+H16 -> 0 | J16: =C16*104.6% -> 0 | K16: =J16*104.6% -> 0 | N16: =I16-L16-M16 -> 0
A17: O0001/IE00840/F0041/X044/R0105/001/EXEC | B17: Council Training | C17: 200000 | E17: =C17+D17 -> 200000 | G17: =E17+F17 -> 200000 | H17: -200000 | I17: =G17+H17 -> 0 | J17: =C17*104.6% -> 209200 | K17: =J17*104.6% -> 218823.2 | N17: =I17-L17-M17 -> 0
A18: Totals Operational Cost | C18: =SUM(C7:C17) -> 3230000 | D18: =SUM(D7:D17) -> 0 | E18: =SUM(E7:E17) -> 3230000 | F18: =SUM(F7:F17) -> 0 | G18: =SUM(G7:G17) -> 3230000 | H18: =SUM(H7:H17) -> -1077952.6 | I18: =SUM(I7:I17) -> 2152047.4 | J18: =SUM(J7:J17) -> 3378580 | ... N18: =SUM(N7:N17) -> 953498.95
G19: =E19+F19 -> 0
A20: Remuneration of Councillors | G20: =E20+F20 -> 0
A21: O0001/IE00073/F0041/X044/R0105/001/EXEC | B21: Remuneration for councillors (Speaker:Social Contributions:Medial Aid Benefits) | C21: 51741.092 | E21: =C21+D21 -> 51741.092 | G21: =E21+F21 -> 51741.092 | I21: =G21+H21 -> 51741.092 | J21: =C21*104.6% -> 54121.183 | K21: =J21*104.6% -> 56610.757 | L21: 32404.47 | N21: =I21-L21-M21 -> 19336.622
A22: O0001/IE00816/F0041/X044/R0105/001/EXEC | B22: Remuneration for councillors (Speaker:Allowances and Service Related Benefits:Basic Salary) | C22: 679321.13 | E22: =C22+D22 -> 679321.13 | G22: =E22+F22 -> 679321.13 | I22: =G22+H22 -> 679321.13 | J22: =C22*104.6% -> 710569.9 | K22: =J22*104.6% -> 743256.12 | L22: 370007.47 | N22: =I22-L22-M22 -> 309313.66
A23: O0001/IE00817/F0041/X044/R0105/001/EXEC | B23: Remuneration for councillors (Speaker:Allowances and Service Related Benefits:Cell phone Allowance) | C23: 54781.86 | E23: =C23+D23 -> 54781.86 | G23: =E23+F23 -> 54781.86 | I23: =G23+H23 -> 54781.86 | J23: =C23*104.6% -> 57301.826 | K23: =J23*104.6% -> 59937.71 | L23: 23800 | N23: =I23-L23-M23 -> 30981.86
A24: O0001/IE07194/F0041/X044/R0105/001/EXEC | B24: Remuneration for councillors (Deputy Executive Mayor:Allowances and Service Related Benefits:Basic Salary) | C24: 637762.57 | E24: =C24+D24 -> 637762.57 | G24: =E24+F24 -> 637762.57 | I24: =G24+H24 -> 637762.57 | J24: =C24*104.6% -> 667099.64 | K24: =J24*104.6% -> 697786.23 | L24: 339750.69 | N24: =I24-L24-M24 -> 298011.88
A25: O0001/IE07195/F0041/X044/R0105/001/EXEC | B25: Remuneration for councillors (Deputy Executive Mayor:Allowances and Service Related Benefits:Cell phone Allowance) | C25: 46275.36 | E25: =C25+D25 -> 46275.36 | G25: =E25+F25 -> 46275.36 | I25: =G25+H25 -> 46275.36 | J25: =C25*104.6% -> 48404.027 | K25: =J25*104.6% -> 50630.612 | L25: 23800 | N25: =I25-L25-M25 -> 22475.36
A26: O0001/IE07204/F0041/X044/R0105/001/EXEC | B26: Remuneration for councillors (Deputy Executive Mayor:Social Contributions:Medial Aid Benefits) | C26: 36445.929 | E26: =C26+D26 -> 36445.929 | G26: =E26+F26 -> 36445.929 | I26: =G26+H26 -> 36445.929 | J26: =C26*104.6% -> 38122.442 | K26: =J26*104.6% -> 39876.074 | L26: 11021.4 | N26: =I26-L26-M26 -> 25424.529
A27: O0001/IE07205/F0041/X044/R0105/001/EXEC | B27: Remuneration for councillors (Deputy Executive Mayor:Social Contributions:Pension Fund Contributions) | C27: 93340.94 | E27: =C27+D27 -> 93340.94 | G27: =E27+F27 -> 93340.94 | I27: =G27+H27 -> 93340.94 | J27: =C27*104.6% -> 97634.623 | K27: =J27*104.6% -> 102125.82 | L27: 50962.59 | N27: =I27-L27-M27 -> 42378.35
A28: O0001/IE07206/F0041/X044/R0105/001/EXEC | B28: Remuneration for councillors (Executive Committee:Allowances and Service Related Benefits:Basic Salary) | C28: 2835500 | E28: =C28+D28 -> 2835500 | G28: =E28+F28 -> 2835500 | I28: =G28+H28 -> 2835500 | J28: =C28*104.6% -> 2965933 | K28: =J28*104.6% -> 3102365.9 | L28: 1388083.2 | N28: =I28-L28-M28 -> 1447416.8
A29: O0001/IE07207/F0041/X044/R0105/001/EXEC | B29: Remuneration for councillors (Executive Committee:Allowances and Service Related Benefits:Cell phone Allowance) | C29: 185101.44 | E29: =C29+D29 -> 185101.44 | G29: =E29+F29 -> 185101.44 | I29: =G29+H29 -> 185101.44 | J29: =C29*104.6% -> 193616.11 | K29: =J29*104.6% -> 202522.45 | L29: 119000 | N29: =I29-L29-M29 -> 66101.44
A30: O0001/IE07216/F0041/X044/R0105/001/EXEC | B30: Municipal Running Cost/Medial Aid Benefits/Equitable Share/Mayor and Council/Administrative or Head O/Default/Executive & Council | C30: 0 | E30: =C30+D30 -> 0 | G30: =E30+F30 -> 0 | I30: =G30+H30 -> 0 | J30: =C30*104.6% -> 0 | K30: =J30*104.6% -> 0 | L30: 14646 | N30: =I30-L30-M30 -> -14646
A31: O0001/IE07217/F0041/X044/R0105/001/EXEC | B31: Remuneration for councillors (Executive Committee:Social Contributions:Pension Fund Contributions) | C31: 340260 | E31: =C31+D31 -> 340260 | G31: =E31+F31 -> 340260 | I31: =G31+H31 -> 340260 | J31: =C31*104.6% -> 355911.96 | K31: =J31*104.6% -> 372283.91 | L31: 147375.62 | N31: =I31-L31-M31 -> 192884.38
A32: O0001/IE07218/F0041/X044/R0105/001/EXEC | B32: Remuneration for councillors (Executive Mayor:Allowances and Service Related Benefits:Basic Salary) | C32: 906204.7 | E32: =C32+D32 -> 906204.7 | G32: =E32+F32 -> 906204.7 | I32: =G32+H32 -> 906204.7 | J32: =C32*104.6% -> 947890.12 | K32: =J32*104.6% -> 991493.07 | L32: 479557.35 | N32: =I32-L32-M32 -> 426647.35
... A40: O0001/IE07241/F0041/X044/R0105/001/EXEC | B40: Employee related costs: council (Total for All Other Councillors:Social Contributions:Pension Fund Contributions) | C40: 668700.07 | E40: =C40+D40 -> 668700.07 | G40: =E40+F40 -> 668700.07 | I40: =G40+H40 -> 668700.07 | J40: =C40*104.6% -> 699460.27 | K40: =J40*104.6% -> 731635.45 | L40: 186046.09 | N40: =I40-L40-M40 -> 482653.98
A41: Total Remuneration of Councillors | C41: =SUM(C21:C40) -> 16246710 | D41: =SUM(D21:D40) -> 0 | E41: =SUM(E21:E40) -> 16246710 | F41: =SUM(F21:F40) -> 0 | G41: =SUM(G21:G40) -> 16246710 | H41: =SUM(H21:H40) -> 0 | I41: =SUM(I21:I40) -> 16246710 | J41: =SUM(J21:J40) -> 16994058 | ... N41: =SUM(N21:N40) -> 7805683.2
G42: =E42+F42 -> 0
A43: GRAND TOTAL EXPENDITURE (EXECUTIVE COUNCIL) | C43: =C41+C18 -> 19476710 | D43: =D41+D18 -> 0 | E43: =E41+E18 -> 19476710 | F43: =F41+F18 -> 0 | G43: =G41+G18 -> 19476710 | H43: =H41+H18 -> -1077952.6 | I43: =I41+I18 -> 18398757 | J43: =J41+J18 -> 20372638 | ... N43: =N41+N18 -> 8759182.1
G44: =E44+F44 -> 0
A45: (SUPLUS)/DEFICIT | C45: =C43 -> 19476710 | D45: =D43 -> 0 | E45: =E43 -> 19476710 | F45: =F43 -> 0 | G45: =G43 -> 19476710 | H45: =H43 -> -1077952.6 | I45: =I43 -> 18398757 | J45: =J43 -> 20372638 | ... N45: =N43 -> 8759182.1

Sheet Sheet1
A2: Upgrade of electrical Infrastructure project in Applesbosch Ward 6 | B2: 14000000
A3: Indigent | B3: 3200000
A4: Electrification Projects | B4: 8100000
A5: Thumamina salaries EPWP (Salaries and Allowances) | B5: 600000
A6: Professional Fees (New Municipal Offices: Design,Eletrification Licence study ,Comprehensive infrastructure Plan,Technical Assessment for electrification usage on Municipal Facilities/Assets and Ward 11 Electrification investigation on malfunctioning and | B6: 5700000
A7: Proffesional Fees (LED Strategy) (Tourism Strategy) (Pilgrimage Packaging) | B7: 700000
A8: Proffessional Fees Community Services | B8: 400000
A9: Proffessional Fees Corporate Services | B9: =3200000-720000 -> 2480000
B10: =SUM(B2:B9) -> 35180000
B11: 26000000
B12: =B10-B11 -> 9180000

Sheet EDP
B1: ='2020 2021 ADJU BUDGET SUMMARY'!J24 -> -58996.246 | C1: ='2020 2021 ADJU BUDGET SUMMARY'!J24 -> -58996.246
A2: 2020/2021 APPROVED ADJUSTED BUDGET (ECONOMIC DEVELOPMENT AND PLANNING)
A3: ACCOUNT NUMBER | B3: ACCOUNT DESCRIPTION | C3: 2020/2021 Draft Budget | D3: Consultation Changes | E3: 2020/2021 Final Budget | F3: Adjustments | G3: 2020/2021 First Adjusted Budget | H3: Adjustments | I3: 2020/2021 Second Adjusted Budget | J3: 2021/2022 Outer Year One | K3: 2022/2023 Outer Year Two | L3: Total Expenditure as at 31 January 2021 | M3: Pending Amount | N3: Available budget After Adjustment
A5: LOCAL ECONOMIC DEVELOPMENT
A6: General Expenditure
B7: Ndwedwe Music Festival
A8: O1354-1/IE00636/F0041/X098/R0106/001/EDP | B8: Ndwedwe Music Festival (Grant) | C8: 1400000 | E8: =C8+D8 -> 1400000 | G8: =E8+F8 -> 1400000 | H8: -1400000 | I8: =G8+H8 -> 0 | J8: =C8*104.6% -> 1464400 | K8: =J8*104.6% -> 1531762.4 | N8: =I8-L8-M8 -> 0
A9: O1291-5/IE00634/F0041/X098/R0106/001/EDP | B9: Ndwedwe Music Festival (Electrical Lights) | C9: 250000 | E9: =C9+D9 -> 250000 | G9: =E9+F9 -> 250000 | H9: -250000 | I9: =G9+H9 -> 0 | J9: =C9*104.6% -> 261500 | K9: =J9*104.6% -> 273529 | N9: =I9-L9-M9 -> 0
A10: O1291-5/IE00663/F0041/X098/R0106/001/EDP | B10: Ndwedwe Music Festival (Fencing) | C10: 200000 | E10: =C10+D10 -> 200000 | G10: =E10+F10 -> 200000 | H10: -200000 | I10: =G10+H10 -> 0 | J10: =C10*104.6% -> 209200 | K10: =J10*104.6% -> 218823.2 | N10: =I10-L10-M10 -> 0
C11: 0 | E11: =C11+D11 -> 0 | G11: =E11+F11 -> 0 | I11: =G11+H11 -> 0 | J11: =C11*104.6% -> 0 | K11: =J11*104.6% -> 0 | N11: =I11-L11-M11 -> 0
B12: Maskandi Festival | C12: 0 | E12: =C12+D12 -> 0 | G12: =E12+F12 -> 0 | I12: =G12+H12 -> 0 | J12: =C12*104.6% -> 0 | K12: =J12*104.6% -> 0 | N12: =I12-L12-M12 -> 0
A13: O1306-1/IE00754/F0041/X098/R0106/001/EDP | B13: Maskandi Festival (Promotional Gifts) | C13: 300000 | E13: =C13+D13 -> 300000 | G13: =E13+F13 -> 300000 | H13: -105000 | I13: =G13+H13 -> 195000 | J13: =C13*104.6% -> 313800 | K13: =J13*104.6% -> 328234.8 | L13: 195000 | N13: =I13-L13-M13 -> 0
A14: O1306-1/IE00677/F0041/X098/R0106/001/EDP | B14: Maskandi Festival (Catering) | C14: 30000 | E14: =C14+D14 -> 30000 | G14: =E14+F14 -> 30000 | H14: -490 | I14: =G14+H14 -> 29510 | J14: =C14*104.6% -> 31380 | K14: =J14*104.6% -> 32823.48 | L14: 29510 | N14: =I14-L14-M14 -> 0
A15: O1306-1/IE00667/F0041/X098/R0106/001/EDP | B15: Maskandi Festival (Stage and Sound System) | C15: 80000 | E15: =C15+D15 -> 80000 | G15: =E15+F15 -> 80000 | H15: 90145 | I15: =G15+H15 -> 170145 | J15: =C15*104.6% -> 83680 | K15: =J15*104.6% -> 87529.28 | L15: 170145 | N15: =I15-L15-M15 -> 0
C16: 0 | E16: =C16+D16 -> 0 | G16: =E16+F16 -> 0 | I16: =G16+H16 -> 0 | J16: =C16*104.6% -> 0 | K16: =J16*104.6% -> 0 | N16: =I16-L16-M16 -> 0
B17: Cluster Commercial Gardens | C17: 0 | E17: =C17+D17 -> 0 | G17: =E17+F17 -> 0 | I17: =G17+H17 -> 0 | J17: =C17*104.6% -> 0 | K17: =J17*104.6% -> 0 | N17: =I17-L17-M17 -> 0
A18: O1217-2/IE00534/F0041/X098/R0106/001/EDP | B18: Cluster Commercial Gardens (agricultural tool) | C18: 300000 | E18: =C18+D18 -> 300000 | G18: =E18+F18 -> 300000 | H18: -72500 | I18: =G18+H18 -> 227500 | J18: =C18*104.6% -> 313800 | K18: =J18*104.6% -> 328234.8 | L18: 227500 | N18: =I18-L18-M18 -> 0
A19: O1217-5/IE00663/F0041/X098/R0106/001/EDP | B19: Cluster Commercial Gardens (Gardens Fencing) | C19: 500000 | E19: =C19+D19 -> 500000 | G19: =E19+F19 -> 500000 | H19: =300000+7025 -> 307025 | I19: =G19+H19 -> 807025 | J19: =C19*104.6% -> 523000 | K19: =J19*104.6% -> 547058 | L19: 415438 | N19: =I19-L19-M19 -> 391587
A20: O1217-5/IE00629/F0041/X098/R0106/001/EDP | B20: Cluster Commercial Gardens (Water Supply system) | C20: 400000 | E20: =C20+D20 -> 400000 | G20: =E20+F20 -> 400000 | I20: =G20+H20 -> 400000 | J20: =C20*104.6% -> 418400 | K20: =J20*104.6% -> 437646.4 | L20: 194650 | N20: =I20-L20-M20 -> 205350
A21: O1217-1/IE00642/F0041/X098/R0106/001/EDP | B21: Cluster Commercial Gardens (Support Seeds) | C21: 400000 | E21: =C21+D21 -> 400000 | G21: =E21+F21 -> 400000 | H21: 41290.88 | I21: =G21+H21 -> 441290.88 | J21: =C21*104.6% -> 418400 | K21: =J21*104.6% -> 437646.4 | L21: 441290.88 | N21: =I21-L21-M21 -> 0
E22: =C22+D22 -> 0 | G22: =E22+F22 -> 0 | I22: =G22+H22 -> 0 | N22: =I22-L22-M22 -> 0
B23: Cooperatives Development | C23: 0 | E23: =C23+D23 -> 0 | G23: =E23+F23 -> 0 | I23: =G23+H23 -> 0 | J23: =C23*104.6% -> 0 | K23: =J23*104.6% -> 0 | N23: =I23-L23-M23 -> 0
A24: O1249-4/IE00677/F0041/X098/R0106/001/EDP | B24: Cooperatives Development (Catering) | C24: 50000 | E24: =C24+D24 -> 50000 | G24: =E24+F24 -> 50000 | H24: -7025 | I24: =G24+H24 -> 42975 | J24: =C24*104.6% -> 52300 | K24: =J24*104.6% -> 54705.8 | L24: 2975 | N24: =I24-L24-M24 -> 40000
A25: O1249-3/IE00672/F0041/X098/R0106/001/EDP | B25: Cooperatives Development (Identification and Database),(Gaps Identification) | C25: 300000 | E25: =C25+D25 -> 300000 | G25: =E25+F25 -> 300000 | H25: 90000 | I25: =G25+H25 -> 390000 | J25: =C25*104.6% -> 313800 | K25: =J25*104.6% -> 328234.8 | L25: 390000 | N25: =I25-L25-M25 -> 0
A26: O1249-5/IE00703/F0041/X098/R0106/001/EDP | B26: Cooperatives Development (Transport) | C26: 100000 | E26: =C26+D26 -> 100000 | G26: =E26+F26 -> 100000 | H26: -50000 | I26: =G26+H26 -> 50000 | J26: =C26*104.6% -> 104600 | K26: =J26*104.6% -> 109411.6 | N26: =I26-L26-M26 -> 50000
A27: O1249-3/IE00847/F0041/X098/R0106/001/EDP | B27: Cooperatives Development (Support) | C27: 300000 | E27: =C27+D27 -> 300000 | G27: =E27+F27 -> 300000 | H27: =100000-100000-100000 -> -100000 | I27: =G27+H27 -> 200000 | J27: =C27*104.6% -> 313800 | K27: =J27*104.6% -> 328234.8 | N27: =I27-L27-M27 -> 200000
C28: 0 | E28: =C28+D28 -> 0 | G28: =E28+F28 -> 0 | I28: =G28+H28 -> 0 | J28: =C28*104.6% -> 0 | K28: =J28*104.6% -> 0 | N28: =I28-L28-M28 -> 0
A29: O0001/IE00756/F0041/X098/R0105/001/EDP | B29: Branding (bunners and bilboards for mini-factories | C29: 80000 | E29: =C29+D29 -> 80000 | G29: =E29+F29 -> 80000 | I29: =G29+H29 -> 80000 | J29: =C29*104.6% -> 83680 | K29: =J29*104.6% -> 87529.28 | L29: 13600 | M29: 12000 | N29: =I29-L29-M29 -> 54400
E30: =C30+D30 -> 0 | G30: =E30+F30 -> 0 | I30: =G30+H30 -> 0 | N30: =I30-L30-M30 -> 0
B31: LED | C31: 0 | E31: =C31+D31 -> 0 | G31: =E31+F31 -> 0 | I31: =G31+H31 -> 0 | J31: =C31*104.6% -> 0 | K31: =J31*104.6% -> 0 | N31: =I31-L31-M31 -> 0
A32: O1217-3/IE00667/F0041/X098/R0106/001/EDP | B32: LED (Sound system) | C32: 50000 | E32: =C32+D32 -> 50000 | G32: =E32+F32 -> 50000 | I32: =G32+H32 -> 50000 | J32: =C32*104.6% -> 52300 | K32: =J32*104.6% -> 54705.8 | L32: 24850 | N32: =I32-L32-M32 -> 25150
A33: O1217-3/IE00703/F0041/X098/R0106/001/EDP | B33: LED (Transport) | C33: 60000 | E33: =C33+D33 -> 60000 | G33: =E33+F33 -> 60000 | I33: =G33+H33 -> 60000 | J33: =C33*104.6% -> 62760 | K33: =J33*104.6% -> 65646.96 | L33: 59600 | N33: =I33-L33-M33 -> 400
A34: O1217-3/IE00677/F0041/X098/R0106/001/EDP | B34: LED (Catering Services) | C34: 60000 | E34: =C34+D34 -> 60000 | G34: =E34+F34 -> 60000 | I34: =G34+H34 -> 60000 | J34: =C34*104.6% -> 62760 | K34: =J34*104.6% -> 65646.96 | L34: 32900.5 | N34: =I34-L34-M34 -> 27099.5
E35: =C35+D35 -> 0 | G35: =E35+F35 -> 0 | I35: =G35+H35 -> 0 | N35: =I35-L35-M35 -> 0
A36: O1244-1/IE00604/F0041/X098/R0105/001/EDP | B36: EDP Uniform and Protective Clothing | C36: 70000 | E36: =C36+D36 -> 70000 | G36: =E36+F36 -> 70000 | I36: =G36+H36 -> 70000 | J36: =C36*104.6% -> 73220 | K36: =J36*104.6% -> 76588.12 | L36: 30875 | N36: =I36-L36-M36 -> 39125
A37: O0001/IE00016/F0041/X098/R0106/001/EDP | B37: Membership Fee | E37: =C37+D37 -> 0 | G37: =E37+F37 -> 0 | H37: 5950 | I37: =G37+H37 -> 5950 | L37: 950 | N37: =I37-L37-M37 -> 5000
A38: O0001/IE00595/F0041/X098/R0105/001/EDP | B38: Skills Development Levies (Skills Development Levies) | C38: 45519.233 | E38: =C38+D38 -> 45519.233 | G38: =E38+F38 -> 45519.233 | I38: =G38+H38 -> 45519.233 | J38: =C38*104.6% -> 47613.118 | K38: =J38*104.6% -> 49803.321 | L38: 22908.38 | N38: =I38-L38-M38 -> 22610.853
A39: O0001/IE00060/F0041/X098/R0105/001/EDP | B39: Subsistence,Travelling & Accommodation (Travel and Subsistence:Domestic:Accommodation) | E39: 0 | H39: 11292.63 | I39: =G39+H39 -> 11292.63 | L39: 3292.63 | N39: =I39-L39-M39 -> 8000
A40: O0001/IE00144/F0041/X098/R0105/001/EDP | B40: Subsistence and Travelling Allowance (Own Transport) | H40: 15000 | I40: =G40+H40 -> 15000 | L40: 11130.22 | N40: =I40-L40-M40 -> 3869.78
A41: O0001/IE01581/F0041/X098/R0105/001/EDP | B41: Subsistence,Travelling & Accommodation (Flights) | H41: 16000 | I41: =G41+H41 -> 16000 | N41: =I41-L41-M41 -> 16000
A42: O0001/IE00143/F0041/X098/R0105/001/EDP | B42: Accommodation (Car hire- without operator) | H42: 10000 | I42: =G42+H42 -> 10000 | N42: =I42-L42-M42 -> 10000
N43: =I43-L43-M43 -> 0
B44: SMME Development | C44: 0 | E44: =C44+D44 -> 0 | G44: =E44+F44 -> 0 | I44: =G44+H44 -> 0 | J44: =C44*104.6% -> 0 | K44: =J44*104.6% -> 0 | N44: =I44-L44-M44 -> 0
A45: O1224-2/IE00632/F0041/X098/R0106/001/EDP | B45: SMME Development (Catering) | C45: 60000 | E45: =C45+D45 -> 60000 | G45: =E45+F45 -> 60000 | I45: =G45+H45 -> 60000 | J45: =C45*104.6% -> 62760 | K45: =J45*104.6% -> 65646.96 | L45: 22700 | N45: =I45-L45-M45 -> 37300
A46: O1303-1/IE00022/F0041/X098/R0106/001/EDP | B46: SMME Development (Gaps Identification and Training) | C46: 200000 | E46: =C46+D46 -> 200000 | G46: =E46+F46 -> 200000 | H46: -120000 | I46: =G46+H46 -> 80000 | J46: =C46*104.6% -> 209200 | K46: =J46*104.6% -> 218823.2 | L46: 0 | N46: =I46-L46-M46 -> 80000
A47: O1305-4/IE00667/F0041/X098/R0106/001/EDP | B47: SMME Development (sound system) | C47: 50000 | E47: =C47+D47 -> 50000 | G47: =E47+F47 -> 50000 | I47: =G47+H47 -> 50000 | J47: =C47*104.6% -> 52300 | K47: =J47*104.6% -> 54705.8 | L47: 34800 | N47: =I47-L47-M47 -> 15200
A48: O1249-2/IE00697/F0041/X098/R0106/001/EDP | B48: SMME Development (Support ) | C48: 280000 | E48: =C48+D48 -> 280000 | G48: =E48+F48 -> 280000 | H48: =-80000+100000+100000 -> 120000 | I48: =G48+H48 -> 400000 | J48: =C48*104.6% -> 292880 | K48: =J48*104.6% -> 306352.48 | L48: 0 | N48: =I48-L48-M48 -> 400000
A49: O1305-3/IE00671/F0041/X098/R0106/001/EDP | B49: SMME Development (Transport) | C49: 200000 | E49: =C49+D49 -> 200000 | G49: =E49+F49 -> 200000 | H49: -100000 | I49: =G49+H49 -> 100000 | J49: =C49*104.6% -> 209200 | K49: =J49*104.6% -> 218823.2 | L49: 28000 | N49: =I49-L49-M49 -> 72000
E50: =C50+D50 -> 0 | G50: =E50+F50 -> 0 | I50: =G50+H50 -> 0 | N50: =I50-L50-M50 -> 0
C51: 0 | E51: =C51+D51 -> 0 | G51: =E51+F51 -> 0 | I51: =G51+H51 -> 0 | J51: =C51*104.6% -> 0 | K51: =J51*104.6% -> 0 | N51: =I51-L51-M51 -> 0
B52: Tourisim development | C52: 0 | E52: =C52+D52 -> 0 | G52: =E52+F52 -> 0 | I52: =G52+H52 -> 0 | J52: =C52*104.6% -> 0 | K52: =J52*104.6% -> 0 | N52: =I52-L52-M52 -> 0
A53: O1354-2/IE00594/F0041/X098/R0106/001/EDP | B53: Tourisim development (exhibition stand(tourism indaba) | C53: 150000 | E53: =C53+D53 -> 150000 | G53: =E53+F53 -> 150000 | H53: -150000 | I53: =G53+H53 -> 0 | J53: =C53*104.6% -> 156900 | K53: =J53*104.6% -> 164117.4 | N53: =I53-L53-M53 -> 0
A54: O1354-2/IE00667/F0041/X098/R0106/001/EDP | B54: Tourisim development (Sound system) | C54: 30000 | E54: =C54+D54 -> 30000 | G54: =E54+F54 -> 30000 | I54: =G54+H54 -> 30000 | J54: =C54*104.6% -> 31380 | K54: =J54*104.6% -> 32823.48 | N54: =I54-L54-M54 -> 30000
A55: O1354-2/IE00677/F0041/X098/R0106/001/EDP | B55: Tourisim development (Catering) | C55: 60000 | E55: =C55+D55 -> 60000 | G55: =E55+F55 -> 60000 | H55: -30000 | I55: =G55+H55 -> 30000 | J55: =C55*104.6% -> 62760 | K55: =J55*104.6% -> 65646.96 | N55: =I55-L55-M55 -> 30000
A56: O1354-2/IE00754/F0041/X098/R0106/001/EDP | B56: Tourisim development (Tourism awareness (gifts/ promotional items) | C56: 60000 | E56: =C56+D56 -> 60000 | G56: =E56+F56 -> 60000 | H56: 100000 | I56: =G56+H56 -> 160000 | J56: =C56*104.6% -> 62760 | K56: =J56*104.6% -> 65646.96 | L56: 58900 | N56: =I56-L56-M56 -> 101100
A57: O1354-2/IE00671/F0041/X098/R0106/001/EDP | B57: Tourisim development (Transport) | C57: 100000 | E57: =C57+D57 -> 100000 | G57: =E57+F57 -> 100000 | H57: -50000 | I57: =G57+H57 -> 50000 | J57: =C57*104.6% -> 104600 | K57: =J57*104.6% -> 109411.6 | M57: 48000 | N57: =I57-L57-M57 -> 2000
C58: 0 | E58: =C58+D58 -> 0 | G58: =E58+F58 -> 0 | I58: =G58+H58 -> 0 | J58: =C58*104.6% -> 0 | K58: =J58*104.6% -> 0 | N58: =I58-L58-M58 -> 0
A59: O1565-3/IE00651/F0041/X098/R0106/001/EDP | B59: Repairs and Maintenance C Tractor Maintenance) | C59: 0 | E59: =C59+D59 -> 0 | G59: =E59+F59 -> 0 | I59: =G59+H59 -> 0 | J59: =C59*104.6% -> 0 | K59: =J59*104.6% -> 0 | N59: =I59-L59-M59 -> 0
I60: =G60+H60 -> 0 | N60: =I60-L60-M60 -> 0
A61: O1264-20/IE00419-1/F0041/X098/R0106/001/EDP | B61: Cooperatives Development Covid 19 Respond | F61: 3000000 | G61: =E61+F61 -> 3000000 | I61: =G61+H61 -> 3000000 | N61: =I61-L61-M61 -> 3000000
A62: Total General Expenditure | C62: =SUM(C8:C59) -> 6165519.2 | E62: =SUM(E8:E61) -> 6165519.2 | F62: =SUM(F8:F61) -> 3000000 | G62: =SUM(G8:G61) -> 9165519.2 | H62: =SUM(H8:H61) -> -1828311.5 | I62: =SUM(I8:I61) -> 7337207.7 | J62: =SUM(J8:J61) -> 6449133.1 | K62: =SUM(K8:K61) -> 6745793.2 | L62: =SUM(L8:L61) -> 2411015.6 | ... N62: =SUM(N8:N61) -> 4866192.1
C63: 0 | E63: =C63+D63 -> 0 | G63: =E63+F63 -> 0
A64: Employee Related Cost | C64: 0 | E64: =C64+D64 -> 0 | G64: =E64+F64 -> 0
A65: O0001/IE00036/F0041/X098/R0105/001/EDP | B65: Employee Related Cost (Salaries and Allowances) | C65: 3878263.7 | E65: =C65+D65 -> 3878263.7 | G65: =E65+F65 -> 3878263.7 | H65: -56945.095 | I65: =G65+H65 -> 3821318.6 | J65: =C65*105.4% -> 4087690 | K65: =J65*106.5% -> 4353389.8 | L65: 2079710.1 | N65: =I65-L65-M65 -> 1741608.5
A66: O0001/IE00038/F0041/X098/R0105/001/EDP | B66: Employee Related Cost (Bonus) | C66: 247583.71 | E66: =C66+D66 -> 247583.71 | G66: =E66+F66 -> 247583.71 | H66: 3849.5031 | I66: =G66+H66 -> 251433.21 | J66: =C66*105.4% -> 260953.23 | K66: =J66*106.5% -> 277915.19 | L66: 251433.21 | N66: =I66-L66-M66 -> 0.00062500002
A67: O0001/IE00040/F0041/X098/R0105/001/EDP | B67: Employee Related Cost (Bargaining Council) | C67: 2430.24 | E67: =C67+D67 -> 2430.24 | G67: =E67+F67 -> 2430.24 | H67: -1088.16 | I67: =G67+H67 -> 1342.08 | J67: =C67*105.4% -> 2561.473 | K67: =J67*106.5% -> 2727.9687 | L67: 762.3 | N67: =I67-L67-M67 -> 579.78
A68: O0001/IE00043/F0041/X098/R0105/001/EDP | B68: Employee Related Cost (Medical Aid) | C68: 299386.8 | E68: =C68+D68 -> 299386.8 | G68: =E68+F68 -> 299386.8 | H68: 31744.44 | I68: =G68+H68 -> 331131.24 | J68: =C68*105.4% -> 315553.69 | K68: =J68*106.5% -> 336064.68 | L68: 186786.12 | N68: =I68-L68-M68 -> 144345.12
A69: O0001/IE00044/F0041/X098/R0105/001/EDP | B69: Employee Related Cost (Provident Fund and Pension - RA) | C69: 631526.01 | E69: =C69+D69 -> 631526.01 | G69: =E69+F69 -> 631526.01 | H69: -19002.41 | I69: =G69+H69 -> 612523.6 | J69: =C69*105.4% -> 665628.42 | K69: =J69*106.5% -> 708894.27 | L69: 349137.62 | N69: =I69-L69-M69 -> 263385.98
A70: O0001/IE00045/F0041/X098/R0105/001/EDP | B70: Employee Related Cost (UIF) | C70: 20831.04 | E70: =C70+D70 -> 20831.04 | G70: =E70+F70 -> 20831.04 | H70: 584.64 | I70: =G70+H70 -> 21415.68 | J70: =C70*105.4% -> 21955.916 | K70: =J70*106.5% -> 23383.051 | L70: 10410.4 | N70: =I70-L70-M70 -> 11005.28
A71: O0001/IE00110/F0041/X098/R0105/001/EDP | B71: Employee Related Cost (Long Term Service Awards) | C71: 10000 | E71: =C71+D71 -> 10000 | G71: =E71+F71 -> 10000 | H71: 35000 | I71: =G71+H71 -> 45000 | J71: =C71*105.4% -> 10540 | K71: =J71*106.5% -> 11225.1 | L71: 0 | N71: =I71-L71-M71 -> 45000
A72: O0001/IE01530/F0041/X098/R0105/001/EDP | B72: Leave Pay | C72: 35000 | E72: =C72+D72 -> 35000 | G72: =E72+F72 -> 35000 | H72: 0 | I72: =G72+H72 -> 35000 | J72: =C72*105.4% -> 36890 | K72: =J72*106.5% -> 39287.85 | L72: 27100.25 | N72: =I72-L72-M72 -> 7899.75
A73: O0001/IE00126/F0041/X098/R0105/001/EDP | B73: Employee Related Cost (Vehicle Allowance) | C73: 72646.313 | E73: =C73+D73 -> 72646.313 | G73: =E73+F73 -> 72646.313 | H73: 0 | I73: =G73+H73 -> 72646.313 | J73: =C73*105.4% -> 76569.213 | K73: =J73*106.5% -> 81546.212 | L73: 42377.02 | N73: =I73-L73-M73 -> 30269.293
A74: O0001/IE01521/F0041/X098/R0105/001/EDP | B74: Employee Related Cost (Housing Subsidy) | C74: 20429.24 | E74: =C74+D74 -> 20429.24 | G74: =E74+F74 -> 20429.24 | H74: 680.88 | I74: =G74+H74 -> 21110.12 | J74: =C74*105.4% -> 21532.419 | K74: =J74*106.5% -> 22932.026 | L74: 6751.57 | N74: =I74-L74-M74 -> 14358.55
A75: O0001/IE03969/F0041/X098/R0105/001/EDP | B75: Employee Related Cost (Overtime) | C75: 80000 | E75: =C75+D75 -> 80000 | G75: =E75+F75 -> 80000 | H75: -50000 | I75: =G75+H75 -> 30000 | J75: =C75*105.4% -> 84320 | K75: =J75*106.5% -> 89800.8 | L75: 11848.73 | N75: =I75-L75-M75 -> 18151.27
A76: O0001/IE06076/F0041/X098/R0105/001/EDP | B76: Employee Related Cost Director EDP (Salaries and Allowances) | C76: 587883.5 | E76: =C76+D76 -> 587883.5 | G76: =E76+F76 -> 587883.5 | H76: 1655.376 | I76: =G76+H76 -> 589538.88 | J76: =C76*105.4% -> 619629.21 | K76: =J76*106.5% -> 659905.11 | L76: 344365.68 | N76: =I76-L76-M76 -> 245173.2
... A80: O0001/IE06912/F0041/X098/R0105/001/EDP | B80: Employee Related Cost Director EDP (Vehicle Allowance) | C80: 195365.04 | E80: =C80+D80 -> 195365.04 | G80: =E80+F80 -> 195365.04 | H80: 8400.72 | I80: =G80+H80 -> 203765.76 | J80: =C80*105.4% -> 205914.75 | K80: =J80*106.5% -> 219299.21 | L80: 118863.36 | N80: =I80-L80-M80 -> 84902.4
A81: Total Employee Related Cost | C81: =SUM(C65:C80) -> 6203952.7 | D81: =SUM(D65:D80) -> 0 | E81: =SUM(E65:E80) -> 6203952.7 | F81: =SUM(F65:F80) -> 0 | G81: =SUM(G65:G80) -> 6203952.7 | H81: =SUM(H65:H80) -> -144184.11 | I81: =SUM(I65:I80) -> 6059768.5 | J81: =SUM(J65:J80) -> 6538966.1 | ... N81: =SUM(N65:N80) -> 2616956.8
G82: =E82+F82 -> 0
A83: Grand Total Expenditure (LED) | C83: =C81+C62 -> 12369472 | D83: =D81+D62 -> 0 | E83: =E81+E62 -> 12369472 | F83: =F81+F62 -> 3000000 | G83: =G81+G62 -> 15369472 | H83: =H81+H62 -> -1972495.6 | I83: =I81+I62 -> 13396976 | J83: =J81+J62 -> 12988099 | ... N83: =N81+N62 -> 7483148.9
G84: =E84+F84 -> 0
A85: TOWN PLANNING | G85: =E85+F85 -> 0
G86: =E86+F86 -> 0
A87: General Expenditure | G87: =E87+F87 -> 0
A88: O3583-1/IE00025/F0041/X101/R0105/001/EDP | B88: Professional Fees(LED Strategy,Agricultural plan,SDF and Housing Sector Plan | C88: 700000 | E88: =C88+D88 -> 700000 | G88: =E88+F88 -> 700000 | H88: =669940+200000 -> 869940 | I88: =G88+H88 -> 1569940 | J88: =C88*105.4% -> 737800 | K88: =J88*106.5% -> 785757 | L88: 769940 | N88: =I88-L88-M88 -> 800000
A89: O1303-4/IE00844/F0041/X101/R0105/001/EDP | B89: Professional Fees (Land Use Management System/Sceam) | C89: 500000 | E89: =C89+D89 -> 500000 | G89: =E89+F89 -> 500000 | H89: -65217.39 | I89: =G89+H89 -> 434782.61 | J89: =C89*105.4% -> 527000 | K89: =J89*106.5% -> 561255 | L89: 434782.61 | N89: =I89-L89-M89 -> 0
C90: 0 | E90: =C90+D90 -> 0 | G90: =E90+F90 -> 0 | I90: =G90+H90 -> 0 | J90: =C90*105.4% -> 0 | K90: =J90*106.5% -> 0 | N90: =I90-L90-M90 -> 0
B91: Ndwedwe Town Development | C91: 0 | E91: =C91+D91 -> 0 | G91: =E91+F91 -> 0 | I91: =G91+H91 -> 0 | J91: =C91*105.4% -> 0 | K91: =J91*106.5% -> 0 | N91: =I91-L91-M91 -> 0
A92: O0025-4/IE00086/F0041/X101/R0105/001/EDP | B92: Ndwedwe Town Development (Engineering) | C92: 400000 | D92: 800000 | E92: =C92+D92 -> 1200000 | G92: =E92+F92 -> 1200000 | H92: =100000+100000 -> 200000 | I92: =G92+H92 -> 1400000 | J92: =C92*105.4% -> 421600 | K92: =J92*106.5% -> 449004 | N92: =I92-L92-M92 -> 1400000
A93: O0025-5/IE00022/F0041/X101/R0105/001/EDP | B93: Ndwedwe Town Development (Town Planning) | C93: 400000 | E93: =C93+D93 -> 400000 | G93: =E93+F93 -> 400000 | H93: 1200000 | I93: =G93+H93 -> 1600000 | J93: =C93*105.4% -> 421600 | K93: =J93*106.5% -> 449004 | L93: 1391304.4 | N93: =I93-L93-M93 -> 208695.65
C94: 0 | E94: =C94+D94 -> 0 | G94: =E94+F94 -> 0 | I94: =G94+H94 -> 0 | J94: =C94*105.4% -> 0 | K94: =J94*106.5% -> 0 | N94: =I94-L94-M94 -> 0
B95: GIS Projects | C95: 0 | E95: =C95+D95 -> 0 | G95: =E95+F95 -> 0 | I95: =G95+H95 -> 0 | J95: =C95*105.4% -> 0 | K95: =J95*106.5% -> 0 | N95: =I95-L95-M95 -> 0
A96: O0024-2/IE00672/F0041/X101/R0105/001/EDP | B96: DPSS Shared Service | C96: 1600000 | D96: -800000 | E96: =C96+D96 -> 800000 | G96: =E96+F96 -> 800000 | H96: =294707.95286575-94707 -> 200000.95 | I96: =G96+H96 -> 1000001 | J96: 1200000 | K96: =J96*106.5% -> 1278000 | N96: =I96-L96-M96 -> 1000001
A97: O0001/IE00792/F0041/X101/R0105/001/EDP | B97: ESRISoftware maintenance | C97: 50000 | E97: =C97+D97 -> 50000 | G97: =E97+F97 -> 50000 | H97: 19580 | I97: =G97+H97 -> 69580 | J97: =C97*105.4% -> 52700 | K97: =J97*106.5% -> 56125.5 | L97: 30420 | N97: =I97-L97-M97 -> 39160
E98: =C98+D98 -> 0 | G98: =E98+F98 -> 0 | I98: =G98+H98 -> 0 | J98: =C98*105.4% -> 0 | K98: =J98*106.5% -> 0 | N98: =I98-L98-M98 -> 0
A99: GRAND TOTAL EXPENDITURE (LED) | C99: =SUM(C88:C98) -> 3650000 | D99: =SUM(D88:D98) -> 0 | E99: =SUM(E88:E98) -> 3650000 | F99: =SUM(F88:F98) -> 0 | G99: =SUM(G88:G98) -> 3650000 | H99: =SUM(H88:H98) -> 2424303.6 | I99: =SUM(I88:I98) -> 6074303.6 | J99: =SUM(J88:J98) -> 3360700 | ... N99: =SUM(N88:N98) -> 3447856.6
G100: =E100+F100 -> 0
A101: Employee Related Cost | G101: =E101+F101 -> 0 | J101: =C101*105.4% -> 0 | K101: =J101*106.5% -> 0
B102: Employee Related Cost ( Housing Subsidy ) | C102: 0 | G102: =E102+F102 -> 0 | I102: =G102+H102 -> 0 | J102: =C102*105.4% -> 0 | K102: =J102*106.5% -> 0 | N102: =I102-L102-M102 -> 0
B103: Employee Related Cost ( Provident Fund and Pension - RA ) | C103: 0 | G103: =E103+F103 -> 0 | I103: =G103+H103 -> 0 | J103: =C103*105.4% -> 0 | K103: =J103*106.5% -> 0 | N103: =I103-L103-M103 -> 0
B104: Employee Related Cost ( Vehicle Allowance ) | C104: 0 | G104: =E104+F104 -> 0 | I104: =G104+H104 -> 0 | J104: =C104*105.4% -> 0 | K104: =J104*106.5% -> 0 | N104: =I104-L104-M104 -> 0
...

Sheet TECHNICAL SERVICES
B1: ='2020 2021 ADJU BUDGET SUMMARY'!J24 -> -58996.246 | C1: ='2020 2021 ADJU BUDGET SUMMARY'!J24 -> -58996.246
A2: 2020/2021 APPROVED ADJUSTED BUDGET (TECHNICAL SERVICES)
A3: ACCOUNT NUMBER | B3: ACCOUNT DESCRIPTION | C3: 2020/2021 Draft Budget | D3: Consultation Changes | E3: 2020/2021 Final Budget | F3: Adjustments | G3: 2020/2021 First Adjusted Budget | H3: Adjustments | I3: 2020/2021 Second Adjusted Budget | J3: 2021/2022 Outer Year One | K3: 2022/2023 Outer Year Two | L3: Total Expenditure as at 31 January 2021 | M3: Pending Amount | N3: Available budget After Adjustment
A5: PUBLIC WORKS
A6: REVENUE
A7: Transfers and Subsidies
A8: D0001/IR02310/F1169/X116/R0106/001/TECH | B8: National Government (Expanded Public Works Programme Integrated Grant) | C8: -1760000 | E8: =C8+D8 -> -1760000 | G8: =E8+F8 -> -1760000 | I8: =G8+H8 -> -1760000 | L8: -1429070.8 | N8: =I8-L8-M8 -> -330929.2
A9: Total Transfers and Subsidies | C9: =SUM(C8:C8) -> -1760000 | D9: =SUM(D8:D8) -> 0 | E9: =SUM(E8:E8) -> -1760000 | F9: =SUM(F8:F8) -> 0 | G9: =SUM(G8:G8) -> -1760000 | H9: =SUM(H8:H8) -> 0 | I9: =SUM(I8:I8) -> -1760000 | J9: =SUM(J8:J8) -> 0 | ... L9: =SUM(L8:L8) -> -1429070.8 | N9: =SUM(N8:N8) -> -330929.2
A11: TOTAL REVENUE | C11: =C9 -> -1760000 | D11: =D9 -> 0 | E11: =E9 -> -1760000 | F11: =F9 -> 0 | G11: =G9 -> -1760000 | H11: =H9 -> 0 | I11: =I9 -> -1760000 | J11: =J9 -> 0 | ... L11: =L9 -> -1429070.8 | N11: =N9 -> -330929.2
G12: =E12+F12 -> 0
A13: General Expenditure | C13: 0 | G13: =E13+F13 -> 0
B14: EPWP | G14: =E14+F14 -> 0
A15: O0001/IE00607/F0041/X116/R0105/001/TECH | B15: EPWP Fuel | C15: 50000 | E15: =C15+D15 -> 50000 | G15: =E15+F15 -> 50000 | H15: -20000 | I15: =G15+H15 -> 30000 | J15: =C15*104.6% -> 52300 | K15: =J15*104.6% -> 54705.8 | L15: -0.09 | M15: 3366 | N15: =I15-L15-M15 -> 26634.09
A16: O0001/IE00550/F0041/X116/R0106/001/TECH | B16: Assets less than the Capitalization Threshold (EPWP) | C16: 0 | E16: =C16+D16 -> 0 | G16: =E16+F16 -> 0 | I16: =G16+H16 -> 0 | J16: =C16*104.6% -> 0 | K16: =J16*104.6% -> 0 | N16: =I16-L16-M16 -> 0
A17: O1279-1/IE00604/F0041/X116/R0106/001/TECH | B17: EPWP Uniform and Protective Clothing | C17: 150000 | E17: =C17+D17 -> 150000 | G17: =E17+F17 -> 150000 | H17: 39700 | I17: =G17+H17 -> 189700 | J17: =C17*104.6% -> 156900 | K17: =J17*104.6% -> 164117.4 | L17: 189700 | N17: =I17-L17-M17 -> 0
B18: Repairs and Maintenance | C18: 0 | E18: =C18+D18 -> 0 | G18: =E18+F18 -> 0 | I18: =G18+H18 -> 0 | J18: =C18*104.6% -> 0 | K18: =J18*104.6% -> 0 | N18: =I18-L18-M18 -> 0
A19: O2817-1/IE00651/F0041/X116/R3711/001/TECH | B19: Repairs and Maintenance (Sport Field in Ward 10) | C19: 200000 | E19: =C19+D19 -> 200000 | G19: =E19+F19 -> 200000 | H19: -200000 | I19: =G19+H19 -> 0 | J19: =C19*104.6% -> 209200 | K19: =J19*104.6% -> 218823.2 | N19: =I19-L19-M19 -> 0
A20: O0968-1/IE00649/F0041/X116/R0106/001/TECH | B20: Repairs and Maintenance (unplanned Maitenance) | C20: 900000 | D20: -300000 | E20: =C20+D20 -> 600000 | G20: =E20+F20 -> 600000 | H20: =400000+100000+43685.86 -> 543685.86 | I20: =G20+H20 -> 1143685.9 | J20: =C20*104.6% -> 941400 | K20: =J20*104.6% -> 984704.4 | L20: 525843.61 | M20: 270077.5 | N20: =I20-L20-M20 -> 347764.75
A21: O3523-2/IE00649/F0041/X116/R0105/001/TECH | B21: Repairs and Maintenance (Bhamshela Renovation) | C21: 400000 | E21: =C21+D21 -> 400000 | G21: =E21+F21 -> 400000 | H21: -180000 | I21: =G21+H21 -> 220000 | J21: =C21*104.6% -> 418400 | K21: =J21*104.6% -> 437646.4 | L21: 0 | N21: =I21-L21-M21 -> 220000
A22: O3259-1/IE00649/F0041/X116/R3702/001/TECH | B22: Repairs and Maintenance (Johnny Makhatini Ward 15) | C22: 750000 | D22: 320000 | E22: =C22+D22 -> 1070000 | G22: =E22+F22 -> 1070000 | H22: -604815 | I22: =G22+H22 -> 465185 | J22: =C22*104.6% -> 784500 | K22: =J22*104.6% -> 820587 | L22: 285185 | N22: =I22-L22-M22 -> 180000
A23: O3259-2/IE00649/F0041/X116/R3696/001/TECH | B23: Repairs and Maintenance (Hall 1 (TBC) | C23: 300000 | D23: -100000 | E23: =C23+D23 -> 200000 | G23: =E23+F23 -> 200000 | H23: -200000 | I23: =G23+H23 -> 0 | J23: =C23*104.6% -> 313800 | K23: =J23*104.6% -> 328234.8 | L23: 0 | N23: =I23-L23-M23 -> 0
A24: O3259-3/IE00649/F0041/X116/R3707/001/TECH | B24: Repairs and Maintenance (Hall 2 (TBC) | C24: 300000 | D24: -100000 | E24: =C24+D24 -> 200000 | G24: =E24+F24 -> 200000 | H24: -200000 | I24: =G24+H24 -> 0 | J24: =C24*104.6% -> 313800 | K24: =J24*104.6% -> 328234.8 | L24: 0 | N24: =I24-L24-M24 -> 0
A25: O3259-4/IE00649/F0041/X116/R3708/001/TECH | B25: Repairs and Maintenance (Hall 3 (TBC) | C25: 300000 | D25: -100000 | E25: =C25+D25 -> 200000 | G25: =E25+F25 -> 200000 | H25: -200000 | I25: =G25+H25 -> 0 | J25: =C25*104.6% -> 313800 | K25: =J25*104.6% -> 328234.8 | L25: 0 | N25: =I25-L25-M25 -> 0
A26: O3259-5/IE00649/F0041/X116/R3709/001/TECH | B26: Repairs and Maintenance (Hall 4 (TBC) | C26: 300000 | D26: -90000 | E26: =C26+D26 -> 210000 | G26: =E26+F26 -> 210000 | H26: -210000 | I26: =G26+H26 -> 0 | J26: =C26*104.6% -> 313800 | K26: =J26*104.6% -> 328234.8 | L26: 0 | N26: =I26-L26-M26 -> 0
A27: O3259-6/IE00649/F0041/X116/R3709/001/TECH | B27: Repairs and Maintenance (Wewe Hall) | D27: 41000 | E27: =C27+D27 -> 41000 | G27: =E27+F27 -> 41000 | H27: -41000 | I27: =G27+H27 -> 0 | L27: 0 | N27: =I27-L27-M27 -> 0
A28: O1565-1/IE00651/F0041/X116/R0106/001/TECH | B28: Repairs and Maintenance (Vehicles) | C28: 850000 | E28: =C28+D28 -> 850000 | G28: =E28+F28 -> 850000 | I28: =G28+H28 -> 850000 | J28: =C28*104.6% -> 889100 | K28: =J28*104.6% -> 929998.6 | L28: 475461.25 | M28: 120610.76 | N28: =I28-L28-M28 -> 253927.99
A29: O0370-1/IE00651/F0041/X116/R0106/001/TECH | B29: Repairs and Maintenance (Road Maintenance) | C29: 1400000 | E29: =C29+D29 -> 1400000 | G29: =E29+F29 -> 1400000 | H29: =2508325.62-239861.65-519150.14 -> 1749313.8 | I29: =G29+H29 -> 3149313.8 | J29: =C29*104.6% -> 1464400 | K29: =J29*104.6% -> 1531762.4 | L29: 3149313.8 | N29: =I29-L29-M29 -> 0
A30: O1116-1/IE00651/F0041/X116/R0106/001/TECH | B30: Repairs and Maintenance (Local Sport facilities Grass Cutting ) | C30: 700000 | E30: =C30+D30 -> 700000 | G30: =E30+F30 -> 700000 | H30: -154498.83 | I30: =G30+H30 -> 545501.17 | J30: =C30*104.6% -> 732200 | K30: =J30*104.6% -> 765881.2 | L30: 236841.93 | M30: 38532.21 | N30: =I30-L30-M30 -> 270127.03
A31: O1264-6/IE00651/F0041/X116/R0106/001/TECH | B31: Roads maintenance Covid 19 Respond | F31: 14000000 | G31: =E31+F31 -> 14000000 | I31: =G31+H31 -> 14000000 | L31: 1849802.4 | N31: =I31-L31-M31 -> 12150198
A33: O0001/IE00584/F0041/X116/R0105/001/TECH | B33: Membership Fees (Membership Fees) | C33: 25000 | E33: =C33+D33 -> 25000 | G33: =E33+F33 -> 25000 | I33: =G33+H33 -> 25000 | J33: =C33*104.6% -> 26150 | K33: =J33*104.6% -> 27352.9 | L33: 2150 | N33: =I33-L33-M33 -> 22850
C34: 0 | E34: =C34+D34 -> 0 | G34: =E34+F34 -> 0 | I34: =G34+H34 -> 0 | J34: =C34*104.6% -> 0 | K34: =J34*104.6% -> 0 | N34: =I34-L34-M34 -> 0
B35: Subsistence and Travelling Allowance | C35: 0 | E35: =C35+D35 -> 0 | G35: =E35+F35 -> 0 | I35: =G35+H35 -> 0 | J35: =C35*104.6% -> 0 | K35: =J35*104.6% -> 0 | N35: =I35-L35-M35 -> 0
A36: O0001/IE00144/F0041/X116/R0105/001/TECH | B36: Subsistence and Travelling Allowance (Own Transport) | C36: 15000 | E36: =C36+D36 -> 15000 | G36: =E36+F36 -> 15000 | I36: =G36+H36 -> 15000 | J36: =C36*104.6% -> 15690 | K36: =J36*104.6% -> 16411.74 | L36: 5266.48 | N36: =I36-L36-M36 -> 9733.52
A37: O0001/IE01581/F0041/X116/R0105/001/TECH | B37: Municipal Running Cost/Air Transport/Equitable Share/Roads/Administrative or Head O/Default/Technical Services | C37: 15000 | E37: =C37+D37 -> 15000 | G37: =E37+F37 -> 15000 | I37: =G37+H37 -> 15000 | J37: =C37*104.6% -> 15690 | K37: =J37*104.6% -> 16411.74 | N37: =I37-L37-M37 -> 15000
A38: O0001/IE00143/F0041/X116/R0105/001/TECH | B38: Subsistence,Travelling & Accommodation (Car hire- without operator) | C38: 10000 | E38: =C38+D38 -> 10000 | G38: =E38+F38 -> 10000 | I38: =G38+H38 -> 10000 | J38: =C38*104.6% -> 10460 | K38: =J38*104.6% -> 10941.16 | N38: =I38-L38-M38 -> 10000
A39: O0001/IE00595/F0041/X116/R0105/001/TECH | B39: Skills Development Levies (Skills Development levies) | H39: 60161.65 | I39: =G39+H39 -> 60161.65 | L39: 28495.17 | N39: =I39-L39-M39 -> 31666.48
E40: =C40+D40 -> 0 | G40: =E40+F40 -> 0 | I40: =G40+H40 -> 0 | N40: =I40-L40-M40 -> 0
A41: O1346-1/IE00847/F0041/X116/R0105/001/TECH | B41: Professional Fees (Infrastructure Assets Maintenance Plan) | C41: 700000 | D41: -700000 | E41: =C41+D41 -> 0 | G41: =E41+F41 -> 0 | I41: =G41+H41 -> 0 | J41: =C41*104.6% -> 732200 | K41: =J41*104.6% -> 765881.2 | N41: =I41-L41-M41 -> 0
A42: O0001/IE00792/F0041/X116/R0105/001/TECH | B42: Software licence | C42: 100000 | E42: =C42+D42 -> 100000 | G42: =E42+F42 -> 100000 | H42: -100000 | I42: =G42+H42 -> 0 | J42: =C42*104.6% -> 104600 | K42: =J42*104.6% -> 109411.6 | N42: =I42-L42-M42 -> 0
A43: O1562-5/IE00650/F0041/X116/R0105/001/TECH | B43: Maintenance of Office Equipment (Small Tools) | C43: 150000 | E43: =C43+D43 -> 150000 | G43: =E43+F43 -> 150000 | H43: -100000 | I43: =G43+H43 -> 50000 | J43: =C43*104.6% -> 156900 | K43: =J43*104.6% -> 164117.4 | L43: 530 | N43: =I43-L43-M43 -> 49470
A44: O0001/IE00604/F0041/X116/R0105/001/TECH | B44: Technical Uniform | C44: 100000 | E44: =C44+D44 -> 100000 | G44: =E44+F44 -> 100000 | I44: =G44+H44 -> 100000 | J44: =C44*104.6% -> 104600 | K44: =J44*104.6% -> 109411.6 | N44: =I44-L44-M44 -> 100000
E45: =C45+D45 -> 0 | G45: =E45+F45 -> 0 | I45: =G45+H45 -> 0 | J45: =C45*104.6% -> 0 | K45: =J45*104.6% -> 0 | N45: =I45-L45-M45 -> 0
A46: Total General Expenditure | C46: =SUM(C15:C45) -> 7715000 | D46: =SUM(D15:D45) -> -1029000 | E46: =SUM(E15:E45) -> 6686000 | F46: =SUM(F15:F45) -> 14000000 | G46: =SUM(G15:G45) -> 20686000 | H46: =SUM(H15:H45) -> 182547.51 | I46: =SUM(I15:I45) -> 20868548 | J46: =SUM(J15:J45) -> 8069890 | ... N46: =SUM(N15:N45) -> 13687371
E47: =C47+D47 -> 0 | G47: =E47+F47 -> 0
A48: Employee Related Cost | E48: =C48+D48 -> 0 | G48: =E48+F48 -> 0
A49: O0001/IE00036/F0041/X116/R0105/001/TECH | B49: Employee Related Cost (Salaries and Allowances) | C49: 5370501.5 | E49: =C49+D49 -> 5370501.5 | G49: =E49+F49 -> 5370501.5 | H49: -295835.7 | I49: =G49+H49 -> 5074665.8 | J49: =C49*104.6% -> 5617544.6 | K49: =J49*104.6% -> 5875951.6 | L49: 2904371.1 | N49: =I49-L49-M49 -> 2170294.7
A50: O0001/IE00036/F0041/X137/R0105/001/TECH | B50: Thumamina salaries EPWP (Salaries and Allowances) | C50: 600000 | E50: =C50+D50 -> 600000 | G50: =E50+F50 -> 600000 | H50: 145000 | I50: =G50+H50 -> 745000 | J50: =C50*104.6% -> 627600 | K50: =J50*104.6% -> 656469.6 | L50: 0 | N50: =I50-L50-M50 -> 745000
A51: O0001/IE00036/F1169/X137/R0105/001/TECH | B51: EPWP staff (Salaries and Allowances) | C51: 1760000 | E51: =C51+D51 -> 1760000 | G51: =E51+F51 -> 1760000 | H51: 0 | I51: =G51+H51 -> 1760000 | J51: =C51*104.6% -> 1840960 | K51: =J51*104.6% -> 1925644.2 | L51: 1414920.8 | N51: =I51-L51-M51 -> 345079.2
A52: O0001/IE00038/F0041/X116/R0105/001/TECH | B52: Employee Related Cost (Bonus) | C52: 295161.61 | E52: =C52+D52 -> 295161.61 | G52: =E52+F52 -> 295161.61 | H52: -11836.455 | I52: =G52+H52 -> 283325.15 | J52: =C52*104.6% -> 308739.04 | K52: =J52*104.6% -> 322941.04 | L52: 283325.15 | N52: =I52-L52-M52 -> 0.0024999999
A53: O0001/IE00040/F0041/X116/R0105/001/TECH | B53: Employee Related Cost (Bargaining Council) | C53: 2236.8 | E53: =C53+D53 -> 2236.8 | G53: =E53+F53 -> 2236.8 | H53: 0 | I53: =G53+H53 -> 2236.8 | J53: =C53*104.6% -> 2339.6928 | K53: =J53*104.6% -> 2447.3187 | L53: 1197.9 | N53: =I53-L53-M53 -> 1038.9
A54: O0001/IE00043/F0041/X116/R0105/001/TECH | B54: Employee Related Cost (Medical Aid) | C54: 254392.2 | E54: =C54+D54 -> 254392.2 | G54: =E54+F54 -> 254392.2 | H54: 77494.68 | I54: =G54+H54 -> 331886.88 | J54: =C54*104.6% -> 266094.24 | K54: =J54*104.6% -> 278334.58 | L54: 159864.24 | N54: =I54-L54-M54 -> 172022.64
A55: O0001/IE00044/F0041/X116/R0105/001/TECH | B55: Employee Related Cost (Provident Fund and Pension - RA) | C55: 887721.01 | E55: =C55+D55 -> 887721.01 | G55: =E55+F55 -> 887721.01 | H55: 60987.338 | I55: =G55+H55 -> 948708.34 | J55: =C55*104.6% -> 928556.17 | K55: =J55*104.6% -> 971269.76 | L55: 484285.21 | N55: =I55-L55-M55 -> 464423.13
A56: O0001/IE00045/F0041/X116/R0105/001/TECH | B56: Employee Related Cost (UIF) | C56: 33656.16 | E56: =C56+D56 -> 33656.16 | G56: =E56+F56 -> 33656.16 | H56: 0 | I56: =G56+H56 -> 33656.16 | J56: =C56*104.6% -> 35204.343 | K56: =J56*104.6% -> 36823.743 | L56: 16968.01 | N56: =I56-L56-M56 -> 16688.15
A57: O0001/IE00045/F0041/X137/R0105/001/TECH | B57: Thumamina salaries EPWP (UIF) | C57: 0 | E57: =C57+D57 -> 0 | G57: =E57+F57 -> 0 | H57: 0 | I57: =G57+H57 -> 0 | J57: =C57*104.6% -> 0 | K57: =J57*104.6% -> 0 | L57: 0 | N57: =I57-L57-M57 -> 0
A58: O0001/IE00045/F1169/X137/R0105/001/TECH | B58: EPWP staff (UIF) | C58: 0 | E58: =C58+D58 -> 0 | G58: =E58+F58 -> 0 | H58: 0 | I58: =G58+H58 -> 0 | J58: =C58*104.6% -> 0 | K58: =J58*104.6% -> 0 | L58: 14152.21 | N58: =I58-L58-M58 -> -14152.21
A59: O0001/IE00110/F0041/X116/R0105/001/TECH | B59: Employee Related Cost (Long Term Service Awards) | C59: 120000 | E59: =C59+D59 -> 120000 | G59: =E59+F59 -> 120000 | H59: -100000 | I59: =G59+H59 -> 20000 | J59: =C59*104.6% -> 125520 | K59: =J59*104.6% -> 131293.92 | L59: 0 | N59: =I59-L59-M59 -> 20000
A60: O0001/IE00126/F0041/X116/R0105/001/TECH | B60: Employee Related Cost (Vehicle Allowance) | C60: 250423.52 | E60: =C60+D60 -> 250423.52 | G60: =E60+F60 -> 250423.52 | H60: 0 | I60: =G60+H60 -> 250423.52 | J60: =C60*104.6% -> 261943 | K60: =J60*104.6% -> 273992.37 | L60: 146080.41 | N60: =I60-L60-M60 -> 104343.11
... A68: O0001/IE06913/F0041/X116/R0105/001/TECH | B68: Employee Related Cost Director Technical Services (Vehicle Allowance) | C68: 195365.04 | E68: =C68+D68 -> 195365.04 | G68: =E68+F68 -> 195365.04 | H68: 8400.72 | I68: =G68+H68 -> 203765.76 | J68: =C68*104.6% -> 204351.83 | K68: =J68*104.6% -> 213752.02 | L68: 118863.36 | N68: =I68-L68-M68 -> 84902.4
A69: Total Employee Related Cost | C69: =SUM(C49:C68) -> 10629767 | D69: =SUM(D49:D68) -> 0 | E69: =SUM(E49:E68) -> 10629767 | F69: =SUM(F49:F68) -> 0 | G69: =SUM(G49:G68) -> 10629767 | H69: =SUM(H49:H68) -> -238672.08 | I69: =SUM(I49:I68) -> 10391095 | J69: =SUM(J49:J68) -> 11118736 | ... N69: =SUM(N49:N68) -> 4394252.8
E70: =C70+D70 -> 0 | G70: =E70+F70 -> 0
A71: Transfers and Subsidies | G71: =E71+F71 -> 0
G72: =E72+F72 -> 0
A73: O1370-9/IE01320/F0041/X116/R0106/001/TECH | B73: Type 2 Electrification (Ward 1-19) | D73: 1950000 | E73: =C73+D73 -> 1950000 | G73: =E73+F73 -> 1950000 | H73: 370000 | I73: =G73+H73 -> 2320000 | L73: 1217123.6 | N73: =I73-L73-M73 -> 1102876.4
A74: O1370-3/IE01320/F0041/X116/R3713/001/TECH | B74: Electrification of Households in Ward 08) Mchathu | D74: 379000 | E74: =C74+D74 -> 379000 | G74: =E74+F74 -> 379000 | H74: 294000 | I74: =G74+H74 -> 673000 | L74: 293705.24 | N74: =I74-L74-M74 -> 379294.76
A75: Total Transfer and Subsidies | C75: =SUM(C73:C74) -> 0 | D75: =SUM(D73:D74) -> 2329000 | E75: =SUM(E73:E74) -> 2329000 | F75: =SUM(F73:F74) -> 0 | G75: =SUM(G73:G74) -> 2329000 | H75: =SUM(H73:H74) -> 664000 | I75: =SUM(I73:I74) -> 2993000 | J75: =SUM(J73:J74) -> 0 | ... N75: =SUM(N73:N74) -> 1482171.2
G76: =E76+F76 -> 0
A77: GRAND TOTAL EXPENDITURE (PUBLIC WORKS) | C77: =C69+C46+C75 -> 18344767 | D77: =D69+D46+D75 -> 1300000 | E77: =E69+E46+E75 -> 19644767 | F77: =F69+F46+F75 -> 14000000 | G77: =G69+G46+G75 -> 33644767 | H77: =H69+H46+H75 -> 607875.43 | I77: =I69+I46+I75 -> 34252642 | J77: =J69+J46+J75 -> 19188626 | ... N77: =N69+N46+N75 -> 19563796
E78: =C78+D78 -> 0 | G78: =E78+F78 -> 0
A79: PROJECT MANAGEMENT UNIT | E79: =C79+D79 -> 0 | G79: =E79+F79 -> 0
E80: =C80+D80 -> 0 | G80: =E80+F80 -> 0
A81: REVENUE | E81: =C81+D81 -> 0 | G81: =E81+F81 -> 0
A82: Transfers and Subsidies | E82: =C82+D82 -> 0 | G82: =E82+F82 -> 0
A83: D0001/IR01671/F0791/X099/R0105/001/TECH | B83: National Government (Municipal Infrastructure Grant) | C83: -29630000 | E83: =C83+D83 -> -29630000 | G83: =E83+F83 -> -29630000 | I83: =G83+H83 -> -29630000 | J83: -31938000 | K83: -33628000 | L83: -14810332 | N83: =I83-L83-M83 -> -14819668
E84: =C84+D84 -> 0 | G84: =E84+F84 -> 0
A85: Total Transfers and Subsidies | C85: =SUM(C83:C84) -> -29630000 | D85: =SUM(D83:D84) -> 0 | E85: =SUM(E83:E84) -> -29630000 | F85: =SUM(F83:F84) -> 0 | G85: =SUM(G83:G84) -> -29630000 | H85: =SUM(H83:H84) -> 0 | I85: =SUM(I83:I84) -> -29630000 | J85: =SUM(J83:J84) -> -31938000 | ... N85: =SUM(N83:N84) -> -14819668
E86: =C86+D86 -> 0 | G86: =E86+F86 -> 0
A87: General Expenditure | E87: =C87+D87 -> 0 | G87: =E87+F87 -> 0
E88: =C88+D88 -> 0 | G88: =E88+F88 -> 0
A89: O0001/IE00059/F0041/X099/R0105/001/TECH | B89: Conferences (Workshop and seminer) | C89: 70000 | E89: =C89+D89 -> 70000 | G89: =E89+F89 -> 70000 | H89: -70000 | I89: =G89+H89 -> 0 | J89: =C89*104.6% -> 73220 | K89: =J89*104.6% -> 76588.12 | N89: =I89-L89-M89 -> 0
A90: O0001/IE00810/F0041/X099/R0105/001/TECH | B90: Membership Fees (Membership Fees) | C90: 30000 | E90: =C90+D90 -> 30000 | G90: =E90+F90 -> 30000 | I90: =G90+H90 -> 30000 | J90: =C90*104.6% -> 31380 | K90: =J90*104.6% -> 32823.48 | N90: =I90-L90-M90 -> 30000
E91: =C91+D91 -> 0 | G91: =E91+F91 -> 0 | I91: =G91+H91 -> 0 | J91: =C91*104.6% -> 0 | K91: =J91*104.6% -> 0 | N91: =I91-L91-M91 -> 0
A92: O1348-1/IE00080/F0041/X099/R0105/001/TECH | B92: Business Plan Development 2021-2022 | C92: 3300000 | D92: -1300000 | E92: =C92+D92 -> 2000000 | G92: =E92+F92 -> 2000000 | H92: -1367011.8 | I92: =G92+H92 -> 632988.21 | J92: =C92*104.6% -> 3451800 | K92: =J92*104.6% -> 3610582.8 | L92: 1651520.1 | N92: =I92-L92-M92 -> -1018531.9
E93: =C93+D93 -> 0 | G93: =E93+F93 -> 0 | I93: =G93+H93 -> 0 | J93: =C93*104.6% -> 0 | K93: =J93*104.6% -> 0 | N93: =I93-L93-M93 -> 0
B94: Subsistence and Travelling Allowance | E94: =C94+D94 -> 0 | G94: =E94+F94 -> 0 | I94: =G94+H94 -> 0 | J94: =C94*104.6% -> 0 | K94: =J94*104.6% -> 0 | N94: =I94-L94-M94 -> 0
A95: O0001/IE00144/F0041/X099/R0105/001/TECH | B95: Subsistence and Travelling Allowance (Own Transport) | C95: 50000 | E95: =C95+D95 -> 50000 | G95: =E95+F95 -> 50000 | I95: =G95+H95 -> 50000 | J95: =C95*104.6% -> 52300 | K95: =J95*104.6% -> 54705.8 | N95: =I95-L95-M95 -> 50000
A96: O0001/IE01581/F0041/X099/R0105/001/TECH | B96: Municipal Running Cost/Air Transport/Equitable Share/Project Management Unit/Administrative or Head O/Default/Technical Services | C96: 10000 | E96: =C96+D96 -> 10000 | G96: =E96+F96 -> 10000 | I96: =G96+H96 -> 10000 | J96: =C96*104.6% -> 10460 | K96: =J96*104.6% -> 10941.16 | N96: =I96-L96-M96 -> 10000
A97: O0001/IE00060/F0041/X099/R0105/001/TECH | B97: Municipal Running Cost/Accommodation/Equitable Share/Project Management Unit/Administrative or Head O/Default/Technical Services | C97: 50000 | E97: =C97+D97 -> 50000 | G97: =E97+F97 -> 50000 | I97: =G97+H97 -> 50000 | J97: =C97*104.6% -> 52300 | K97: =J97*104.6% -> 54705.8 | L97: 45354.5 | N97: =I97-L97-M97 -> 4645.5
A98: O0001/IE00143/F0041/X099/R0105/001/TECH | B98: Subsistence,Travelling & Accommodation (Car hire- without operator) | C98: 20000 | E98: =C98+D98 -> 20000 | G98: =E98+F98 -> 20000 | I98: =G98+H98 -> 20000 | J98: =C98*104.6% -> 20920 | K98: =J98*104.6% -> 21882.32 | N98: =I98-L98-M98 -> 20000
E99: =C99+D99 -> 0 | G99: =E99+F99 -> 0 | I99: =G99+H99 -> 0 | J99: =C99*104.6% -> 0 | K99: =J99*104.6% -> 0 | N99: =I99-L99-M99 -> 0
B100: Project Hand Over, Sol Turning and General project meetings | C100: 0 | E100: =C100+D100 -> 0 | G100: =E100+F100 -> 0 | I100: =G100+H100 -> 0 | J100: =C100*104.6% -> 0 | K100: =J100*104.6% -> 0 | N100: =I100-L100-M100 -> 0
A101: O0001/IE00677/F0041/X099/R0105/001/TECH | B101: Catering | C101: 30000 | E101: =C101+D101 -> 30000 | G101: =E101+F101 -> 30000 | I101: =G101+H101 -> 30000 | J101: =C101*104.6% -> 31380 | K101: =J101*104.6% -> 32823.48 | L101: 3422.07 | N101: =I101-L101-M101 -> 26577.93
E102: =C102+D102 -> 0 | G102: =E102+F102 -> 0 | N102: =I102-L102-M102 -> 0
A103: Total General Expenditure | C103: =SUM(C89:C102) -> 3560000 | D103: =SUM(D89:D102) -> -1300000 | E103: =SUM(E89:E102) -> 2260000 | F103: =SUM(F89:F102) -> 0 | G103: =SUM(G89:G102) -> 2260000 | H103: =SUM(H89:H102) -> -1437011.8 | I103: =SUM(I89:I102) -> 822988.21 | J103: =SUM(J89:J102) -> 3723760 | ... N103: =SUM(N89:N102) -> -877308.45
E104: =C104+D104 -> 0 | G104: =E104+F104 -> 0
A105: Employee Related Cost | E105: =C105+D105 -> 0 | G105: =E105+F105 -> 0
B106: Employee Related Cost ( Housing Subsidy ) | E106: =C106+D106 -> 0 | G106: =E106+F106 -> 0 | I106: =G106+H106 -> 0 | J106: =C106*104.6% -> 0 | K106: =J106*104.6% -> 0 | N106: =I106-L106-M106 -> 0
B107: Employee Related Cost ( Provident Fund and Pension - RA ) | E107: =C107+D107 -> 0 | G107: =E107+F107 -> 0 | I107: =G107+H107 -> 0 | J107: =C107*104.6% -> 0 | K107: =J107*104.6% -> 0 | N107: =I107-L107-M107 -> 0
B108: Employee Related Cost ( Vehicle Allowance ) | E108: =C108+D108 -> 0 | G108: =E108+F108 -> 0 | I108: =G108+H108 -> 0 | J108: =C108*104.6% -> 0 | K108: =J108*104.6% -> 0 | N108: =I108-L108-M108 -> 0
B109: Employee Related Cost (Bargaining Council) | E109: =C109+D109 -> 0 | G109: =E109+F109 -> 0 | I109: =G109+H109 -> 0 | J109: =C109*104.6% -> 0 | K109: =J109*104.6% -> 0 | N109: =I109-L109-M109 -> 0
B110: Employee Related Cost (BONUS ) | E110: =C110+D110 -> 0 | G110: =E110+F110 -> 0 | I110: =G110+H110 -> 0 | J110: =C110*104.6% -> 0 | K110: =J110*104.6% -> 0 | N110: =I110-L110-M110 -> 0
...

Sheet 2020 2021 ADJU BUDGET SUMMARY
A1: 2020/2021 APPROVED ADJUSTED BUDGET SUMMARY
A2: DESCRIPTION | C2: FINANCE | D2: MUNICIPAL MANAGER | E2: CORPORATE SERVICES | F2: COMMUNITY SERVICES | G2: EDP | H2: EXECUTIVE COUNCIL | I2: TECHNICAL SERVICES | J2: TOTAL
A4: Revenue By Source
A5: Property rates | B5: =FINANCE!#REF! -> #REF! | C5: =FINANCE!I47 -> -18988935 | J5: =SUM(C5:I5) -> -18988935
A6: Services Charges | F6: ='COMMUNITY SERVICES'!I136 -> -33478.3 | J6: =SUM(C6:I6) -> -33478.3
A7: Rental of facilities and equipment | B7: =FINANCE!#REF! -> #REF! | C7: =FINANCE!I25 -> -512954.52 | J7: =SUM(C7:I7) -> -512954.52
A8: Interest earned - external investments | B8: =FINANCE!#REF! -> #REF! | C8: =FINANCE!I8 -> -6000000 | J8: =SUM(C8:I8) -> -6000000
A9: Interest earned - outstanding debtors | B9: =FINANCE!#REF! -> #REF! | C9: =FINANCE!I9 -> -870926.24 | J9: =SUM(C9:I9) -> -870926.24
A10: Licences and permits | B10: =FINANCE!#REF! -> #REF! | C10: =FINANCE!I14 -> -1500 | J10: =SUM(C10:I10) -> -1500
A11: Transfers and subsidies | B11: =FINANCE!#REF! -> #REF! | C11: =FINANCE!I52 -> -161024000 | D11: ='MUNICIPAL MANAGER'!I10+'MUNICIPAL MANAGER'!I304 -> -500000 | F11: ='COMMUNITY SERVICES'!I13+'COMMUNITY SERVICES'!I164 -> -32338000 | I11: ='TECHNICAL SERVICES'!I9 -> -1760000 | J11: =SUM(C11:I11) -> -195622000
A12: Other revenue | B12: =FINANCE!#REF!+FINANCE!#REF! -> #REF! | C12: =FINANCE!I20+FINANCE!I33 -> -1158000 | J12: =SUM(C12:I12) -> -1158000
A13: TOTAL REVENUE | B13: =SUM(B5:B12) -> #REF! | C13: =SUM(C5:C12) -> -1.8855632e+08 | D13: =SUM(D5:D12) -> -500000 | E13: =SUM(E5:E12) -> 0 | F13: =SUM(F5:F12) -> -32371478 | G13: =SUM(G5:G12) -> 0 | H13: =SUM(H5:H12) -> 0 | I13: =SUM(I5:I12) -> -1760000 | J13: =SUM(J5:J12) -> -2.2318779e+08
A15: Expenditure By Type
A16: Employee related costs | B16: =FINANCE!#REF! -> #REF! | C16: =FINANCE!I123 -> 12919658 | D16: ='MUNICIPAL MANAGER'!I358 -> 11874437 | E16: ='CORPORATE SERVICES'!I67+'CORPORATE SERVICES'!I104+'CORPORATE SERVICES'!I164+'CORPORATE SERVICES'!I188 -> 14168515 | F16: ='COMMUNITY SERVICES'!I35+'COMMUNITY SERVICES'!I125+'COMMUNITY SERVICES'!I155+'COMMUNITY SERVICES'!I224+'COMMUNITY SERVICES'!I185 -> 8253148.6 | G16: =EDP!I81+EDP!I111 -> 6059768.5 | I16: ='TECHNICAL SERVICES'!I115+'TECHNICAL SERVICES'!I69 -> 10391095 | J16: =SUM(C16:I16) -> 63666622
A17: Remuneration of councillors | H17: ='EXECUTIVE COUNCIL'!I41 -> 16246710 | J17: =SUM(C17:I17) -> 16246710
A18: Depreciation & asset impairment | B18: =FINANCE!#REF! -> #REF! | C18: =FINANCE!I68 -> 22708673 | J18: =SUM(C18:I18) -> 22708673
A19: Other expenditure | B19: =FINANCE!#REF!+FINANCE!#REF! -> #REF! | C19: =FINANCE!I138+FINANCE!I101 -> 14137566 | D19: ='MUNICIPAL MANAGER'!I339+'MUNICIPAL MANAGER'!I282+'MUNICIPAL MANAGER'!I242+'MUNICIPAL MANAGER'!I158+'MUNICIPAL MANAGER'!I26 -> 26206391 | E19: ='CORPORATE SERVICES'!I48+'CORPORATE SERVICES'!I91+'CORPORATE SERVICES'!I151+'CORPORATE SERVICES'!I175 -> 27617362 | F19: ='COMMUNITY SERVICES'!I22+'COMMUNITY SERVICES'!I113+'COMMUNITY SERVICES'!I142+'COMMUNITY SERVICES'!I172+'COMMUNITY SERVICES'!I204 -> 10564127 | G19: =EDP!I62+EDP!I99 -> 13411511 | H19: ='EXECUTIVE COUNCIL'!I18 -> 2152047.4 | I19: ='TECHNICAL SERVICES'!I46+'TECHNICAL SERVICES'!I103 -> 21691536 | J19: =SUM(C19:I19) -> 1.1578054e+08
A20: Transfers and Subsidies | C20: =FINANCE!I127 -> 733253.82 | E20: ='CORPORATE SERVICES'!I71 -> 1000000 | F20: 0 | I20: ='TECHNICAL SERVICES'!I75 -> 2993000 | J20: =SUM(C20:I20) -> 4726253.8
A21: Loss on disposal of PPE | J21: =SUM(C21:I21) -> 0
A22: TOTAL EXPENDITURE | C22: =SUM(C16:C21) -> 50499150 | D22: =SUM(D16:D21) -> 38080829 | E22: =SUM(E16:E21) -> 42785876 | F22: =SUM(F16:F21) -> 18817276 | G22: =SUM(G16:G21) -> 19471280 | H22: =SUM(H16:H21) -> 18398757 | I22: =SUM(I16:I21) -> 35075631 | J22: =SUM(J16:J21) -> 2.231288e+08 | L22: 88396215 | M22: =L22+J22-J17-2500000 -> 2.927783e+08
L23: =J26+J13 -> -2.5281779e+08
A24: (Surplus)/Deficit | C24: =C22+C13 -> -1.3805717e+08 | D24: =D22+D13 -> 37580829 | E24: =E22+E13 -> 42785876 | F24: =F22+F13 -> -13554203 | G24: =G22+G13 -> 19471280 | H24: =H22+H13 -> 18398757 | I24: =I22+I13 -> 33315631 | J24: =J22+J13 -> -58996.246
A26: Transfers and subsidies - capital | I26: ='TECHNICAL SERVICES'!I85 -> -29630000 | J26: =SUM(C26:I26) -> -29630000
A28: Surplus/(Deficit) for the year | C28: =C24+C26 -> -1.3805717e+08 | D28: =D24+D26 -> 37580829 | E28: =E24+E26 -> 42785876 | F28: =F24+F26 -> -13554203 | G28: =G24+G26 -> 19471280 | H28: =H24+H26 -> 18398757 | I28: =I24+I26 -> 3685630.7 | J28: =J24+J26 -> -29688996
J30: 58996.246
I31: 58996.246
J32: =J24+J30 -> 2.9802322e-08

Sheet 2021 2022  OUTER ONE SUMMARY
A1: 2021/2022 OUTER YEAR ONE SUMMARY
A2: DESCRIPTION | B2: FINANCE | C2: MUNICIPAL MANAGER | D2: CORPORATE SERVICES | E2: COMMUNITY SERVICES | F2: EDP | G2: EXECUTIVE COUNCIL | H2: TECHNICAL SERVICES | I2: TOTAL
A4: Revenue By Source
A5: Property rates | B5: =FINANCE!J47 -> -19862426 | I5: =SUM(B5:H5) -> -19862426
A6: Services Charges | E6: ='COMMUNITY SERVICES'!J136 -> -104600 | I6: =SUM(B6:H6) -> -104600
A7: Rental of facilities and equipment | B7: =FINANCE!J25 -> -632830 | I7: =SUM(B7:H7) -> -632830
A8: Interest earned - external investments | B8: =FINANCE!J8 -> -11506000 | I8: =SUM(B8:H8) -> -11506000
A9: Interest earned - outstanding debtors | B9: =FINANCE!J9 -> -836800 | I9: =SUM(B9:H9) -> -836800
A10: Fines, penalties and forfeits | I10: =SUM(B10:H10) -> 0
A11: Licences and permits | B11: =FINANCE!J14 -> -1046 | I11: =SUM(B11:H11) -> -1046
A12: Transfers and subsidies | B12: =FINANCE!J52 -> -172950000 | C12: ='MUNICIPAL MANAGER'!J10+'MUNICIPAL MANAGER'!J304 -> -500000 | E12: ='COMMUNITY SERVICES'!J13 -> -1910000 | I12: =SUM(B12:H12) -> -175360000
A13: Other revenue | B13: =FINANCE!J20+FINANCE!J33 -> -583668 | I13: =SUM(B13:H13) -> -583668
A14: Gains on disposal of PPE | I14: =SUM(B14:H14) -> 0
A15: TOTAL REVENUE | B15: =SUM(B5:B14) -> -2.0637277e+08 | C15: =SUM(C5:C14) -> -500000 | D15: =SUM(D5:D14) -> 0 | E15: =SUM(E5:E14) -> -2014600 | F15: =SUM(F5:F14) -> 0 | G15: =SUM(G5:G14) -> 0 | H15: =SUM(H5:H14) -> 0 | I15: =SUM(I5:I14) -> -2.0888737e+08
A17: Expenditure By Type
A18: Employee related costs | B18: =FINANCE!J123 -> 13531728 | C18: ='MUNICIPAL MANAGER'!J358 -> 11600118 | D18: ='CORPORATE SERVICES'!J67 -> 15067661 | E18: ='COMMUNITY SERVICES'!J35+'COMMUNITY SERVICES'!J125+'COMMUNITY SERVICES'!J155+'COMMUNITY SERVICES'!J224 -> 11443849 | F18: =EDP!J81 -> 6538966.1 | H18: ='TECHNICAL SERVICES'!J69+'TECHNICAL SERVICES'!J115 -> 11118736 | I18: =SUM(B18:H18) -> 69301057 | K18: =I18+I19 -> 86295116
A19: Remuneration of councillors | G19: ='EXECUTIVE COUNCIL'!J41 -> 16994058 | I19: =SUM(B19:H19) -> 16994058 | K19: =K18/I26 -> 0.41979755
A20: Depreciation & asset impairment | B20: =FINANCE!J68 -> 22876250 | I20: =SUM(B20:H20) -> 22876250
A21: Finance charges | I21: =SUM(B21:H21) -> 0
A22: Bulk purchases | I22: =SUM(B22:H22) -> 0
A23: Other expenditure | B23: =FINANCE!J138+FINANCE!J101 -> 13924944 | C23: ='MUNICIPAL MANAGER'!J339+'MUNICIPAL MANAGER'!J282+'MUNICIPAL MANAGER'!J242+'MUNICIPAL MANAGER'!J158+'MUNICIPAL MANAGER'!J26 -> 21284702 | D23: ='CORPORATE SERVICES'!J48+'CORPORATE SERVICES'!J91+'CORPORATE SERVICES'!J151+'CORPORATE SERVICES'!J175 -> 27118371 | E23: ='COMMUNITY SERVICES'!J204+'COMMUNITY SERVICES'!J172+'COMMUNITY SERVICES'!J142+'COMMUNITY SERVICES'!J113+'COMMUNITY SERVICES'!J22 -> 7722403.6 | F23: =EDP!J62+EDP!J99 -> 9809833.1 | G23: ='EXECUTIVE COUNCIL'!J18 -> 3378580 | H23: ='TECHNICAL SERVICES'!J46+'TECHNICAL SERVICES'!J103 -> 11793650 | I23: =SUM(B23:H23) -> 95032484
A24: Transfers and Subsidies | B24: =FINANCE!J127 -> 679900 | D24: ='CORPORATE SERVICES'!J71 -> 679900 | I24: =SUM(B24:H24) -> 1359800
A25: Loss on disposal of PPE | I25: =SUM(B25:H25) -> 0
A26: TOTAL EXPENDITURE | B26: =SUM(B18:B25) -> 51012822 | C26: =SUM(C18:C25) -> 32884820 | D26: =SUM(D18:D25) -> 42865932 | E26: =SUM(E18:E25) -> 19166252 | F26: =SUM(F18:F25) -> 16348799 | G26: =SUM(G18:G25) -> 20372638 | H26: =SUM(H18:H25) -> 22912386 | I26: =SUM(I18:I25) -> 2.0556365e+08
A28: (Surplus)/Deficit | B28: =B26+B15 -> -1.5535995e+08 | C28: =C26+C15 -> 32384820 | D28: =D26+D15 -> 42865932 | E28: =E26+E15 -> 17151652 | F28: =F26+F15 -> 16348799 | G28: =G26+G15 -> 20372638 | H28: =H26+H15 -> 22912386 | I28: =I26+I15 -> -3323720.6
A30: Transfers and subsidies - capital | H30: ='TECHNICAL SERVICES'!J85 -> -31938000 | I30: =SUM(B30:H30) -> -31938000
A32: Surplus/(Deficit) for the year | B32: =B28+B30 -> -1.5535995e+08 | C32: =C28+C30 -> 32384820 | D32: =D28+D30 -> 42865932 | E32: =E28+E30 -> 17151652 | F32: =F28+F30 -> 16348799 | G32: =G28+G30 -> 20372638 | H32: =H28+H30 -> -9025613.7 | I32: =I28+I30 -> -35261721

Sheet 2022 2023 OUTER TWO SUMMARY
A1: 2022/2023 OUTER YEAR TWO SUMMARY
A2: DESCRIPTION | B2: FINANCE | C2: MUNICIPAL MANAGER | D2: CORPORATE SERVICES | E2: COMMUNITY SERVICES | F2: EDP | G2: EXECUTIVE COUNCIL | H2: TECHNICAL SERVICES | I2: TOTAL
A4: Revenue By Source
A5: Property rates | B5: =FINANCE!K47 -> -20776098 | I5: =SUM(B5:H5) -> -20776098
A6: Service Charges | E6: ='COMMUNITY SERVICES'!K136 -> -109411.6 | I6: =SUM(B6:H6) -> -109411.6
A7: Rental of facilities and equipment | B7: =FINANCE!K25 -> -661940.18 | I7: =SUM(B7:H7) -> -661940.18
A8: Interest earned - external investments | B8: =FINANCE!K8 -> -12035276 | I8: =SUM(B8:H8) -> -12035276
A9: Interest earned - outstanding debtors | B9: =FINANCE!K9 -> -875292.8 | I9: =SUM(B9:H9) -> -875292.8
A10: Licences and permits | B10: =FINANCE!K14 -> -1094.116 | I10: =SUM(B10:H10) -> -1094.116
A11: Transfers and subsidies | B11: =FINANCE!K52 -> -182968000 | E11: ='COMMUNITY SERVICES'!K13 -> -2004000 | I11: =SUM(B11:H11) -> -184972000
A12: Other revenue | B12: =FINANCE!K20+FINANCE!K33 -> -610516.73 | I12: =SUM(B12:H12) -> -610516.73
A13: TOTAL REVENUE | B13: =SUM(B5:B12) -> -2.1792822e+08 | C13: =SUM(C5:C12) -> 0 | D13: =SUM(D5:D12) -> 0 | E13: =SUM(E5:E12) -> -2113411.6 | F13: =SUM(F5:F12) -> 0 | G13: =SUM(G5:G12) -> 0 | H13: =SUM(H5:H12) -> 0 | I13: =SUM(I5:I12) -> -2.2004163e+08
A15: Expenditure By Type
A16: Employee related costs | B16: =FINANCE!K123 -> 14154187 | C16: ='MUNICIPAL MANAGER'!K358 -> 12133723 | D16: ='CORPORATE SERVICES'!K67 -> 15760773 | E16: ='COMMUNITY SERVICES'!K35+'COMMUNITY SERVICES'!K125+'COMMUNITY SERVICES'!K155+'COMMUNITY SERVICES'!K224 -> 11974346 | F16: =EDP!K81 -> 6963998.9 | H16: ='TECHNICAL SERVICES'!K115+'TECHNICAL SERVICES'!K69 -> 11630198 | I16: =SUM(B16:H16) -> 72617227
A17: Remuneration of councillors | G17: ='EXECUTIVE COUNCIL'!K41 -> 17775785 | I17: =SUM(B17:H17) -> 17775785
A18: Depreciation & asset impairment | B18: =FINANCE!K68 -> 23870161 | I18: =SUM(B18:H18) -> 23870161
A19: Finance charges | I19: =SUM(B19:H19) -> 0
A20: Bulk purchases | I20: =SUM(B20:H20) -> 0
A21: Transfers and Subsidies | B21: =FINANCE!K127 -> 711175.4 | D21: ='CORPORATE SERVICES'!K71 -> 711175.4 | I21: =SUM(B21:H21) -> 1422350.8
A22: Other expenditure | B22: =FINANCE!K101+FINANCE!K138 -> 14565491 | C22: ='MUNICIPAL MANAGER'!K26+'MUNICIPAL MANAGER'!K158+'MUNICIPAL MANAGER'!K242+'MUNICIPAL MANAGER'!K282+'MUNICIPAL MANAGER'!K339 -> 21740798 | D22: ='CORPORATE SERVICES'!K48+'CORPORATE SERVICES'!K91+'CORPORATE SERVICES'!K151+'CORPORATE SERVICES'!K175 -> 28365816 | E22: ='COMMUNITY SERVICES'!K22+'COMMUNITY SERVICES'!K113+'COMMUNITY SERVICES'!K142+'COMMUNITY SERVICES'!K204+'COMMUNITY SERVICES'!K172 -> 8077778.4 | F22: =EDP!K62+EDP!K99 -> 10324939 | G22: ='EXECUTIVE COUNCIL'!K18 -> 3533994.7 | H22: ='TECHNICAL SERVICES'!K46+'TECHNICAL SERVICES'!K103 -> 12336158 | I22: =SUM(B22:H22) -> 98944975
A23: Loss on disposal of PPE | I23: =SUM(B23:H23) -> 0
A24: TOTAL EXPENDITURE | B24: =SUM(B16:B23) -> 53301015 | C24: =SUM(C16:C23) -> 33874522 | D24: =SUM(D16:D23) -> 44837765 | E24: =SUM(E16:E23) -> 20052124 | F24: =SUM(F16:F23) -> 17288938 | G24: =SUM(G16:G23) -> 21309780 | H24: =SUM(H16:H23) -> 23966356 | I24: =SUM(I16:I23) -> 2.146305e+08
A26: (Surplus)/Deficit | B26: =B24+B13 -> -1.646272e+08 | C26: =C24+C13 -> 33874522 | D26: =D24+D13 -> 44837765 | E26: =E24+E13 -> 17938713 | F26: =F24+F13 -> 17288938 | G26: =G24+G13 -> 21309780 | H26: =H24+H13 -> 23966356 | I26: =I24+I13 -> -5411130.2
A28: Transfers and subsidies - capital | H28: ='TECHNICAL SERVICES'!K85 -> -33628000 | I28: =SUM(B28:H28) -> -33628000
A30: Surplus/(Deficit) for the year | B30: =B26+B28 -> -1.646272e+08 | C30: =C26+C28 -> 33874522 | D30: =D26+D28 -> 44837765 | E30: =E26+E28 -> 17938713 | F30: =F26+F28 -> 17288938 | G30: =G26+G28 -> 21309780 | H30: =H26+H28 -> -9661643.9 | I30: =I26+I28 -> -39039130
